Workbook

Sheet １号様式(交付申請)
B1: 別記第１号様式
X3: 令和 | AB3: 年 月 日
C6: 東京都知事 殿
N8: 主たる事務所の所在地
N10: 法人名
N11: 代表者職氏名 | AH11: 印
G14: 令和５年度障害者施設等物価高騰対策支援金交付申請書兼実績報告書
C17: 標記の支援金について、下記のとおり申請します。
S19: 記
C21: １ | E21: 申請額 金 | O21: =IFERROR(SUM('別紙1 実績調書'!91:91),"") -> 0 | X21: 円
C24: ２ | E24: 添付書類
E25: 別紙１ 実績調書
E26: 別紙２ 補助対象に使用した費用の総額表
E27: 別紙３ 他の補助金等の受給状況 | V27: 等
C35: 連絡先 | H35: 担当部署
H36: 担当者
H37: 電 話
H38: e-mail

Sheet 別紙1 実績調書
B1: 別紙1 | Q1: 別紙1-2 | AF1: 別紙1-3 | AU1: 別紙1-4 | BJ1: 別紙1-5 | BY1: 別紙1-6 | CN1: 別紙1-7 | DC1: 別紙1-8 | DR1: 別紙1-9 | EG1: 別紙1-10 | EV1: 別紙1-11 | FK1: 別紙1-12 | FZ1: 別紙1-13 | GO1: 別紙1-14 | HD1: 別紙1-15
L2: 法人名 | M2: =IFERROR('１号様式(交付申請)'!$R$10,"") -> 0 | AA2: 法人名 | AB2: =IFERROR('１号様式(交付申請)'!$R$10,"") -> 0 | AP2: 法人名 | AQ2: =IFERROR('１号様式(交付申請)'!$R$10,"") -> 0 | BE2: 法人名 | BF2: =IFERROR('１号様式(交付申請)'!$R$10,"") -> 0 | BT2: 法人名 | BU2: =IFERROR('１号様式(交付申請)'!$R$10,"") -> 0 | CI2: 法人名 | CJ2: =IFERROR('１号様式(交付申請)'!$R$10,"") -> 0 | CX2: 法人名 | CY2: =IFERROR('１号様式(交付申請)'!$R$10,"") -> 0 | DM2: 法人名 | DN2: =IFERROR('１号様式(交付申請)'!$R$10,"") -> 0 | EB2: 法人名 | EC2: =IFERROR('１号様式(交付申請)'!$R$10,"") -> 0 | EQ2: 法人名 | ER2: =IFERROR('１号様式(交付申請)'!$R$10,"") -> 0 | FF2: 法人名 | FG2: =IFERROR('１号様式(交付申請)'!$R$10,"") -> 0 | FU2: 法人名 | FV2: =IFERROR('１号様式(交付申請)'!$R$10,"") -> 0 | GJ2: 法人名 | GK2: =IFERROR('１号様式(交付申請)'!$R$10,"") -> 0 | GY2: 法人名 | GZ2: =IFERROR('１号様式(交付申請)'!$R$10,"") -> 0 | HN2: 法人名 | HO2: =IFERROR('１号様式(交付申請)'!$R$10,"") -> 0
K3: 施設等の名称 | Z3: 施設等の名称 | AO3: 施設等の名称 | BD3: 施設等の名称 | BS3: 施設等の名称 | CH3: 施設等の名称 | CW3: 施設等の名称 | DL3: 施設等の名称 | EA3: 施設等の名称 | EP3: 施設等の名称 | FE3: 施設等の名称 | FT3: 施設等の名称 | GI3: 施設等の名称 | GX3: 施設等の名称 | HM3: 施設等の名称
L4: 施設種別 | AA4: 施設種別 | AP4: 施設種別 | BE4: 施設種別 | BT4: 施設種別 | CI4: 施設種別 | CX4: 施設種別 | DM4: 施設種別 | EB4: 施設種別 | EQ4: 施設種別 | FF4: 施設種別 | FU4: 施設種別 | GJ4: 施設種別 | GY4: 施設種別 | HN4: 施設種別
L5: 事業者番号 | AA5: 事業者番号 | AP5: 事業者番号 | BE5: 事業者番号 | BT5: 事業者番号 | CI5: 事業者番号 | CX5: 事業者番号 | DM5: 事業者番号 | EB5: 事業者番号 | EQ5: 事業者番号 | FF5: 事業者番号 | FU5: 事業者番号 | GJ5: 事業者番号 | GY5: 事業者番号 | HN5: 事業者番号
F6: 実績調書 | U6: 実績調書 | AJ6: 実績調書 | AY6: 実績調書 | BN6: 実績調書 | CC6: 実績調書 | CR6: 実績調書 | DG6: 実績調書 | DV6: 実績調書 | EK6: 実績調書 | EZ6: 実績調書 | FO6: 実績調書 | GD6: 実績調書 | GS6: 実績調書 | HH6: 実績調書
N8: （円） | AC8: （円） | AR8: （円） | BG8: （円） | BV8: （円） | CK8: （円） | CZ8: （円） | DO8: （円） | ED8: （円） | ES8: （円） | FH8: （円） | FW8: （円） | GL8: （円） | HA8: （円） | HP8: （円）
C9: （A）基準額 | E9: （B）基準額 （別紙3における重複分相当額を減じた額） | G9: （C）補助対象に使用した費用 | I9: （D）補助対象に使用した費用 （別紙3における重複分相当額を減じた額） | K9: （E）補助率 | M9: （F）積算額 | R9: （A）基準額 | T9: （B）基準額 （別紙3における重複分相当額を減じた額） | V9: （C）補助対象に使用した費用 | X9: （D）補助対象に使用した費用 （別紙3における重複分相当額を減じた額） | Z9: （E）補助率 | AB9: （F）積算額 | AG9: （A）基準額 | AI9: （B）基準額 （別紙3における重複分相当額を減じた額） | AK9: （C）補助対象に使用した費用 | AM9: （D）補助対象に使用した費用 （別紙3における重複分相当額を減じた額） | AO9: （E）補助率 | AQ9: （F）積算額 | AV9: （A）基準額 | AX9: （B）基準額 （別紙3における重複分相当額を減じた額） | AZ9: （C）補助対象に使用した費用 | BB9: （D）補助対象に使用した費用 （別紙3における重複分相当額を減じた額） | BD9: （E）補助率 | BF9: （F）積算額 | BK9: （A）基準額 | BM9: （B）基準額 （別紙3における重複分相当額を減じた額） | BO9: （C）補助対象に使用した費用 | BQ9: （D）補助対象に使用した費用 （別紙3における重複分相当額を減じた額） | BS9: （E）補助率 | BU9: （F）積算額 | BZ9: （A）基準額 | CB9: （B）基準額 （別紙3における重複分相当額を減じた額） | CD9: （C）補助対象に使用した費用 | CF9: （D）補助対象に使用した費用 （別紙3における重複分相当額を減じた額） | CH9: （E）補助率 | CJ9: （F）積算額 | CO9: （A）基準額 | CQ9: （B）基準額 （別紙3における重複分相当額を減じた額） | CS9: （C）補助対象に使用した費用 | CU9: （D）補助対象に使用した費用 （別紙3における重複分相当額を減じた額） | CW9: （E）補助率 | CY9: （F）積算額 | DD9: （A）基準額 | DF9: （B）基準額 （別紙3における重複分相当額を減じた額） | DH9: （C）補助対象に使用した費用 | DJ9: （D）補助対象に使用した費用 （別紙3における重複分相当額を減じた額） | DL9: （E）補助率 | DN9: （F）積算額 | DS9: （A）基準額 | DU9: （B）基準額 （別紙3における重複分相当額を減じた額） | DW9: （C）補助対象に使用した費用 | DY9: （D）補助対象に使用した費用 （別紙3における重複分相当額を減じた額） | EA9: （E）補助率 | EC9: （F）積算額 | EH9: （A）基準額 | EJ9: （B）基準額 （別紙3における重複分相当額を減じた額） | EL9: （C）補助対象に使用した費用 | EN9: （D）補助対象に使用した費用 （別紙3における重複分相当額を減じた額） | EP9: （E）補助率 | ER9: （F）積算額 | EW9: （A）基準額 | EY9: （B）基準額 （別紙3における重複分相当額を減じた額） | FA9: （C）補助対象に使用した費用 | FC9: （D）補助対象に使用した費用 （別紙3における重複分相当額を減じた額） | FE9: （E）補助率 | FG9: （F）積算額 | FL9: （A）基準額 | FN9: （B）基準額 （別紙3における重複分相当額を減じた額） | FP9: （C）補助対象に使用した費用 | FR9: （D）補助対象に使用した費用 （別紙3における重複分相当額を減じた額） | FT9: （E）補助率 | FV9: （F）積算額 | GA9: （A）基準額 | GC9: （B）基準額 （別紙3における重複分相当額を減じた額） | GE9: （C）補助対象に使用した費用 | GG9: （D）補助対象に使用した費用 （別紙3における重複分相当額を減じた額） | GI9: （E）補助率 | GK9: （F）積算額 | GP9: （A）基準額 | GR9: （B）基準額 （別紙3における重複分相当額を減じた額） | GT9: （C）補助対象に使用した費用 | GV9: （D）補助対象に使用した費用 （別紙3における重複分相当額を減じた額） | GX9: （E）補助率 | GZ9: （F）積算額 | HE9: （A）基準額 | HG9: （B）基準額 （別紙3における重複分相当額を減じた額） | HI9: （C）補助対象に使用した費用 | HK9: （D）補助対象に使用した費用 （別紙3における重複分相当額を減じた額） | HM9: （E）補助率 | HO9: （F）積算額
C10: =IFERROR(VLOOKUP(I63,'別紙1 実績調書'!C$36:D$61,2,FALSE),"") | E10: =IFERROR(C10-'別紙3 受給状況'!G22,"") | G10: ='別紙2 使用経費'!B19 -> 0 | I10: =G10-'別紙3 受給状況'!G22 -> 0 | K10: 1 | M10: =MIN(E10,I10)*K10 -> 0 | R10: =IFERROR(VLOOKUP(X63,'別紙1 実績調書'!R$36:S$61,2,FALSE),"") | T10: =IFERROR(R10-'別紙3 受給状況'!V22,"") | V10: ='別紙2 使用経費'!Q19 -> 0 | X10: =V10-'別紙3 受給状況'!V22 -> 0 | Z10: 1 | AB10: =MIN(T10,X10)*Z10 -> 0 | AG10: =IFERROR(VLOOKUP(AM63,'別紙1 実績調書'!AG$36:AH$61,2,FALSE),"") | AI10: =IFERROR(AG10-'別紙3 受給状況'!AK22,"") | AK10: ='別紙2 使用経費'!AF19 -> 0 | AM10: =AK10-'別紙3 受給状況'!AK22 -> 0 | AO10: 1 | AQ10: =MIN(AI10,AM10)*AO10 -> 0 | AV10: =IFERROR(VLOOKUP(BB63,'別紙1 実績調書'!AV$36:AW$61,2,FALSE),"") | AX10: =IFERROR(AV10-'別紙3 受給状況'!AZ22,"") | AZ10: ='別紙2 使用経費'!AU19 -> 0 | BB10: =AZ10-'別紙3 受給状況'!AZ22 -> 0 | BD10: 1 | BF10: =MIN(AX10,BB10)*BD10 -> 0 | BK10: =IFERROR(VLOOKUP(BQ63,'別紙1 実績調書'!BK$36:BL$61,2,FALSE),"") | BM10: =IFERROR(BK10-'別紙3 受給状況'!BO22,"") | BO10: ='別紙2 使用経費'!BJ19 -> 0 | BQ10: =BO10-'別紙3 受給状況'!BO22 -> 0 | BS10: 1 | BU10: =MIN(BM10,BQ10)*BS10 -> 0 | BZ10: =IFERROR(VLOOKUP(CF63,'別紙1 実績調書'!BZ$36:CA$61,2,FALSE),"") | CB10: =IFERROR(BZ10-'別紙3 受給状況'!CD22,"") | CD10: ='別紙2 使用経費'!BY19 -> 0 | CF10: =CD10-'別紙3 受給状況'!CD22 -> 0 | CH10: 1 | CJ10: =MIN(CB10,CF10)*CH10 -> 0 | CO10: =IFERROR(VLOOKUP(CU63,'別紙1 実績調書'!CO$36:CP$61,2,FALSE),"") | CQ10: =IFERROR(CO10-'別紙3 受給状況'!CS22,"") | CS10: ='別紙2 使用経費'!CN19 -> 0 | CU10: =CS10-'別紙3 受給状況'!CS22 -> 0 | CW10: 1 | CY10: =MIN(CQ10,CU10)*CW10 -> 0 | DD10: =IFERROR(VLOOKUP(DJ63,'別紙1 実績調書'!DD$36:DE$61,2,FALSE),"") | DF10: =IFERROR(DD10-'別紙3 受給状況'!DH22,"") | DH10: ='別紙2 使用経費'!DC19 -> 0 | DJ10: =DH10-'別紙3 受給状況'!DH22 -> 0 | DL10: 1 | DN10: =MIN(DF10,DJ10)*DL10 -> 0 | DS10: =IFERROR(VLOOKUP(DY63,'別紙1 実績調書'!DS$36:DT$61,2,FALSE),"") | DU10: =IFERROR(DS10-'別紙3 受給状況'!DW22,"") | DW10: ='別紙2 使用経費'!DR19 -> 0 | DY10: =DW10-'別紙3 受給状況'!DW22 -> 0 | EA10: 1 | EC10: =MIN(DU10,DY10)*EA10 -> 0 | EH10: =IFERROR(VLOOKUP(EN63,'別紙1 実績調書'!EH$36:EI$61,2,FALSE),"") | EJ10: =IFERROR(EH10-'別紙3 受給状況'!EL22,"") | EL10: ='別紙2 使用経費'!EG19 -> 0 | EN10: =EL10-'別紙3 受給状況'!EL22 -> 0 | EP10: 1 | ER10: =MIN(EJ10,EN10)*EP10 -> 0 | EW10: =IFERROR(VLOOKUP(FC63,'別紙1 実績調書'!EW$36:EX$61,2,FALSE),"") | EY10: =IFERROR(EW10-'別紙3 受給状況'!FB22,"") | FA10: ='別紙2 使用経費'!EV19 -> 0 | FC10: =FA10-'別紙3 受給状況'!FB22 -> 0 | FE10: 1 | FG10: =MIN(EY10,FC10)*FE10 -> 0 | FL10: =IFERROR(VLOOKUP(FR63,'別紙1 実績調書'!FL$36:FM$61,2,FALSE),"") | FN10: =IFERROR(FL10-'別紙3 受給状況'!FP22,"") | FP10: ='別紙2 使用経費'!FK19 -> 0 | FR10: =FP10-'別紙3 受給状況'!FP22 -> 0 | FT10: 1 | FV10: =MIN(FN10,FR10)*FT10 -> 0 | GA10: =IFERROR(VLOOKUP(GG63,'別紙1 実績調書'!GA$36:GB$61,2,FALSE),"") | GC10: =IFERROR(GA10-'別紙3 受給状況'!GE22,"") | GE10: ='別紙2 使用経費'!FZ19 -> 0 | GG10: =GE10-'別紙3 受給状況'!GE22 -> 0 | GI10: 1 | GK10: =MIN(GC10,GG10)*GI10 -> 0 | GP10: =IFERROR(VLOOKUP(GV63,'別紙1 実績調書'!GP$36:GQ$61,2,FALSE),"") | GR10: =IFERROR(GP10-'別紙3 受給状況'!GT22,"") | GT10: ='別紙2 使用経費'!GO19 -> 0 | GV10: =GT10-'別紙3 受給状況'!GT22 -> 0 | GX10: 1 | GZ10: =MIN(GR10,GV10)*GX10 -> 0 | HE10: =IFERROR(VLOOKUP(HK63,'別紙1 実績調書'!HE$36:HF$61,2,FALSE),"") | HG10: =IFERROR(HE10-'別紙3 受給状況'!HI22,"") | HI10: ='別紙2 使用経費'!HD19 -> 0 | HK10: =HI10-'別紙3 受給状況'!HI22 -> 0 | HM10: 1 | HO10: =MIN(HG10,HK10)*HM10 -> 0
C11: =IFERROR(VLOOKUP(I63,'別紙1 実績調書'!$C$36:$E$61,3,FALSE),"①") -> ① | R11: =IFERROR(VLOOKUP(X63,'別紙1 実績調書'!$C$36:$E$61,3,FALSE),"①") -> ① | AG11: =IFERROR(VLOOKUP(AM63,'別紙1 実績調書'!$C$36:$E$61,3,FALSE),"①") -> ① | AV11: =IFERROR(VLOOKUP(BB63,'別紙1 実績調書'!$C$36:$E$61,3,FALSE),"①") -> ① | BK11: =IFERROR(VLOOKUP(BQ63,'別紙1 実績調書'!$C$36:$E$61,3,FALSE),"①") -> ① | BZ11: =IFERROR(VLOOKUP(CF63,'別紙1 実績調書'!$C$36:$E$61,3,FALSE),"①") -> ① | CO11: =IFERROR(VLOOKUP(CU63,'別紙1 実績調書'!$C$36:$E$61,3,FALSE),"①") -> ① | DD11: =IFERROR(VLOOKUP(DJ63,'別紙1 実績調書'!$C$36:$E$61,3,FALSE),"①") -> ① | DS11: =IFERROR(VLOOKUP(DY63,'別紙1 実績調書'!$C$36:$E$61,3,FALSE),"①") -> ① | EH11: =IFERROR(VLOOKUP(EN63,'別紙1 実績調書'!$C$36:$E$61,3,FALSE),"①") -> ① | EW11: =IFERROR(VLOOKUP(FC63,'別紙1 実績調書'!$C$36:$E$61,3,FALSE),"①") -> ① | FL11: =IFERROR(VLOOKUP(FR63,'別紙1 実績調書'!$C$36:$E$61,3,FALSE),"①") -> ① | GA11: =IFERROR(VLOOKUP(GG63,'別紙1 実績調書'!$C$36:$E$61,3,FALSE),"①") -> ① | GP11: =IFERROR(VLOOKUP(GV63,'別紙1 実績調書'!$C$36:$E$61,3,FALSE),"①") -> ① | HE11: =IFERROR(VLOOKUP(HK63,'別紙1 実績調書'!$C$36:$E$61,3,FALSE),"①") -> ①
C12: ②（Ａ）から別紙3における重複分相当額を減じた額を（B）とする。 | R12: ②（Ａ）から別紙3における重複分相当額を減じた額を（B）とする。 | AG12: ②（Ａ）から別紙3における重複分相当額を減じた額を（B）とする。 | AV12: ②（Ａ）から別紙3における重複分相当額を減じた額を（B）とする。 | BK12: ②（Ａ）から別紙3における重複分相当額を減じた額を（B）とする。 | BZ12: ②（Ａ）から別紙3における重複分相当額を減じた額を（B）とする。 | CO12: ②（Ａ）から別紙3における重複分相当額を減じた額を（B）とする。 | DD12: ②（Ａ）から別紙3における重複分相当額を減じた額を（B）とする。 | DS12: ②（Ａ）から別紙3における重複分相当額を減じた額を（B）とする。 | EH12: ②（Ａ）から別紙3における重複分相当額を減じた額を（B）とする。 | EW12: ②（Ａ）から別紙3における重複分相当額を減じた額を（B）とする。 | FL12: ②（Ａ）から別紙3における重複分相当額を減じた額を（B）とする。 | GA12: ②（Ａ）から別紙3における重複分相当額を減じた額を（B）とする。 | GP12: ②（Ａ）から別紙3における重複分相当額を減じた額を（B）とする。 | HE12: ②（Ａ）から別紙3における重複分相当額を減じた額を（B）とする。
C13: ③補助対象に使用した費用の総額を（C）とする。 | R13: ③補助対象に使用した費用の総額を（C）とする。 | AG13: ③補助対象に使用した費用の総額を（C）とする。 | AV13: ③補助対象に使用した費用の総額を（C）とする。 | BK13: ③補助対象に使用した費用の総額を（C）とする。 | BZ13: ③補助対象に使用した費用の総額を（C）とする。 | CO13: ③補助対象に使用した費用の総額を（C）とする。 | DD13: ③補助対象に使用した費用の総額を（C）とする。 | DS13: ③補助対象に使用した費用の総額を（C）とする。 | EH13: ③補助対象に使用した費用の総額を（C）とする。 | EW13: ③補助対象に使用した費用の総額を（C）とする。 | FL13: ③補助対象に使用した費用の総額を（C）とする。 | GA13: ③補助対象に使用した費用の総額を（C）とする。 | GP13: ③補助対象に使用した費用の総額を（C）とする。 | HE13: ③補助対象に使用した費用の総額を（C）とする。
C14: ④（C）から別紙3における重複分相当額を減じた額を（D）とする。 | R14: ④（C）から別紙3における重複分相当額を減じた額を（D）とする。 | AG14: ④（C）から別紙3における重複分相当額を減じた額を（D）とする。 | AV14: ④（C）から別紙3における重複分相当額を減じた額を（D）とする。 | BK14: ④（C）から別紙3における重複分相当額を減じた額を（D）とする。 | BZ14: ④（C）から別紙3における重複分相当額を減じた額を（D）とする。 | CO14: ④（C）から別紙3における重複分相当額を減じた額を（D）とする。 | DD14: ④（C）から別紙3における重複分相当額を減じた額を（D）とする。 | DS14: ④（C）から別紙3における重複分相当額を減じた額を（D）とする。 | EH14: ④（C）から別紙3における重複分相当額を減じた額を（D）とする。 | EW14: ④（C）から別紙3における重複分相当額を減じた額を（D）とする。 | FL14: ④（C）から別紙3における重複分相当額を減じた額を（D）とする。 | GA14: ④（C）から別紙3における重複分相当額を減じた額を（D）とする。 | GP14: ④（C）から別紙3における重複分相当額を減じた額を（D）とする。 | HE14: ④（C）から別紙3における重複分相当額を減じた額を（D）とする。
C15: ⑤（B）と（D）とを比較して少ない額に補助率（E）を乗じた金額を積算額（F）とする。 | R15: ⑤（B）と（D）とを比較して少ない額に補助率（E）を乗じた金額を積算額（F）とする。 | AG15: ⑤（B）と（D）とを比較して少ない額に補助率（E）を乗じた金額を積算額（F）とする。 | AV15: ⑤（B）と（D）とを比較して少ない額に補助率（E）を乗じた金額を積算額（F）とする。 | BK15: ⑤（B）と（D）とを比較して少ない額に補助率（E）を乗じた金額を積算額（F）とする。 | BZ15: ⑤（B）と（D）とを比較して少ない額に補助率（E）を乗じた金額を積算額（F）とする。 | CO15: ⑤（B）と（D）とを比較して少ない額に補助率（E）を乗じた金額を積算額（F）とする。 | DD15: ⑤（B）と（D）とを比較して少ない額に補助率（E）を乗じた金額を積算額（F）とする。 | DS15: ⑤（B）と（D）とを比較して少ない額に補助率（E）を乗じた金額を積算額（F）とする。 | EH15: ⑤（B）と（D）とを比較して少ない額に補助率（E）を乗じた金額を積算額（F）とする。 | EW15: ⑤（B）と（D）とを比較して少ない額に補助率（E）を乗じた金額を積算額（F）とする。 | FL15: ⑤（B）と（D）とを比較して少ない額に補助率（E）を乗じた金額を積算額（F）とする。 | GA15: ⑤（B）と（D）とを比較して少ない額に補助率（E）を乗じた金額を積算額（F）とする。 | GP15: ⑤（B）と（D）とを比較して少ない額に補助率（E）を乗じた金額を積算額（F）とする。 | HE15: ⑤（B）と（D）とを比較して少ない額に補助率（E）を乗じた金額を積算額（F）とする。
C17: =IFERROR(VLOOKUP(I63,'別紙1 実績調書'!$C$36:$G$61,5,FALSE),"error") -> error | R17: =IFERROR(VLOOKUP(X63,'別紙1 実績調書'!$C$36:$G$61,5,FALSE),"error") -> error | AG17: =IFERROR(VLOOKUP(AM63,'別紙1 実績調書'!$C$36:$G$61,5,FALSE),"error") -> error | AV17: =IFERROR(VLOOKUP(BB63,'別紙1 実績調書'!$C$36:$G$61,5,FALSE),"error") -> error | BK17: =IFERROR(VLOOKUP(BQ63,'別紙1 実績調書'!$C$36:$G$61,5,FALSE),"error") -> error | BZ17: =IFERROR(VLOOKUP(CF63,'別紙1 実績調書'!$C$36:$G$61,5,FALSE),"error") -> error | CO17: =IFERROR(VLOOKUP(CU63,'別紙1 実績調書'!$C$36:$G$61,5,FALSE),"error") -> error | DD17: =IFERROR(VLOOKUP(DJ63,'別紙1 実績調書'!$C$36:$G$61,5,FALSE),"error") -> error | DS17: =IFERROR(VLOOKUP(DY63,'別紙1 実績調書'!$C$36:$G$61,5,FALSE),"error") -> error | EH17: =IFERROR(VLOOKUP(EN63,'別紙1 実績調書'!$C$36:$G$61,5,FALSE),"error") -> error | EW17: =IFERROR(VLOOKUP(FC63,'別紙1 実績調書'!$C$36:$G$61,5,FALSE),"error") -> error | FL17: =IFERROR(VLOOKUP(FR63,'別紙1 実績調書'!$C$36:$G$61,5,FALSE),"error") -> error | GA17: =IFERROR(VLOOKUP(GG63,'別紙1 実績調書'!$C$36:$G$61,5,FALSE),"error") -> error | GP17: =IFERROR(VLOOKUP(GV63,'別紙1 実績調書'!$C$36:$G$61,5,FALSE),"error") -> error | HE17: =IFERROR(VLOOKUP(HK63,'別紙1 実績調書'!$C$36:$G$61,5,FALSE),"error") -> error
C18: =IFERROR(VLOOKUP(I63,'別紙1 実績調書'!$C$36:$F$61,4,FALSE),"error") -> error | R18: =IFERROR(VLOOKUP(X63,'別紙1 実績調書'!$C$36:$F$61,4,FALSE),"error") -> error | AG18: =IFERROR(VLOOKUP(AM63,'別紙1 実績調書'!$C$36:$F$61,4,FALSE),"error") -> error | AV18: =IFERROR(VLOOKUP(BB63,'別紙1 実績調書'!$C$36:$F$61,4,FALSE),"error") -> error | BK18: =IFERROR(VLOOKUP(BQ63,'別紙1 実績調書'!$C$36:$F$61,4,FALSE),"error") -> error | BZ18: =IFERROR(VLOOKUP(CF63,'別紙1 実績調書'!$C$36:$F$61,4,FALSE),"error") -> error | CO18: =IFERROR(VLOOKUP(CU63,'別紙1 実績調書'!$C$36:$F$61,4,FALSE),"error") -> error | DD18: =IFERROR(VLOOKUP(DJ63,'別紙1 実績調書'!$C$36:$F$61,4,FALSE),"error") -> error | DS18: =IFERROR(VLOOKUP(DY63,'別紙1 実績調書'!$C$36:$F$61,4,FALSE),"error") -> error | EH18: =IFERROR(VLOOKUP(EN63,'別紙1 実績調書'!$C$36:$F$61,4,FALSE),"error") -> error | EW18: =IFERROR(VLOOKUP(FC63,'別紙1 実績調書'!$C$36:$F$61,4,FALSE),"error") -> error | FL18: =IFERROR(VLOOKUP(FR63,'別紙1 実績調書'!$C$36:$F$61,4,FALSE),"error") -> error | GA18: =IFERROR(VLOOKUP(GG63,'別紙1 実績調書'!$C$36:$F$61,4,FALSE),"error") -> error | GP18: =IFERROR(VLOOKUP(GV63,'別紙1 実績調書'!$C$36:$F$61,4,FALSE),"error") -> error | HE18: =IFERROR(VLOOKUP(HK63,'別紙1 実績調書'!$C$36:$F$61,4,FALSE),"error") -> error
D19: ４月 | E19: ５月 | F19: ６月 | G19: ７月 | H19: ８月 | I19: ９月 | S19: ４月 | T19: ５月 | U19: ６月 | V19: ７月 | W19: ８月 | X19: ９月 | AH19: ４月 | AI19: ５月 | AJ19: ６月 | AK19: ７月 | AL19: ８月 | AM19: ９月 | AW19: ４月 | AX19: ５月 | AY19: ６月 | AZ19: ７月 | BA19: ８月 | BB19: ９月 | BL19: ４月 | BM19: ５月 | BN19: ６月 | BO19: ７月 | BP19: ８月 | BQ19: ９月 | CA19: ４月 | CB19: ５月 | CC19: ６月 | CD19: ７月 | CE19: ８月 | CF19: ９月 | CP19: ４月 | CQ19: ５月 | CR19: ６月 | CS19: ７月 | CT19: ８月 | CU19: ９月 | DE19: ４月 | DF19: ５月 | DG19: ６月 | DH19: ７月 | DI19: ８月 | DJ19: ９月 | DT19: ４月 | DU19: ５月 | DV19: ６月 | DW19: ７月 | DX19: ８月 | DY19: ９月 | EI19: ４月 | EJ19: ５月 | EK19: ６月 | EL19: ７月 | EM19: ８月 | EN19: ９月 | EX19: ４月 | EY19: ５月 | EZ19: ６月 | FA19: ７月 | FB19: ８月 | FC19: ９月 | FM19: ４月 | FN19: ５月 | FO19: ６月 | FP19: ７月 | FQ19: ８月 | FR19: ９月 | GB19: ４月 | GC19: ５月 | GD19: ６月 | GE19: ７月 | GF19: ８月 | GG19: ９月 | GQ19: ４月 | GR19: ５月 | GS19: ６月 | GT19: ７月 | GU19: ８月 | GV19: ９月 | HF19: ４月 | HG19: ５月 | HH19: ６月 | HI19: ７月 | HJ19: ８月 | HK19: ９月
C20: =IFERROR(VLOOKUP(I63,'別紙1 実績調書'!$C$36:$H$61,6,FALSE),"error") -> error | R20: =IFERROR(VLOOKUP(X63,'別紙1 実績調書'!$C$36:$H$61,6,FALSE),"error") -> error | AG20: =IFERROR(VLOOKUP(AM63,'別紙1 実績調書'!$C$36:$H$61,6,FALSE),"error") -> error | AV20: =IFERROR(VLOOKUP(BB63,'別紙1 実績調書'!$C$36:$H$61,6,FALSE),"error") -> error | BK20: =IFERROR(VLOOKUP(BQ63,'別紙1 実績調書'!$C$36:$H$61,6,FALSE),"error") -> error | BZ20: =IFERROR(VLOOKUP(CF63,'別紙1 実績調書'!$C$36:$H$61,6,FALSE),"error") -> error | CO20: =IFERROR(VLOOKUP(CU63,'別紙1 実績調書'!$C$36:$H$61,6,FALSE),"error") -> error | DD20: =IFERROR(VLOOKUP(DJ63,'別紙1 実績調書'!$C$36:$H$61,6,FALSE),"error") -> error | DS20: =IFERROR(VLOOKUP(DY63,'別紙1 実績調書'!$C$36:$H$61,6,FALSE),"error") -> error | EH20: =IFERROR(VLOOKUP(EN63,'別紙1 実績調書'!$C$36:$H$61,6,FALSE),"error") -> error | EW20: =IFERROR(VLOOKUP(FC63,'別紙1 実績調書'!$C$36:$H$61,6,FALSE),"error") -> error | FL20: =IFERROR(VLOOKUP(FR63,'別紙1 実績調書'!$C$36:$H$61,6,FALSE),"error") -> error | GA20: =IFERROR(VLOOKUP(GG63,'別紙1 実績調書'!$C$36:$H$61,6,FALSE),"error") -> error | GP20: =IFERROR(VLOOKUP(GV63,'別紙1 実績調書'!$C$36:$H$61,6,FALSE),"error") -> error | HE20: =IFERROR(VLOOKUP(HK63,'別紙1 実績調書'!$C$36:$H$61,6,FALSE),"error") -> error
B23: 別表1(入所系) | C23: 補助基準額 | D23: 4130 | Q23: 別表1(入所系) | R23: 補助基準額 | S23: 4130 | AF23: 別表1(入所系) | AG23: 補助基準額 | AH23: 4130 | AU23: 別表1(入所系) | AV23: 補助基準額 | AW23: 4130 | BJ23: 別表1(入所系) | BK23: 補助基準額 | BL23: 4130 | BY23: 別表1(入所系) | BZ23: 補助基準額 | CA23: 4130 | CN23: 別表1(入所系) | CO23: 補助基準額 | CP23: 4130 | DC23: 別表1(入所系) | DD23: 補助基準額 | DE23: 4130 | DR23: 別表1(入所系) | DS23: 補助基準額 | DT23: 4130 | EG23: 別表1(入所系) | EH23: 補助基準額 | EI23: 4130 | EV23: 別表1(入所系) | EW23: 補助基準額 | EX23: 4130 | FK23: 別表1(入所系) | FL23: 補助基準額 | FM23: 4130 | FZ23: 別表1(入所系) | GA23: 補助基準額 | GB23: 4130 | GO23: 別表1(入所系) | GP23: 補助基準額 | GQ23: 4130 | HD23: 別表1(入所系) | HE23: 補助基準額 | HF23: 4130
B24: 1～6 | C24: 基準額×定員数 | D24: =D20*$D$23 -> 0 | E24: =E20*$D$23 -> 0 | F24: =F20*$D$23 -> 0 | G24: =G20*$D$23 -> 0 | H24: =H20*$D$23 -> 0 | I24: =I20*$D$23 -> 0 | Q24: 1～6 | R24: 基準額×定員数 | S24: =S20*$D$23 -> 0 | T24: =T20*$D$23 -> 0 | U24: =U20*$D$23 -> 0 | V24: =V20*$D$23 -> 0 | W24: =W20*$D$23 -> 0 | X24: =X20*$D$23 -> 0 | AF24: 1～6 | AG24: 基準額×定員数 | AH24: =AH20*$D$23 -> 0 | AI24: =AI20*$D$23 -> 0 | AJ24: =AJ20*$D$23 -> 0 | AK24: =AK20*$D$23 -> 0 | AL24: =AL20*$D$23 -> 0 | AM24: =AM20*$D$23 -> 0 | AU24: 1～6 | AV24: 基準額×定員数 | AW24: =AW20*$D$23 -> 0 | AX24: =AX20*$D$23 -> 0 | AY24: =AY20*$D$23 -> 0 | AZ24: =AZ20*$D$23 -> 0 | BA24: =BA20*$D$23 -> 0 | BB24: =BB20*$D$23 -> 0 | BJ24: 1～6 | BK24: 基準額×定員数 | BL24: =BL20*$D$23 -> 0 | BM24: =BM20*$D$23 -> 0 | BN24: =BN20*$D$23 -> 0 | BO24: =BO20*$D$23 -> 0 | BP24: =BP20*$D$23 -> 0 | BQ24: =BQ20*$D$23 -> 0 | BY24: 1～6 | BZ24: 基準額×定員数 | CA24: =CA20*$D$23 -> 0 | CB24: =CB20*$D$23 -> 0 | CC24: =CC20*$D$23 -> 0 | CD24: =CD20*$D$23 -> 0 | CE24: =CE20*$D$23 -> 0 | CF24: =CF20*$D$23 -> 0 | CN24: 1～6 | CO24: 基準額×定員数 | CP24: =CP20*$D$23 -> 0 | CQ24: =CQ20*$D$23 -> 0 | CR24: =CR20*$D$23 -> 0 | CS24: =CS20*$D$23 -> 0 | CT24: =CT20*$D$23 -> 0 | CU24: =CU20*$D$23 -> 0 | DC24: 1～6 | DD24: 基準額×定員数 | DE24: =DE20*$D$23 -> 0 | DF24: =DF20*$D$23 -> 0 | DG24: =DG20*$D$23 -> 0 | DH24: =DH20*$D$23 -> 0 | DI24: =DI20*$D$23 -> 0 | DJ24: =DJ20*$D$23 -> 0 | DR24: 1～6 | DS24: 基準額×定員数 | DT24: =DT20*$D$23 -> 0 | DU24: =DU20*$D$23 -> 0 | DV24: =DV20*$D$23 -> 0 | DW24: =DW20*$D$23 -> 0 | DX24: =DX20*$D$23 -> 0 | DY24: =DY20*$D$23 -> 0 | EG24: 1～6 | EH24: 基準額×定員数 | EI24: =EI20*$D$23 -> 0 | EJ24: =EJ20*$D$23 -> 0 | EK24: =EK20*$D$23 -> 0 | EL24: =EL20*$D$23 -> 0 | EM24: =EM20*$D$23 -> 0 | EN24: =EN20*$D$23 -> 0 | EV24: 1～6 | EW24: 基準額×定員数 | EX24: =EX20*$D$23 -> 0 | EY24: =EY20*$D$23 -> 0 | EZ24: =EZ20*$D$23 -> 0 | FA24: =FA20*$D$23 -> 0 | FB24: =FB20*$D$23 -> 0 | FC24: =FC20*$D$23 -> 0 | FK24: 1～6 | FL24: 基準額×定員数 | FM24: =FM20*$D$23 -> 0 | FN24: =FN20*$D$23 -> 0 | FO24: =FO20*$D$23 -> 0 | FP24: =FP20*$D$23 -> 0 | FQ24: =FQ20*$D$23 -> 0 | FR24: =FR20*$D$23 -> 0 | FZ24: 1～6 | GA24: 基準額×定員数 | GB24: =GB20*$D$23 -> 0 | GC24: =GC20*$D$23 -> 0 | GD24: =GD20*$D$23 -> 0 | GE24: =GE20*$D$23 -> 0 | GF24: =GF20*$D$23 -> 0 | GG24: =GG20*$D$23 -> 0 | GO24: 1～6 | GP24: 基準額×定員数 | GQ24: =GQ20*$D$23 -> 0 | GR24: =GR20*$D$23 -> 0 | GS24: =GS20*$D$23 -> 0 | GT24: =GT20*$D$23 -> 0 | GU24: =GU20*$D$23 -> 0 | GV24: =GV20*$D$23 -> 0 | HD24: 1～6 | HE24: 基準額×定員数 | HF24: =HF20*$D$23 -> 0 | HG24: =HG20*$D$23 -> 0 | HH24: =HH20*$D$23 -> 0 | HI24: =HI20*$D$23 -> 0 | HJ24: =HJ20*$D$23 -> 0 | HK24: =HK20*$D$23 -> 0
C25: 計 | D25: =SUM(D24:I24) -> 0 | R25: 計 | S25: =SUM(S24:X24) -> 0 | AG25: 計 | AH25: =SUM(AH24:AM24) -> 0 | AV25: 計 | AW25: =SUM(AW24:BB24) -> 0 | BK25: 計 | BL25: =SUM(BL24:BQ24) -> 0 | BZ25: 計 | CA25: =SUM(CA24:CF24) -> 0 | CO25: 計 | CP25: =SUM(CP24:CU24) -> 0 | DD25: 計 | DE25: =SUM(DE24:DJ24) -> 0 | DS25: 計 | DT25: =SUM(DT24:DY24) -> 0 | EH25: 計 | EI25: =SUM(EI24:EN24) -> 0 | EW25: 計 | EX25: =SUM(EX24:FC24) -> 0 | FL25: 計 | FM25: =SUM(FM24:FR24) -> 0 | GA25: 計 | GB25: =SUM(GB24:GG24) -> 0 | GP25: 計 | GQ25: =SUM(GQ24:GV24) -> 0 | HE25: 計 | HF25: =SUM(HF24:HK24) -> 0
B26: 別表2(通所系) | C26: 補助基準額 | D26: 709 | Q26: 別表2(通所系) | R26: 補助基準額 | S26: 709 | AF26: 別表2(通所系) | AG26: 補助基準額 | AH26: 709 | AU26: 別表2(通所系) | AV26: 補助基準額 | AW26: 709 | BJ26: 別表2(通所系) | BK26: 補助基準額 | BL26: 709 | BY26: 別表2(通所系) | BZ26: 補助基準額 | CA26: 709 | CN26: 別表2(通所系) | CO26: 補助基準額 | CP26: 709 | DC26: 別表2(通所系) | DD26: 補助基準額 | DE26: 709 | DR26: 別表2(通所系) | DS26: 補助基準額 | DT26: 709 | EG26: 別表2(通所系) | EH26: 補助基準額 | EI26: 709 | EV26: 別表2(通所系) | EW26: 補助基準額 | EX26: 709 | FK26: 別表2(通所系) | FL26: 補助基準額 | FM26: 709 | FZ26: 別表2(通所系) | GA26: 補助基準額 | GB26: 709 | GO26: 別表2(通所系) | GP26: 補助基準額 | GQ26: 709 | HD26: 別表2(通所系) | HE26: 補助基準額 | HF26: 709
B27: 7～14 | C27: 基準額×定員数 | D27: =D20*$D$26 -> 0 | E27: =E20*$D$26 -> 0 | F27: =F20*$D$26 -> 0 | G27: =G20*$D$26 -> 0 | H27: =H20*$D$26 -> 0 | I27: =I20*$D$26 -> 0 | Q27: 7～14 | R27: 基準額×定員数 | S27: =S20*$D$26 -> 0 | T27: =T20*$D$26 -> 0 | U27: =U20*$D$26 -> 0 | V27: =V20*$D$26 -> 0 | W27: =W20*$D$26 -> 0 | X27: =X20*$D$26 -> 0 | AF27: 7～14 | AG27: 基準額×定員数 | AH27: =AH20*$D$26 -> 0 | AI27: =AI20*$D$26 -> 0 | AJ27: =AJ20*$D$26 -> 0 | AK27: =AK20*$D$26 -> 0 | AL27: =AL20*$D$26 -> 0 | AM27: =AM20*$D$26 -> 0 | AU27: 7～14 | AV27: 基準額×定員数 | AW27: =AW20*$D$26 -> 0 | AX27: =AX20*$D$26 -> 0 | AY27: =AY20*$D$26 -> 0 | AZ27: =AZ20*$D$26 -> 0 | BA27: =BA20*$D$26 -> 0 | BB27: =BB20*$D$26 -> 0 | BJ27: 7～14 | BK27: 基準額×定員数 | BL27: =BL20*$D$26 -> 0 | BM27: =BM20*$D$26 -> 0 | BN27: =BN20*$D$26 -> 0 | BO27: =BO20*$D$26 -> 0 | BP27: =BP20*$D$26 -> 0 | BQ27: =BQ20*$D$26 -> 0 | BY27: 7～14 | BZ27: 基準額×定員数 | CA27: =CA20*$D$26 -> 0 | CB27: =CB20*$D$26 -> 0 | CC27: =CC20*$D$26 -> 0 | CD27: =CD20*$D$26 -> 0 | CE27: =CE20*$D$26 -> 0 | CF27: =CF20*$D$26 -> 0 | CN27: 7～14 | CO27: 基準額×定員数 | CP27: =CP20*$D$26 -> 0 | CQ27: =CQ20*$D$26 -> 0 | CR27: =CR20*$D$26 -> 0 | CS27: =CS20*$D$26 -> 0 | CT27: =CT20*$D$26 -> 0 | CU27: =CU20*$D$26 -> 0 | DC27: 7～14 | DD27: 基準額×定員数 | DE27: =DE20*$D$26 -> 0 | DF27: =DF20*$D$26 -> 0 | DG27: =DG20*$D$26 -> 0 | DH27: =DH20*$D$26 -> 0 | DI27: =DI20*$D$26 -> 0 | DJ27: =DJ20*$D$26 -> 0 | DR27: 7～14 | DS27: 基準額×定員数 | DT27: =DT20*$D$26 -> 0 | DU27: =DU20*$D$26 -> 0 | DV27: =DV20*$D$26 -> 0 | DW27: =DW20*$D$26 -> 0 | DX27: =DX20*$D$26 -> 0 | DY27: =DY20*$D$26 -> 0 | EG27: 7～14 | EH27: 基準額×定員数 | EI27: =EI20*$D$26 -> 0 | EJ27: =EJ20*$D$26 -> 0 | EK27: =EK20*$D$26 -> 0 | EL27: =EL20*$D$26 -> 0 | EM27: =EM20*$D$26 -> 0 | EN27: =EN20*$D$26 -> 0 | EV27: 7～14 | EW27: 基準額×定員数 | EX27: =EX20*$D$26 -> 0 | EY27: =EY20*$D$26 -> 0 | EZ27: =EZ20*$D$26 -> 0 | FA27: =FA20*$D$26 -> 0 | FB27: =FB20*$D$26 -> 0 | FC27: =FC20*$D$26 -> 0 | FK27: 7～14 | FL27: 基準額×定員数 | FM27: =FM20*$D$26 -> 0 | FN27: =FN20*$D$26 -> 0 | FO27: =FO20*$D$26 -> 0 | FP27: =FP20*$D$26 -> 0 | FQ27: =FQ20*$D$26 -> 0 | FR27: =FR20*$D$26 -> 0 | FZ27: 7～14 | GA27: 基準額×定員数 | GB27: =GB20*$D$26 -> 0 | GC27: =GC20*$D$26 -> 0 | GD27: =GD20*$D$26 -> 0 | GE27: =GE20*$D$26 -> 0 | GF27: =GF20*$D$26 -> 0 | GG27: =GG20*$D$26 -> 0 | GO27: 7～14 | GP27: 基準額×定員数 | GQ27: =GQ20*$D$26 -> 0 | GR27: =GR20*$D$26 -> 0 | GS27: =GS20*$D$26 -> 0 | GT27: =GT20*$D$26 -> 0 | GU27: =GU20*$D$26 -> 0 | GV27: =GV20*$D$26 -> 0 | HD27: 7～14 | HE27: 基準額×定員数 | HF27: =HF20*$D$26 -> 0 | HG27: =HG20*$D$26 -> 0 | HH27: =HH20*$D$26 -> 0 | HI27: =HI20*$D$26 -> 0 | HJ27: =HJ20*$D$26 -> 0 | HK27: =HK20*$D$26 -> 0
C28: 計 | D28: =SUM(D27:I27) -> 0 | R28: 計 | S28: =SUM(S27:X27) -> 0 | AG28: 計 | AH28: =SUM(AH27:AM27) -> 0 | AV28: 計 | AW28: =SUM(AW27:BB27) -> 0 | BK28: 計 | BL28: =SUM(BL27:BQ27) -> 0 | BZ28: 計 | CA28: =SUM(CA27:CF27) -> 0 | CO28: 計 | CP28: =SUM(CP27:CU27) -> 0 | DD28: 計 | DE28: =SUM(DE27:DJ27) -> 0 | DS28: 計 | DT28: =SUM(DT27:DY27) -> 0 | EH28: 計 | EI28: =SUM(EI27:EN27) -> 0 | EW28: 計 | EX28: =SUM(EX27:FC27) -> 0 | FL28: 計 | FM28: =SUM(FM27:FR27) -> 0 | GA28: 計 | GB28: =SUM(GB27:GG27) -> 0 | GP28: 計 | GQ28: =SUM(GQ27:GV27) -> 0 | HE28: 計 | HF28: =SUM(HF27:HK27) -> 0
B29: 別表2(訪問系) | C29: 補助基準額 | D29: 21500 | E29: 17920 | F29: 14330 | G29: 10750 | H29: 7170 | I29: 3580 | Q29: 別表2(訪問系) | R29: 補助基準額 | S29: 21500 | T29: 17920 | U29: 14330 | V29: 10750 | W29: 7170 | X29: 3580 | AF29: 別表2(訪問系) | AG29: 補助基準額 | AH29: 21500 | AI29: 17920 | AJ29: 14330 | AK29: 10750 | AL29: 7170 | AM29: 3580 | AU29: 別表2(訪問系) | AV29: 補助基準額 | AW29: 21500 | AX29: 17920 | AY29: 14330 | AZ29: 10750 | BA29: 7170 | BB29: 3580 | BJ29: 別表2(訪問系) | BK29: 補助基準額 | BL29: 21500 | BM29: 17920 | BN29: 14330 | BO29: 10750 | BP29: 7170 | BQ29: 3580 | BY29: 別表2(訪問系) | BZ29: 補助基準額 | CA29: 21500 | CB29: 17920 | CC29: 14330 | CD29: 10750 | CE29: 7170 | CF29: 3580 | CN29: 別表2(訪問系) | CO29: 補助基準額 | CP29: 21500 | CQ29: 17920 | CR29: 14330 | CS29: 10750 | CT29: 7170 | CU29: 3580 | DC29: 別表2(訪問系) | DD29: 補助基準額 | DE29: 21500 | DF29: 17920 | DG29: 14330 | DH29: 10750 | DI29: 7170 | DJ29: 3580 | DR29: 別表2(訪問系) | DS29: 補助基準額 | DT29: 21500 | DU29: 17920 | DV29: 14330 | DW29: 10750 | DX29: 7170 | DY29: 3580 | EG29: 別表2(訪問系) | EH29: 補助基準額 | EI29: 21500 | EJ29: 17920 | EK29: 14330 | EL29: 10750 | EM29: 7170 | EN29: 3580 | EV29: 別表2(訪問系) | EW29: 補助基準額 | EX29: 21500 | EY29: 17920 | EZ29: 14330 | FA29: 10750 | FB29: 7170 | FC29: 3580 | FK29: 別表2(訪問系) | FL29: 補助基準額 | FM29: 21500 | FN29: 17920 | FO29: 14330 | FP29: 10750 | FQ29: 7170 | FR29: 3580 | FZ29: 別表2(訪問系) | GA29: 補助基準額 | GB29: 21500 | GC29: 17920 | GD29: 14330 | GE29: 10750 | GF29: 7170 | GG29: 3580 | GO29: 別表2(訪問系) | GP29: 補助基準額 | GQ29: 21500 | GR29: 17920 | GS29: 14330 | GT29: 10750 | GU29: 7170 | GV29: 3580 | HD29: 別表2(訪問系) | HE29: 補助基準額 | HF29: 21500 | HG29: 17920 | HH29: 14330 | HI29: 10750 | HJ29: 7170 | HK29: 3580
B30: 15～21 | C30: 補助額 | D30: =D29 -> 21500 | E30: =IF(ISBLANK(E$20),"",E$29) | F30: =IF(ISBLANK(F$20),"",F$29) | G30: =IF(ISBLANK(G$20),"",G$29) | H30: =IF(ISBLANK(H$20),"",H$29) | I30: =IF(ISBLANK(I$20),"",I$29) | Q30: 15～21 | R30: 補助額 | S30: =S29 -> 21500 | T30: =IF(ISBLANK(T$20),"",T$29) | U30: =IF(ISBLANK(U$20),"",U$29) | V30: =IF(ISBLANK(V$20),"",V$29) | W30: =IF(ISBLANK(W$20),"",W$29) | X30: =IF(ISBLANK(X$20),"",X$29) | AF30: 15～21 | AG30: 補助額 | AH30: =AH29 -> 21500 | AI30: =IF(ISBLANK(AI$20),"",AI$29) | AJ30: =IF(ISBLANK(AJ$20),"",AJ$29) | AK30: =IF(ISBLANK(AK$20),"",AK$29) | AL30: =IF(ISBLANK(AL$20),"",AL$29) | AM30: =IF(ISBLANK(AM$20),"",AM$29) | AU30: 15～21 | AV30: 補助額 | AW30: =AW29 -> 21500 | AX30: =IF(ISBLANK(AX$20),"",AX$29) | AY30: =IF(ISBLANK(AY$20),"",AY$29) | AZ30: =IF(ISBLANK(AZ$20),"",AZ$29) | BA30: =IF(ISBLANK(BA$20),"",BA$29) | BB30: =IF(ISBLANK(BB$20),"",BB$29) | BJ30: 15～21 | BK30: 補助額 | BL30: =BL29 -> 21500 | BM30: =IF(ISBLANK(BM$20),"",BM$29) | BN30: =IF(ISBLANK(BN$20),"",BN$29) | BO30: =IF(ISBLANK(BO$20),"",BO$29) | BP30: =IF(ISBLANK(BP$20),"",BP$29) | BQ30: =IF(ISBLANK(BQ$20),"",BQ$29) | BY30: 15～21 | BZ30: 補助額 | CA30: =CA29 -> 21500 | CB30: =IF(ISBLANK(CB$20),"",CB$29) | CC30: =IF(ISBLANK(CC$20),"",CC$29) | CD30: =IF(ISBLANK(CD$20),"",CD$29) | CE30: =IF(ISBLANK(CE$20),"",CE$29) | CF30: =IF(ISBLANK(CF$20),"",CF$29) | CN30: 15～21 | CO30: 補助額 | CP30: =CP29 -> 21500 | CQ30: =IF(ISBLANK(CQ$20),"",CQ$29) | CR30: =IF(ISBLANK(CR$20),"",CR$29) | CS30: =IF(ISBLANK(CS$20),"",CS$29) | CT30: =IF(ISBLANK(CT$20),"",CT$29) | CU30: =IF(ISBLANK(CU$20),"",CU$29) | DC30: 15～21 | DD30: 補助額 | DE30: =DE29 -> 21500 | DF30: =IF(ISBLANK(DF$20),"",DF$29) | DG30: =IF(ISBLANK(DG$20),"",DG$29) | DH30: =IF(ISBLANK(DH$20),"",DH$29) | DI30: =IF(ISBLANK(DI$20),"",DI$29) | DJ30: =IF(ISBLANK(DJ$20),"",DJ$29) | DR30: 15～21 | DS30: 補助額 | DT30: =DT29 -> 21500 | DU30: =IF(ISBLANK(DU$20),"",DU$29) | DV30: =IF(ISBLANK(DV$20),"",DV$29) | DW30: =IF(ISBLANK(DW$20),"",DW$29) | DX30: =IF(ISBLANK(DX$20),"",DX$29) | DY30: =IF(ISBLANK(DY$20),"",DY$29) | EG30: 15～21 | EH30: 補助額 | EI30: =EI29 -> 21500 | EJ30: =IF(ISBLANK(EJ$20),"",EJ$29) | EK30: =IF(ISBLANK(EK$20),"",EK$29) | EL30: =IF(ISBLANK(EL$20),"",EL$29) | EM30: =IF(ISBLANK(EM$20),"",EM$29) | EN30: =IF(ISBLANK(EN$20),"",EN$29) | EV30: 15～21 | EW30: 補助額 | EX30: =EX29 -> 21500 | EY30: =IF(ISBLANK(EY$20),"",EY$29) | EZ30: =IF(ISBLANK(EZ$20),"",EZ$29) | FA30: =IF(ISBLANK(FA$20),"",FA$29) | FB30: =IF(ISBLANK(FB$20),"",FB$29) | FC30: =IF(ISBLANK(FC$20),"",FC$29) | FK30: 15～21 | FL30: 補助額 | FM30: =FM29 -> 21500 | FN30: =IF(ISBLANK(FN$20),"",FN$29) | FO30: =IF(ISBLANK(FO$20),"",FO$29) | FP30: =IF(ISBLANK(FP$20),"",FP$29) | FQ30: =IF(ISBLANK(FQ$20),"",FQ$29) | FR30: =IF(ISBLANK(FR$20),"",FR$29) | FZ30: 15～21 | GA30: 補助額 | GB30: =GB29 -> 21500 | GC30: =IF(ISBLANK(GC$20),"",GC$29) | GD30: =IF(ISBLANK(GD$20),"",GD$29) | GE30: =IF(ISBLANK(GE$20),"",GE$29) | GF30: =IF(ISBLANK(GF$20),"",GF$29) | GG30: =IF(ISBLANK(GG$20),"",GG$29) | GO30: 15～21 | GP30: 補助額 | GQ30: =GQ29 -> 21500 | GR30: =IF(ISBLANK(GR$20),"",GR$29) | GS30: =IF(ISBLANK(GS$20),"",GS$29) | GT30: =IF(ISBLANK(GT$20),"",GT$29) | GU30: =IF(ISBLANK(GU$20),"",GU$29) | GV30: =IF(ISBLANK(GV$20),"",GV$29) | HD30: 15～21 | HE30: 補助額 | HF30: =HF29 -> 21500 | HG30: =IF(ISBLANK(HG$20),"",HG$29) | HH30: =IF(ISBLANK(HH$20),"",HH$29) | HI30: =IF(ISBLANK(HI$20),"",HI$29) | HJ30: =IF(ISBLANK(HJ$20),"",HJ$29) | HK30: =IF(ISBLANK(HK$20),"",HK$29)
C31: 計 | D31: =MIN(D30:I30) -> 21500 | R31: 計 | S31: =MIN(S30:X30) -> 21500 | AG31: 計 | AH31: =MIN(AH30:AM30) -> 21500 | AV31: 計 | AW31: =MIN(AW30:BB30) -> 21500 | BK31: 計 | BL31: =MIN(BL30:BQ30) -> 21500 | BZ31: 計 | CA31: =MIN(CA30:CF30) -> 21500 | CO31: 計 | CP31: =MIN(CP30:CU30) -> 21500 | DD31: 計 | DE31: =MIN(DE30:DJ30) -> 21500 | DS31: 計 | DT31: =MIN(DT30:DY30) -> 21500 | EH31: 計 | EI31: =MIN(EI30:EN30) -> 21500 | EW31: 計 | EX31: =MIN(EX30:FC30) -> 21500 | FL31: 計 | FM31: =MIN(FM30:FR30) -> 21500 | GA31: 計 | GB31: =MIN(GB30:GG30) -> 21500 | GP31: 計 | GQ31: =MIN(GQ30:GV30) -> 21500 | HE31: 計 | HF31: =MIN(HF30:HK30) -> 21500
B32: 別表2(相談系) | C32: 補助基準額 | D32: 8600 | E32: 7170 | F32: 5730 | G32: 4300 | H32: 2870 | I32: 1430 | Q32: 別表2(相談系) | R32: 補助基準額 | S32: 8600 | T32: 7170 | U32: 5730 | V32: 4300 | W32: 2870 | X32: 1430 | AF32: 別表2(相談系) | AG32: 補助基準額 | AH32: 8600 | AI32: 7170 | AJ32: 5730 | AK32: 4300 | AL32: 2870 | AM32: 1430 | AU32: 別表2(相談系) | AV32: 補助基準額 | AW32: 8600 | AX32: 7170 | AY32: 5730 | AZ32: 4300 | BA32: 2870 | BB32: 1430 | BJ32: 別表2(相談系) | BK32: 補助基準額 | BL32: 8600 | BM32: 7170 | BN32: 5730 | BO32: 4300 | BP32: 2870 | BQ32: 1430 | BY32: 別表2(相談系) | BZ32: 補助基準額 | CA32: 8600 | CB32: 7170 | CC32: 5730 | CD32: 4300 | CE32: 2870 | CF32: 1430 | CN32: 別表2(相談系) | CO32: 補助基準額 | CP32: 8600 | CQ32: 7170 | CR32: 5730 | CS32: 4300 | CT32: 2870 | CU32: 1430 | DC32: 別表2(相談系) | DD32: 補助基準額 | DE32: 8600 | DF32: 7170 | DG32: 5730 | DH32: 4300 | DI32: 2870 | DJ32: 1430 | DR32: 別表2(相談系) | DS32: 補助基準額 | DT32: 8600 | DU32: 7170 | DV32: 5730 | DW32: 4300 | DX32: 2870 | DY32: 1430 | EG32: 別表2(相談系) | EH32: 補助基準額 | EI32: 8600 | EJ32: 7170 | EK32: 5730 | EL32: 4300 | EM32: 2870 | EN32: 1430 | EV32: 別表2(相談系) | EW32: 補助基準額 | EX32: 8600 | EY32: 7170 | EZ32: 5730 | FA32: 4300 | FB32: 2870 | FC32: 1430 | FK32: 別表2(相談系) | FL32: 補助基準額 | FM32: 8600 | FN32: 7170 | FO32: 5730 | FP32: 4300 | FQ32: 2870 | FR32: 1430 | FZ32: 別表2(相談系) | GA32: 補助基準額 | GB32: 8600 | GC32: 7170 | GD32: 5730 | GE32: 4300 | GF32: 2870 | GG32: 1430 | GO32: 別表2(相談系) | GP32: 補助基準額 | GQ32: 8600 | GR32: 7170 | GS32: 5730 | GT32: 4300 | GU32: 2870 | GV32: 1430 | HD32: 別表2(相談系) | HE32: 補助基準額 | HF32: 8600 | HG32: 7170 | HH32: 5730 | HI32: 4300 | HJ32: 2870 | HK32: 1430
B33: 22～26 | C33: 補助額 | D33: =D32 -> 8600 | E33: =IF(ISBLANK(E$20),"",E$32) | F33: =IF(ISBLANK(F$20),"",F$32) | G33: =IF(ISBLANK(G$20),"",G$32) | H33: =IF(ISBLANK(H$20),"",H$32) | I33: =IF(ISBLANK(I$20),"",I$32) | Q33: 22～26 | R33: 補助額 | S33: =S32 -> 8600 | T33: =IF(ISBLANK(T$20),"",T$32) | U33: =IF(ISBLANK(U$20),"",U$32) | V33: =IF(ISBLANK(V$20),"",V$32) | W33: =IF(ISBLANK(W$20),"",W$32) | X33: =IF(ISBLANK(X$20),"",X$32) | AF33: 22～26 | AG33: 補助額 | AH33: =AH32 -> 8600 | AI33: =IF(ISBLANK(AI$20),"",AI$32) | AJ33: =IF(ISBLANK(AJ$20),"",AJ$32) | AK33: =IF(ISBLANK(AK$20),"",AK$32) | AL33: =IF(ISBLANK(AL$20),"",AL$32) | AM33: =IF(ISBLANK(AM$20),"",AM$32) | AU33: 22～26 | AV33: 補助額 | AW33: =AW32 -> 8600 | AX33: =IF(ISBLANK(AX$20),"",AX$32) | AY33: =IF(ISBLANK(AY$20),"",AY$32) | AZ33: =IF(ISBLANK(AZ$20),"",AZ$32) | BA33: =IF(ISBLANK(BA$20),"",BA$32) | BB33: =IF(ISBLANK(BB$20),"",BB$32) | BJ33: 22～26 | BK33: 補助額 | BL33: =BL32 -> 8600 | BM33: =IF(ISBLANK(BM$20),"",BM$32) | BN33: =IF(ISBLANK(BN$20),"",BN$32) | BO33: =IF(ISBLANK(BO$20),"",BO$32) | BP33: =IF(ISBLANK(BP$20),"",BP$32) | BQ33: =IF(ISBLANK(BQ$20),"",BQ$32) | BY33: 22～26 | BZ33: 補助額 | CA33: =CA32 -> 8600 | CB33: =IF(ISBLANK(CB$20),"",CB$32) | CC33: =IF(ISBLANK(CC$20),"",CC$32) | CD33: =IF(ISBLANK(CD$20),"",CD$32) | CE33: =IF(ISBLANK(CE$20),"",CE$32) | CF33: =IF(ISBLANK(CF$20),"",CF$32) | CN33: 22～26 | CO33: 補助額 | CP33: =CP32 -> 8600 | CQ33: =IF(ISBLANK(CQ$20),"",CQ$32) | CR33: =IF(ISBLANK(CR$20),"",CR$32) | CS33: =IF(ISBLANK(CS$20),"",CS$32) | CT33: =IF(ISBLANK(CT$20),"",CT$32) | CU33: =IF(ISBLANK(CU$20),"",CU$32) | DC33: 22～26 | DD33: 補助額 | DE33: =DE32 -> 8600 | DF33: =IF(ISBLANK(DF$20),"",DF$32) | DG33: =IF(ISBLANK(DG$20),"",DG$32) | DH33: =IF(ISBLANK(DH$20),"",DH$32) | DI33: =IF(ISBLANK(DI$20),"",DI$32) | DJ33: =IF(ISBLANK(DJ$20),"",DJ$32) | DR33: 22～26 | DS33: 補助額 | DT33: =DT32 -> 8600 | DU33: =IF(ISBLANK(DU$20),"",DU$32) | DV33: =IF(ISBLANK(DV$20),"",DV$32) | DW33: =IF(ISBLANK(DW$20),"",DW$32) | DX33: =IF(ISBLANK(DX$20),"",DX$32) | DY33: =IF(ISBLANK(DY$20),"",DY$32) | EG33: 22～26 | EH33: 補助額 | EI33: =EI32 -> 8600 | EJ33: =IF(ISBLANK(EJ$20),"",EJ$32) | EK33: =IF(ISBLANK(EK$20),"",EK$32) | EL33: =IF(ISBLANK(EL$20),"",EL$32) | EM33: =IF(ISBLANK(EM$20),"",EM$32) | EN33: =IF(ISBLANK(EN$20),"",EN$32) | EV33: 22～26 | EW33: 補助額 | EX33: =EX32 -> 8600 | EY33: =IF(ISBLANK(EY$20),"",EY$32) | EZ33: =IF(ISBLANK(EZ$20),"",EZ$32) | FA33: =IF(ISBLANK(FA$20),"",FA$32) | FB33: =IF(ISBLANK(FB$20),"",FB$32) | FC33: =IF(ISBLANK(FC$20),"",FC$32) | FK33: 22～26 | FL33: 補助額 | FM33: =FM32 -> 8600 | FN33: =IF(ISBLANK(FN$20),"",FN$32) | FO33: =IF(ISBLANK(FO$20),"",FO$32) | FP33: =IF(ISBLANK(FP$20),"",FP$32) | FQ33: =IF(ISBLANK(FQ$20),"",FQ$32) | FR33: =IF(ISBLANK(FR$20),"",FR$32) | FZ33: 22～26 | GA33: 補助額 | GB33: =GB32 -> 8600 | GC33: =IF(ISBLANK(GC$20),"",GC$32) | GD33: =IF(ISBLANK(GD$20),"",GD$32) | GE33: =IF(ISBLANK(GE$20),"",GE$32) | GF33: =IF(ISBLANK(GF$20),"",GF$32) | GG33: =IF(ISBLANK(GG$20),"",GG$32) | GO33: 22～26 | GP33: 補助額 | GQ33: =GQ32 -> 8600 | GR33: =IF(ISBLANK(GR$20),"",GR$32) | GS33: =IF(ISBLANK(GS$20),"",GS$32) | GT33: =IF(ISBLANK(GT$20),"",GT$32) | GU33: =IF(ISBLANK(GU$20),"",GU$32) | GV33: =IF(ISBLANK(GV$20),"",GV$32) | HD33: 22～26 | HE33: 補助額 | HF33: =HF32 -> 8600 | HG33: =IF(ISBLANK(HG$20),"",HG$32) | HH33: =IF(ISBLANK(HH$20),"",HH$32) | HI33: =IF(ISBLANK(HI$20),"",HI$32) | HJ33: =IF(ISBLANK(HJ$20),"",HJ$32) | HK33: =IF(ISBLANK(HK$20),"",HK$32)
C34: 計 | D34: =MIN(D33:I33) -> 8600 | R34: 計 | S34: =MIN(S33:X33) -> 8600 | AG34: 計 | AH34: =MIN(AH33:AM33) -> 8600 | AV34: 計 | AW34: =MIN(AW33:BB33) -> 8600 | BK34: 計 | BL34: =MIN(BL33:BQ33) -> 8600 | BZ34: 計 | CA34: =MIN(CA33:CF33) -> 8600 | CO34: 計 | CP34: =MIN(CP33:CU33) -> 8600 | DD34: 計 | DE34: =MIN(DE33:DJ33) -> 8600 | DS34: 計 | DT34: =MIN(DT33:DY33) -> 8600 | EH34: 計 | EI34: =MIN(EI33:EN33) -> 8600 | EW34: 計 | EX34: =MIN(EX33:FC33) -> 8600 | FL34: 計 | FM34: =MIN(FM33:FR33) -> 8600 | GA34: 計 | GB34: =MIN(GB33:GG33) -> 8600 | GP34: 計 | GQ34: =MIN(GQ33:GV33) -> 8600 | HE34: 計 | HF34: =MIN(HF33:HK33) -> 8600
C36: 1 | D36: =D$25 -> 0 | E36: ①令和５年４月から９月の各月１日時点における定員数に補助基準額（4,130円）を乗じて得た額の合計を基準額（Ａ）とする。 | F36: 令和５年度 各月１日時点の定員数（名） | H36: 定員数 | I36: 食材費 | R36: 1 | S36: =S$25 -> 0 | T36: ①令和５年４月から９月の各月１日時点における定員数に補助基準額（4,130円）を乗じて得た額の合計を基準額（Ａ）とする。 | U36: 令和５年度 各月１日時点の定員数（名） | W36: 定員数 | X36: 食材費 | AG36: 1 | AH36: =AH$25 -> 0 | AI36: ①令和５年４月から９月の各月１日時点における定員数に補助基準額（4,130円）を乗じて得た額の合計を基準額（Ａ）とする。 | AJ36: 令和５年度 各月１日時点の定員数（名） | AL36: 定員数 | AM36: 食材費 | AV36: 1 | AW36: =AW$25 -> 0 | AX36: ①令和５年４月から９月の各月１日時点における定員数に補助基準額（4,130円）を乗じて得た額の合計を基準額（Ａ）とする。 | AY36: 令和５年度 各月１日時点の定員数（名） | BA36: 定員数 | BB36: 食材費 | BK36: 1 | BL36: =BL$25 -> 0 | BM36: ①令和５年４月から９月の各月１日時点における定員数に補助基準額（4,130円）を乗じて得た額の合計を基準額（Ａ）とする。 | BN36: 令和５年度 各月１日時点の定員数（名） | BP36: 定員数 | BQ36: 食材費 | BZ36: 1 | CA36: =CA$25 -> 0 | CB36: ①令和５年４月から９月の各月１日時点における定員数に補助基準額（4,130円）を乗じて得た額の合計を基準額（Ａ）とする。 | CC36: 令和５年度 各月１日時点の定員数（名） | CE36: 定員数 | CF36: 食材費 | CO36: 1 | CP36: =CP$25 -> 0 | CQ36: ①令和５年４月から９月の各月１日時点における定員数に補助基準額（4,130円）を乗じて得た額の合計を基準額（Ａ）とする。 | CR36: 令和５年度 各月１日時点の定員数（名） | CT36: 定員数 | CU36: 食材費 | DD36: 1 | DE36: =DE$25 -> 0 | DF36: ①令和５年４月から９月の各月１日時点における定員数に補助基準額（4,130円）を乗じて得た額の合計を基準額（Ａ）とする。 | DG36: 令和５年度 各月１日時点の定員数（名） | DI36: 定員数 | DJ36: 食材費 | DS36: 1 | DT36: =DT$25 -> 0 | DU36: ①令和５年４月から９月の各月１日時点における定員数に補助基準額（4,130円）を乗じて得た額の合計を基準額（Ａ）とする。 | DV36: 令和５年度 各月１日時点の定員数（名） | DX36: 定員数 | DY36: 食材費 | EH36: 1 | EI36: =EI$25 -> 0 | EJ36: ①令和５年４月から９月の各月１日時点における定員数に補助基準額（4,130円）を乗じて得た額の合計を基準額（Ａ）とする。 | EK36: 令和５年度 各月１日時点の定員数（名） | EM36: 定員数 | EN36: 食材費 | EW36: 1 | EX36: =EX$25 -> 0 | EY36: ①令和５年４月から９月の各月１日時点における定員数に補助基準額（4,130円）を乗じて得た額の合計を基準額（Ａ）とする。 | EZ36: 令和５年度 各月１日時点の定員数（名） | FB36: 定員数 | FC36: 食材費 | FL36: 1 | FM36: =FM$25 -> 0 | FN36: ①令和５年４月から９月の各月１日時点における定員数に補助基準額（4,130円）を乗じて得た額の合計を基準額（Ａ）とする。 | FO36: 令和５年度 各月１日時点の定員数（名） | FQ36: 定員数 | FR36: 食材費 | GA36: 1 | GB36: =GB$25 -> 0 | GC36: ①令和５年４月から９月の各月１日時点における定員数に補助基準額（4,130円）を乗じて得た額の合計を基準額（Ａ）とする。 | GD36: 令和５年度 各月１日時点の定員数（名） | GF36: 定員数 | GG36: 食材費 | GP36: 1 | GQ36: =GQ$25 -> 0 | GR36: ①令和５年４月から９月の各月１日時点における定員数に補助基準額（4,130円）を乗じて得た額の合計を基準額（Ａ）とする。 | GS36: 令和５年度 各月１日時点の定員数（名） | GU36: 定員数 | GV36: 食材費 | HE36: 1 | HF36: =HF$25 -> 0 | HG36: ①令和５年４月から９月の各月１日時点における定員数に補助基準額（4,130円）を乗じて得た額の合計を基準額（Ａ）とする。 | HH36: 令和５年度 各月１日時点の定員数（名） | HJ36: 定員数 | HK36: 食材費
C37: 2 | D37: =D$25 -> 0 | E37: ①令和５年４月から９月の各月１日時点における定員数に補助基準額（4,130円）を乗じて得た額の合計を基準額（Ａ）とする。 | F37: 令和５年度 各月１日時点の定員数（名） | H37: 定員数 | I37: 食材費 | R37: 2 | S37: =S$25 -> 0 | T37: ①令和５年４月から９月の各月１日時点における定員数に補助基準額（4,130円）を乗じて得た額の合計を基準額（Ａ）とする。 | U37: 令和５年度 各月１日時点の定員数（名） | W37: 定員数 | X37: 食材費 | AG37: 2 | AH37: =AH$25 -> 0 | AI37: ①令和５年４月から９月の各月１日時点における定員数に補助基準額（4,130円）を乗じて得た額の合計を基準額（Ａ）とする。 | AJ37: 令和５年度 各月１日時点の定員数（名） | AL37: 定員数 | AM37: 食材費 | AV37: 2 | AW37: =AW$25 -> 0 | AX37: ①令和５年４月から９月の各月１日時点における定員数に補助基準額（4,130円）を乗じて得た額の合計を基準額（Ａ）とする。 | AY37: 令和５年度 各月１日時点の定員数（名） | BA37: 定員数 | BB37: 食材費 | BK37: 2 | BL37: =BL$25 -> 0 | BM37: ①令和５年４月から９月の各月１日時点における定員数に補助基準額（4,130円）を乗じて得た額の合計を基準額（Ａ）とする。 | BN37: 令和５年度 各月１日時点の定員数（名） | BP37: 定員数 | BQ37: 食材費 | BZ37: 2 | CA37: =CA$25 -> 0 | CB37: ①令和５年４月から９月の各月１日時点における定員数に補助基準額（4,130円）を乗じて得た額の合計を基準額（Ａ）とする。 | CC37: 令和５年度 各月１日時点の定員数（名） | CE37: 定員数 | CF37: 食材費 | CO37: 2 | CP37: =CP$25 -> 0 | CQ37: ①令和５年４月から９月の各月１日時点における定員数に補助基準額（4,130円）を乗じて得た額の合計を基準額（Ａ）とする。 | CR37: 令和５年度 各月１日時点の定員数（名） | CT37: 定員数 | CU37: 食材費 | DD37: 2 | DE37: =DE$25 -> 0 | DF37: ①令和５年４月から９月の各月１日時点における定員数に補助基準額（4,130円）を乗じて得た額の合計を基準額（Ａ）とする。 | DG37: 令和５年度 各月１日時点の定員数（名） | DI37: 定員数 | DJ37: 食材費 | DS37: 2 | DT37: =DT$25 -> 0 | DU37: ①令和５年４月から９月の各月１日時点における定員数に補助基準額（4,130円）を乗じて得た額の合計を基準額（Ａ）とする。 | DV37: 令和５年度 各月１日時点の定員数（名） | DX37: 定員数 | DY37: 食材費 | EH37: 2 | EI37: =EI$25 -> 0 | EJ37: ①令和５年４月から９月の各月１日時点における定員数に補助基準額（4,130円）を乗じて得た額の合計を基準額（Ａ）とする。 | EK37: 令和５年度 各月１日時点の定員数（名） | EM37: 定員数 | EN37: 食材費 | EW37: 2 | EX37: =EX$25 -> 0 | EY37: ①令和５年４月から９月の各月１日時点における定員数に補助基準額（4,130円）を乗じて得た額の合計を基準額（Ａ）とする。 | EZ37: 令和５年度 各月１日時点の定員数（名） | FB37: 定員数 | FC37: 食材費 | FL37: 2 | FM37: =FM$25 -> 0 | FN37: ①令和５年４月から９月の各月１日時点における定員数に補助基準額（4,130円）を乗じて得た額の合計を基準額（Ａ）とする。 | FO37: 令和５年度 各月１日時点の定員数（名） | FQ37: 定員数 | FR37: 食材費 | GA37: 2 | GB37: =GB$25 -> 0 | GC37: ①令和５年４月から９月の各月１日時点における定員数に補助基準額（4,130円）を乗じて得た額の合計を基準額（Ａ）とする。 | GD37: 令和５年度 各月１日時点の定員数（名） | GF37: 定員数 | GG37: 食材費 | GP37: 2 | GQ37: =GQ$25 -> 0 | GR37: ①令和５年４月から９月の各月１日時点における定員数に補助基準額（4,130円）を乗じて得た額の合計を基準額（Ａ）とする。 | GS37: 令和５年度 各月１日時点の定員数（名） | GU37: 定員数 | GV37: 食材費 | HE37: 2 | HF37: =HF$25 -> 0 | HG37: ①令和５年４月から９月の各月１日時点における定員数に補助基準額（4,130円）を乗じて得た額の合計を基準額（Ａ）とする。 | HH37: 令和５年度 各月１日時点の定員数（名） | HJ37: 定員数 | HK37: 食材費
C38: 3 | D38: =D$25 -> 0 | E38: ①令和５年４月から９月の各月１日時点における定員数に補助基準額（4,130円）を乗じて得た額の合計を基準額（Ａ）とする。 | F38: 令和５年度 各月１日時点の定員数（名） | H38: 定員数 | I38: 食材費 | R38: 3 | S38: =S$25 -> 0 | T38: ①令和５年４月から９月の各月１日時点における定員数に補助基準額（4,130円）を乗じて得た額の合計を基準額（Ａ）とする。 | U38: 令和５年度 各月１日時点の定員数（名） | W38: 定員数 | X38: 食材費 | AG38: 3 | AH38: =AH$25 -> 0 | AI38: ①令和５年４月から９月の各月１日時点における定員数に補助基準額（4,130円）を乗じて得た額の合計を基準額（Ａ）とする。 | AJ38: 令和５年度 各月１日時点の定員数（名） | AL38: 定員数 | AM38: 食材費 | AV38: 3 | AW38: =AW$25 -> 0 | AX38: ①令和５年４月から９月の各月１日時点における定員数に補助基準額（4,130円）を乗じて得た額の合計を基準額（Ａ）とする。 | AY38: 令和５年度 各月１日時点の定員数（名） | BA38: 定員数 | BB38: 食材費 | BK38: 3 | BL38: =BL$25 -> 0 | BM38: ①令和５年４月から９月の各月１日時点における定員数に補助基準額（4,130円）を乗じて得た額の合計を基準額（Ａ）とする。 | BN38: 令和５年度 各月１日時点の定員数（名） | BP38: 定員数 | BQ38: 食材費 | BZ38: 3 | CA38: =CA$25 -> 0 | CB38: ①令和５年４月から９月の各月１日時点における定員数に補助基準額（4,130円）を乗じて得た額の合計を基準額（Ａ）とする。 | CC38: 令和５年度 各月１日時点の定員数（名） | CE38: 定員数 | CF38: 食材費 | CO38: 3 | CP38: =CP$25 -> 0 | CQ38: ①令和５年４月から９月の各月１日時点における定員数に補助基準額（4,130円）を乗じて得た額の合計を基準額（Ａ）とする。 | CR38: 令和５年度 各月１日時点の定員数（名） | CT38: 定員数 | CU38: 食材費 | DD38: 3 | DE38: =DE$25 -> 0 | DF38: ①令和５年４月から９月の各月１日時点における定員数に補助基準額（4,130円）を乗じて得た額の合計を基準額（Ａ）とする。 | DG38: 令和５年度 各月１日時点の定員数（名） | DI38: 定員数 | DJ38: 食材費 | DS38: 3 | DT38: =DT$25 -> 0 | DU38: ①令和５年４月から９月の各月１日時点における定員数に補助基準額（4,130円）を乗じて得た額の合計を基準額（Ａ）とする。 | DV38: 令和５年度 各月１日時点の定員数（名） | DX38: 定員数 | DY38: 食材費 | EH38: 3 | EI38: =EI$25 -> 0 | EJ38: ①令和５年４月から９月の各月１日時点における定員数に補助基準額（4,130円）を乗じて得た額の合計を基準額（Ａ）とする。 | EK38: 令和５年度 各月１日時点の定員数（名） | EM38: 定員数 | EN38: 食材費 | EW38: 3 | EX38: =EX$25 -> 0 | EY38: ①令和５年４月から９月の各月１日時点における定員数に補助基準額（4,130円）を乗じて得た額の合計を基準額（Ａ）とする。 | EZ38: 令和５年度 各月１日時点の定員数（名） | FB38: 定員数 | FC38: 食材費 | FL38: 3 | FM38: =FM$25 -> 0 | FN38: ①令和５年４月から９月の各月１日時点における定員数に補助基準額（4,130円）を乗じて得た額の合計を基準額（Ａ）とする。 | FO38: 令和５年度 各月１日時点の定員数（名） | FQ38: 定員数 | FR38: 食材費 | GA38: 3 | GB38: =GB$25 -> 0 | GC38: ①令和５年４月から９月の各月１日時点における定員数に補助基準額（4,130円）を乗じて得た額の合計を基準額（Ａ）とする。 | GD38: 令和５年度 各月１日時点の定員数（名） | GF38: 定員数 | GG38: 食材費 | GP38: 3 | GQ38: =GQ$25 -> 0 | GR38: ①令和５年４月から９月の各月１日時点における定員数に補助基準額（4,130円）を乗じて得た額の合計を基準額（Ａ）とする。 | GS38: 令和５年度 各月１日時点の定員数（名） | GU38: 定員数 | GV38: 食材費 | HE38: 3 | HF38: =HF$25 -> 0 | HG38: ①令和５年４月から９月の各月１日時点における定員数に補助基準額（4,130円）を乗じて得た額の合計を基準額（Ａ）とする。 | HH38: 令和５年度 各月１日時点の定員数（名） | HJ38: 定員数 | HK38: 食材費
C39: 4 | D39: =D$25 -> 0 | E39: ①令和５年４月から９月の各月１日時点における定員数に補助基準額（4,130円）を乗じて得た額の合計を基準額（Ａ）とする。 | F39: 令和５年度 各月１日時点の定員数（名） | H39: 定員数 | I39: 食材費 | R39: 4 | S39: =S$25 -> 0 | T39: ①令和５年４月から９月の各月１日時点における定員数に補助基準額（4,130円）を乗じて得た額の合計を基準額（Ａ）とする。 | U39: 令和５年度 各月１日時点の定員数（名） | W39: 定員数 | X39: 食材費 | AG39: 4 | AH39: =AH$25 -> 0 | AI39: ①令和５年４月から９月の各月１日時点における定員数に補助基準額（4,130円）を乗じて得た額の合計を基準額（Ａ）とする。 | AJ39: 令和５年度 各月１日時点の定員数（名） | AL39: 定員数 | AM39: 食材費 | AV39: 4 | AW39: =AW$25 -> 0 | AX39: ①令和５年４月から９月の各月１日時点における定員数に補助基準額（4,130円）を乗じて得た額の合計を基準額（Ａ）とする。 | AY39: 令和５年度 各月１日時点の定員数（名） | BA39: 定員数 | BB39: 食材費 | BK39: 4 | BL39: =BL$25 -> 0 | BM39: ①令和５年４月から９月の各月１日時点における定員数に補助基準額（4,130円）を乗じて得た額の合計を基準額（Ａ）とする。 | BN39: 令和５年度 各月１日時点の定員数（名） | BP39: 定員数 | BQ39: 食材費 | BZ39: 4 | CA39: =CA$25 -> 0 | CB39: ①令和５年４月から９月の各月１日時点における定員数に補助基準額（4,130円）を乗じて得た額の合計を基準額（Ａ）とする。 | CC39: 令和５年度 各月１日時点の定員数（名） | CE39: 定員数 | CF39: 食材費 | CO39: 4 | CP39: =CP$25 -> 0 | CQ39: ①令和５年４月から９月の各月１日時点における定員数に補助基準額（4,130円）を乗じて得た額の合計を基準額（Ａ）とする。 | CR39: 令和５年度 各月１日時点の定員数（名） | CT39: 定員数 | CU39: 食材費 | DD39: 4 | DE39: =DE$25 -> 0 | DF39: ①令和５年４月から９月の各月１日時点における定員数に補助基準額（4,130円）を乗じて得た額の合計を基準額（Ａ）とする。 | DG39: 令和５年度 各月１日時点の定員数（名） | DI39: 定員数 | DJ39: 食材費 | DS39: 4 | DT39: =DT$25 -> 0 | DU39: ①令和５年４月から９月の各月１日時点における定員数に補助基準額（4,130円）を乗じて得た額の合計を基準額（Ａ）とする。 | DV39: 令和５年度 各月１日時点の定員数（名） | DX39: 定員数 | DY39: 食材費 | EH39: 4 | EI39: =EI$25 -> 0 | EJ39: ①令和５年４月から９月の各月１日時点における定員数に補助基準額（4,130円）を乗じて得た額の合計を基準額（Ａ）とする。 | EK39: 令和５年度 各月１日時点の定員数（名） | EM39: 定員数 | EN39: 食材費 | EW39: 4 | EX39: =EX$25 -> 0 | EY39: ①令和５年４月から９月の各月１日時点における定員数に補助基準額（4,130円）を乗じて得た額の合計を基準額（Ａ）とする。 | EZ39: 令和５年度 各月１日時点の定員数（名） | FB39: 定員数 | FC39: 食材費 | FL39: 4 | FM39: =FM$25 -> 0 | FN39: ①令和５年４月から９月の各月１日時点における定員数に補助基準額（4,130円）を乗じて得た額の合計を基準額（Ａ）とする。 | FO39: 令和５年度 各月１日時点の定員数（名） | FQ39: 定員数 | FR39: 食材費 | GA39: 4 | GB39: =GB$25 -> 0 | GC39: ①令和５年４月から９月の各月１日時点における定員数に補助基準額（4,130円）を乗じて得た額の合計を基準額（Ａ）とする。 | GD39: 令和５年度 各月１日時点の定員数（名） | GF39: 定員数 | GG39: 食材費 | GP39: 4 | GQ39: =GQ$25 -> 0 | GR39: ①令和５年４月から９月の各月１日時点における定員数に補助基準額（4,130円）を乗じて得た額の合計を基準額（Ａ）とする。 | GS39: 令和５年度 各月１日時点の定員数（名） | GU39: 定員数 | GV39: 食材費 | HE39: 4 | HF39: =HF$25 -> 0 | HG39: ①令和５年４月から９月の各月１日時点における定員数に補助基準額（4,130円）を乗じて得た額の合計を基準額（Ａ）とする。 | HH39: 令和５年度 各月１日時点の定員数（名） | HJ39: 定員数 | HK39: 食材費
C40: 5 | D40: =D$25 -> 0 | E40: ①令和５年４月から９月の各月１日時点における定員数に補助基準額（4,130円）を乗じて得た額の合計を基準額（Ａ）とする。 | F40: 令和５年度 各月１日時点の定員数（名） | H40: 定員数 | I40: 食材費 | R40: 5 | S40: =S$25 -> 0 | T40: ①令和５年４月から９月の各月１日時点における定員数に補助基準額（4,130円）を乗じて得た額の合計を基準額（Ａ）とする。 | U40: 令和５年度 各月１日時点の定員数（名） | W40: 定員数 | X40: 食材費 | AG40: 5 | AH40: =AH$25 -> 0 | AI40: ①令和５年４月から９月の各月１日時点における定員数に補助基準額（4,130円）を乗じて得た額の合計を基準額（Ａ）とする。 | AJ40: 令和５年度 各月１日時点の定員数（名） | AL40: 定員数 | AM40: 食材費 | AV40: 5 | AW40: =AW$25 -> 0 | AX40: ①令和５年４月から９月の各月１日時点における定員数に補助基準額（4,130円）を乗じて得た額の合計を基準額（Ａ）とする。 | AY40: 令和５年度 各月１日時点の定員数（名） | BA40: 定員数 | BB40: 食材費 | BK40: 5 | BL40: =BL$25 -> 0 | BM40: ①令和５年４月から９月の各月１日時点における定員数に補助基準額（4,130円）を乗じて得た額の合計を基準額（Ａ）とする。 | BN40: 令和５年度 各月１日時点の定員数（名） | BP40: 定員数 | BQ40: 食材費 | BZ40: 5 | CA40: =CA$25 -> 0 | CB40: ①令和５年４月から９月の各月１日時点における定員数に補助基準額（4,130円）を乗じて得た額の合計を基準額（Ａ）とする。 | CC40: 令和５年度 各月１日時点の定員数（名） | CE40: 定員数 | CF40: 食材費 | CO40: 5 | CP40: =CP$25 -> 0 | CQ40: ①令和５年４月から９月の各月１日時点における定員数に補助基準額（4,130円）を乗じて得た額の合計を基準額（Ａ）とする。 | CR40: 令和５年度 各月１日時点の定員数（名） | CT40: 定員数 | CU40: 食材費 | DD40: 5 | DE40: =DE$25 -> 0 | DF40: ①令和５年４月から９月の各月１日時点における定員数に補助基準額（4,130円）を乗じて得た額の合計を基準額（Ａ）とする。 | DG40: 令和５年度 各月１日時点の定員数（名） | DI40: 定員数 | DJ40: 食材費 | DS40: 5 | DT40: =DT$25 -> 0 | DU40: ①令和５年４月から９月の各月１日時点における定員数に補助基準額（4,130円）を乗じて得た額の合計を基準額（Ａ）とする。 | DV40: 令和５年度 各月１日時点の定員数（名） | DX40: 定員数 | DY40: 食材費 | EH40: 5 | EI40: =EI$25 -> 0 | EJ40: ①令和５年４月から９月の各月１日時点における定員数に補助基準額（4,130円）を乗じて得た額の合計を基準額（Ａ）とする。 | EK40: 令和５年度 各月１日時点の定員数（名） | EM40: 定員数 | EN40: 食材費 | EW40: 5 | EX40: =EX$25 -> 0 | EY40: ①令和５年４月から９月の各月１日時点における定員数に補助基準額（4,130円）を乗じて得た額の合計を基準額（Ａ）とする。 | EZ40: 令和５年度 各月１日時点の定員数（名） | FB40: 定員数 | FC40: 食材費 | FL40: 5 | FM40: =FM$25 -> 0 | FN40: ①令和５年４月から９月の各月１日時点における定員数に補助基準額（4,130円）を乗じて得た額の合計を基準額（Ａ）とする。 | FO40: 令和５年度 各月１日時点の定員数（名） | FQ40: 定員数 | FR40: 食材費 | GA40: 5 | GB40: =GB$25 -> 0 | GC40: ①令和５年４月から９月の各月１日時点における定員数に補助基準額（4,130円）を乗じて得た額の合計を基準額（Ａ）とする。 | GD40: 令和５年度 各月１日時点の定員数（名） | GF40: 定員数 | GG40: 食材費 | GP40: 5 | GQ40: =GQ$25 -> 0 | GR40: ①令和５年４月から９月の各月１日時点における定員数に補助基準額（4,130円）を乗じて得た額の合計を基準額（Ａ）とする。 | GS40: 令和５年度 各月１日時点の定員数（名） | GU40: 定員数 | GV40: 食材費 | HE40: 5 | HF40: =HF$25 -> 0 | HG40: ①令和５年４月から９月の各月１日時点における定員数に補助基準額（4,130円）を乗じて得た額の合計を基準額（Ａ）とする。 | HH40: 令和５年度 各月１日時点の定員数（名） | HJ40: 定員数 | HK40: 食材費
C41: 6 | D41: =D$25 -> 0 | E41: ①令和５年４月から９月の各月１日時点における定員数に補助基準額（4,130円）を乗じて得た額の合計を基準額（Ａ）とする。 | F41: 令和５年度 各月１日時点の定員数（名） | H41: 定員数 | I41: 食材費 | R41: 6 | S41: =S$25 -> 0 | T41: ①令和５年４月から９月の各月１日時点における定員数に補助基準額（4,130円）を乗じて得た額の合計を基準額（Ａ）とする。 | U41: 令和５年度 各月１日時点の定員数（名） | W41: 定員数 | X41: 食材費 | AG41: 6 | AH41: =AH$25 -> 0 | AI41: ①令和５年４月から９月の各月１日時点における定員数に補助基準額（4,130円）を乗じて得た額の合計を基準額（Ａ）とする。 | AJ41: 令和５年度 各月１日時点の定員数（名） | AL41: 定員数 | AM41: 食材費 | AV41: 6 | AW41: =AW$25 -> 0 | AX41: ①令和５年４月から９月の各月１日時点における定員数に補助基準額（4,130円）を乗じて得た額の合計を基準額（Ａ）とする。 | AY41: 令和５年度 各月１日時点の定員数（名） | BA41: 定員数 | BB41: 食材費 | BK41: 6 | BL41: =BL$25 -> 0 | BM41: ①令和５年４月から９月の各月１日時点における定員数に補助基準額（4,130円）を乗じて得た額の合計を基準額（Ａ）とする。 | BN41: 令和５年度 各月１日時点の定員数（名） | BP41: 定員数 | BQ41: 食材費 | BZ41: 6 | CA41: =CA$25 -> 0 | CB41: ①令和５年４月から９月の各月１日時点における定員数に補助基準額（4,130円）を乗じて得た額の合計を基準額（Ａ）とする。 | CC41: 令和５年度 各月１日時点の定員数（名） | CE41: 定員数 | CF41: 食材費 | CO41: 6 | CP41: =CP$25 -> 0 | CQ41: ①令和５年４月から９月の各月１日時点における定員数に補助基準額（4,130円）を乗じて得た額の合計を基準額（Ａ）とする。 | CR41: 令和５年度 各月１日時点の定員数（名） | CT41: 定員数 | CU41: 食材費 | DD41: 6 | DE41: =DE$25 -> 0 | DF41: ①令和５年４月から９月の各月１日時点における定員数に補助基準額（4,130円）を乗じて得た額の合計を基準額（Ａ）とする。 | DG41: 令和５年度 各月１日時点の定員数（名） | DI41: 定員数 | DJ41: 食材費 | DS41: 6 | DT41: =DT$25 -> 0 | DU41: ①令和５年４月から９月の各月１日時点における定員数に補助基準額（4,130円）を乗じて得た額の合計を基準額（Ａ）とする。 | DV41: 令和５年度 各月１日時点の定員数（名） | DX41: 定員数 | DY41: 食材費 | EH41: 6 | EI41: =EI$25 -> 0 | EJ41: ①令和５年４月から９月の各月１日時点における定員数に補助基準額（4,130円）を乗じて得た額の合計を基準額（Ａ）とする。 | EK41: 令和５年度 各月１日時点の定員数（名） | EM41: 定員数 | EN41: 食材費 | EW41: 6 | EX41: =EX$25 -> 0 | EY41: ①令和５年４月から９月の各月１日時点における定員数に補助基準額（4,130円）を乗じて得た額の合計を基準額（Ａ）とする。 | EZ41: 令和５年度 各月１日時点の定員数（名） | FB41: 定員数 | FC41: 食材費 | FL41: 6 | FM41: =FM$25 -> 0 | FN41: ①令和５年４月から９月の各月１日時点における定員数に補助基準額（4,130円）を乗じて得た額の合計を基準額（Ａ）とする。 | FO41: 令和５年度 各月１日時点の定員数（名） | FQ41: 定員数 | FR41: 食材費 | GA41: 6 | GB41: =GB$25 -> 0 | GC41: ①令和５年４月から９月の各月１日時点における定員数に補助基準額（4,130円）を乗じて得た額の合計を基準額（Ａ）とする。 | GD41: 令和５年度 各月１日時点の定員数（名） | GF41: 定員数 | GG41: 食材費 | GP41: 6 | GQ41: =GQ$25 -> 0 | GR41: ①令和５年４月から９月の各月１日時点における定員数に補助基準額（4,130円）を乗じて得た額の合計を基準額（Ａ）とする。 | GS41: 令和５年度 各月１日時点の定員数（名） | GU41: 定員数 | GV41: 食材費 | HE41: 6 | HF41: =HF$25 -> 0 | HG41: ①令和５年４月から９月の各月１日時点における定員数に補助基準額（4,130円）を乗じて得た額の合計を基準額（Ａ）とする。 | HH41: 令和５年度 各月１日時点の定員数（名） | HJ41: 定員数 | HK41: 食材費
C42: 7 | D42: =D$28 -> 0 | E42: ①令和５年４月から９月の各月１日時点における定員数に補助基準額（709円）を乗じて得た額の合計を基準額（Ａ）とする。 | F42: 令和５年度 各月１日時点の定員数（名） | H42: 定員数 | I42: 燃料費 | R42: 7 | S42: =S$28 -> 0 | T42: ①令和５年４月から９月の各月１日時点における定員数に補助基準額（709円）を乗じて得た額の合計を基準額（Ａ）とする。 | U42: 令和５年度 各月１日時点の定員数（名） | W42: 定員数 | X42: 燃料費 | AG42: 7 | AH42: =AH$28 -> 0 | AI42: ①令和５年４月から９月の各月１日時点における定員数に補助基準額（709円）を乗じて得た額の合計を基準額（Ａ）とする。 | AJ42: 令和５年度 各月１日時点の定員数（名） | AL42: 定員数 | AM42: 燃料費 | AV42: 7 | AW42: =AW$28 -> 0 | AX42: ①令和５年４月から９月の各月１日時点における定員数に補助基準額（709円）を乗じて得た額の合計を基準額（Ａ）とする。 | AY42: 令和５年度 各月１日時点の定員数（名） | BA42: 定員数 | BB42: 燃料費 | BK42: 7 | BL42: =BL$28 -> 0 | BM42: ①令和５年４月から９月の各月１日時点における定員数に補助基準額（709円）を乗じて得た額の合計を基準額（Ａ）とする。 | BN42: 令和５年度 各月１日時点の定員数（名） | BP42: 定員数 | BQ42: 燃料費 | BZ42: 7 | CA42: =CA$28 -> 0 | CB42: ①令和５年４月から９月の各月１日時点における定員数に補助基準額（709円）を乗じて得た額の合計を基準額（Ａ）とする。 | CC42: 令和５年度 各月１日時点の定員数（名） | CE42: 定員数 | CF42: 燃料費 | CO42: 7 | CP42: =CP$28 -> 0 | CQ42: ①令和５年４月から９月の各月１日時点における定員数に補助基準額（709円）を乗じて得た額の合計を基準額（Ａ）とする。 | CR42: 令和５年度 各月１日時点の定員数（名） | CT42: 定員数 | CU42: 燃料費 | DD42: 7 | DE42: =DE$28 -> 0 | DF42: ①令和５年４月から９月の各月１日時点における定員数に補助基準額（709円）を乗じて得た額の合計を基準額（Ａ）とする。 | DG42: 令和５年度 各月１日時点の定員数（名） | DI42: 定員数 | DJ42: 燃料費 | DS42: 7 | DT42: =DT$28 -> 0 | DU42: ①令和５年４月から９月の各月１日時点における定員数に補助基準額（709円）を乗じて得た額の合計を基準額（Ａ）とする。 | DV42: 令和５年度 各月１日時点の定員数（名） | DX42: 定員数 | DY42: 燃料費 | EH42: 7 | EI42: =EI$28 -> 0 | EJ42: ①令和５年４月から９月の各月１日時点における定員数に補助基準額（709円）を乗じて得た額の合計を基準額（Ａ）とする。 | EK42: 令和５年度 各月１日時点の定員数（名） | EM42: 定員数 | EN42: 燃料費 | EW42: 7 | EX42: =EX$28 -> 0 | EY42: ①令和５年４月から９月の各月１日時点における定員数に補助基準額（709円）を乗じて得た額の合計を基準額（Ａ）とする。 | EZ42: 令和５年度 各月１日時点の定員数（名） | FB42: 定員数 | FC42: 燃料費 | FL42: 7 | FM42: =FM$28 -> 0 | FN42: ①令和５年４月から９月の各月１日時点における定員数に補助基準額（709円）を乗じて得た額の合計を基準額（Ａ）とする。 | FO42: 令和５年度 各月１日時点の定員数（名） | FQ42: 定員数 | FR42: 燃料費 | GA42: 7 | GB42: =GB$28 -> 0 | GC42: ①令和５年４月から９月の各月１日時点における定員数に補助基準額（709円）を乗じて得た額の合計を基準額（Ａ）とする。 | GD42: 令和５年度 各月１日時点の定員数（名） | GF42: 定員数 | GG42: 燃料費 | GP42: 7 | GQ42: =GQ$28 -> 0 | GR42: ①令和５年４月から９月の各月１日時点における定員数に補助基準額（709円）を乗じて得た額の合計を基準額（Ａ）とする。 | GS42: 令和５年度 各月１日時点の定員数（名） | GU42: 定員数 | GV42: 燃料費 | HE42: 7 | HF42: =HF$28 -> 0 | HG42: ①令和５年４月から９月の各月１日時点における定員数に補助基準額（709円）を乗じて得た額の合計を基準額（Ａ）とする。 | HH42: 令和５年度 各月１日時点の定員数（名） | HJ42: 定員数 | HK42: 燃料費
C43: 8 | D43: =D$28 -> 0 | E43: ①令和５年４月から９月の各月１日時点における定員数に補助基準額（709円）を乗じて得た額の合計を基準額（Ａ）とする。 | F43: 令和５年度 各月１日時点の定員数（名） | H43: 定員数 | I43: 燃料費 | R43: 8 | S43: =S$28 -> 0 | T43: ①令和５年４月から９月の各月１日時点における定員数に補助基準額（709円）を乗じて得た額の合計を基準額（Ａ）とする。 | U43: 令和５年度 各月１日時点の定員数（名） | W43: 定員数 | X43: 燃料費 | AG43: 8 | AH43: =AH$28 -> 0 | AI43: ①令和５年４月から９月の各月１日時点における定員数に補助基準額（709円）を乗じて得た額の合計を基準額（Ａ）とする。 | AJ43: 令和５年度 各月１日時点の定員数（名） | AL43: 定員数 | AM43: 燃料費 | AV43: 8 | AW43: =AW$28 -> 0 | AX43: ①令和５年４月から９月の各月１日時点における定員数に補助基準額（709円）を乗じて得た額の合計を基準額（Ａ）とする。 | AY43: 令和５年度 各月１日時点の定員数（名） | BA43: 定員数 | BB43: 燃料費 | BK43: 8 | BL43: =BL$28 -> 0 | BM43: ①令和５年４月から９月の各月１日時点における定員数に補助基準額（709円）を乗じて得た額の合計を基準額（Ａ）とする。 | BN43: 令和５年度 各月１日時点の定員数（名） | BP43: 定員数 | BQ43: 燃料費 | BZ43: 8 | CA43: =CA$28 -> 0 | CB43: ①令和５年４月から９月の各月１日時点における定員数に補助基準額（709円）を乗じて得た額の合計を基準額（Ａ）とする。 | CC43: 令和５年度 各月１日時点の定員数（名） | CE43: 定員数 | CF43: 燃料費 | CO43: 8 | CP43: =CP$28 -> 0 | CQ43: ①令和５年４月から９月の各月１日時点における定員数に補助基準額（709円）を乗じて得た額の合計を基準額（Ａ）とする。 | CR43: 令和５年度 各月１日時点の定員数（名） | CT43: 定員数 | CU43: 燃料費 | DD43: 8 | DE43: =DE$28 -> 0 | DF43: ①令和５年４月から９月の各月１日時点における定員数に補助基準額（709円）を乗じて得た額の合計を基準額（Ａ）とする。 | DG43: 令和５年度 各月１日時点の定員数（名） | DI43: 定員数 | DJ43: 燃料費 | DS43: 8 | DT43: =DT$28 -> 0 | DU43: ①令和５年４月から９月の各月１日時点における定員数に補助基準額（709円）を乗じて得た額の合計を基準額（Ａ）とする。 | DV43: 令和５年度 各月１日時点の定員数（名） | DX43: 定員数 | DY43: 燃料費 | EH43: 8 | EI43: =EI$28 -> 0 | EJ43: ①令和５年４月から９月の各月１日時点における定員数に補助基準額（709円）を乗じて得た額の合計を基準額（Ａ）とする。 | EK43: 令和５年度 各月１日時点の定員数（名） | EM43: 定員数 | EN43: 燃料費 | EW43: 8 | EX43: =EX$28 -> 0 | EY43: ①令和５年４月から９月の各月１日時点における定員数に補助基準額（709円）を乗じて得た額の合計を基準額（Ａ）とする。 | EZ43: 令和５年度 各月１日時点の定員数（名） | FB43: 定員数 | FC43: 燃料費 | FL43: 8 | FM43: =FM$28 -> 0 | FN43: ①令和５年４月から９月の各月１日時点における定員数に補助基準額（709円）を乗じて得た額の合計を基準額（Ａ）とする。 | FO43: 令和５年度 各月１日時点の定員数（名） | FQ43: 定員数 | FR43: 燃料費 | GA43: 8 | GB43: =GB$28 -> 0 | GC43: ①令和５年４月から９月の各月１日時点における定員数に補助基準額（709円）を乗じて得た額の合計を基準額（Ａ）とする。 | GD43: 令和５年度 各月１日時点の定員数（名） | GF43: 定員数 | GG43: 燃料費 | GP43: 8 | GQ43: =GQ$28 -> 0 | GR43: ①令和５年４月から９月の各月１日時点における定員数に補助基準額（709円）を乗じて得た額の合計を基準額（Ａ）とする。 | GS43: 令和５年度 各月１日時点の定員数（名） | GU43: 定員数 | GV43: 燃料費 | HE43: 8 | HF43: =HF$28 -> 0 | HG43: ①令和５年４月から９月の各月１日時点における定員数に補助基準額（709円）を乗じて得た額の合計を基準額（Ａ）とする。 | HH43: 令和５年度 各月１日時点の定員数（名） | HJ43: 定員数 | HK43: 燃料費
C44: 9 | D44: =D$28 -> 0 | E44: ①令和５年４月から９月の各月１日時点における定員数に補助基準額（709円）を乗じて得た額の合計を基準額（Ａ）とする。 | F44: 令和５年度 各月１日時点の定員数（名） | H44: 定員数 | I44: 燃料費 | R44: 9 | S44: =S$28 -> 0 | T44: ①令和５年４月から９月の各月１日時点における定員数に補助基準額（709円）を乗じて得た額の合計を基準額（Ａ）とする。 | U44: 令和５年度 各月１日時点の定員数（名） | W44: 定員数 | X44: 燃料費 | AG44: 9 | AH44: =AH$28 -> 0 | AI44: ①令和５年４月から９月の各月１日時点における定員数に補助基準額（709円）を乗じて得た額の合計を基準額（Ａ）とする。 | AJ44: 令和５年度 各月１日時点の定員数（名） | AL44: 定員数 | AM44: 燃料費 | AV44: 9 | AW44: =AW$28 -> 0 | AX44: ①令和５年４月から９月の各月１日時点における定員数に補助基準額（709円）を乗じて得た額の合計を基準額（Ａ）とする。 | AY44: 令和５年度 各月１日時点の定員数（名） | BA44: 定員数 | BB44: 燃料費 | BK44: 9 | BL44: =BL$28 -> 0 | BM44: ①令和５年４月から９月の各月１日時点における定員数に補助基準額（709円）を乗じて得た額の合計を基準額（Ａ）とする。 | BN44: 令和５年度 各月１日時点の定員数（名） | BP44: 定員数 | BQ44: 燃料費 | BZ44: 9 | CA44: =CA$28 -> 0 | CB44: ①令和５年４月から９月の各月１日時点における定員数に補助基準額（709円）を乗じて得た額の合計を基準額（Ａ）とする。 | CC44: 令和５年度 各月１日時点の定員数（名） | CE44: 定員数 | CF44: 燃料費 | CO44: 9 | CP44: =CP$28 -> 0 | CQ44: ①令和５年４月から９月の各月１日時点における定員数に補助基準額（709円）を乗じて得た額の合計を基準額（Ａ）とする。 | CR44: 令和５年度 各月１日時点の定員数（名） | CT44: 定員数 | CU44: 燃料費 | DD44: 9 | DE44: =DE$28 -> 0 | DF44: ①令和５年４月から９月の各月１日時点における定員数に補助基準額（709円）を乗じて得た額の合計を基準額（Ａ）とする。 | DG44: 令和５年度 各月１日時点の定員数（名） | DI44: 定員数 | DJ44: 燃料費 | DS44: 9 | DT44: =DT$28 -> 0 | DU44: ①令和５年４月から９月の各月１日時点における定員数に補助基準額（709円）を乗じて得た額の合計を基準額（Ａ）とする。 | DV44: 令和５年度 各月１日時点の定員数（名） | DX44: 定員数 | DY44: 燃料費 | EH44: 9 | EI44: =EI$28 -> 0 | EJ44: ①令和５年４月から９月の各月１日時点における定員数に補助基準額（709円）を乗じて得た額の合計を基準額（Ａ）とする。 | EK44: 令和５年度 各月１日時点の定員数（名） | EM44: 定員数 | EN44: 燃料費 | EW44: 9 | EX44: =EX$28 -> 0 | EY44: ①令和５年４月から９月の各月１日時点における定員数に補助基準額（709円）を乗じて得た額の合計を基準額（Ａ）とする。 | EZ44: 令和５年度 各月１日時点の定員数（名） | FB44: 定員数 | FC44: 燃料費 | FL44: 9 | FM44: =FM$28 -> 0 | FN44: ①令和５年４月から９月の各月１日時点における定員数に補助基準額（709円）を乗じて得た額の合計を基準額（Ａ）とする。 | FO44: 令和５年度 各月１日時点の定員数（名） | FQ44: 定員数 | FR44: 燃料費 | GA44: 9 | GB44: =GB$28 -> 0 | GC44: ①令和５年４月から９月の各月１日時点における定員数に補助基準額（709円）を乗じて得た額の合計を基準額（Ａ）とする。 | GD44: 令和５年度 各月１日時点の定員数（名） | GF44: 定員数 | GG44: 燃料費 | GP44: 9 | GQ44: =GQ$28 -> 0 | GR44: ①令和５年４月から９月の各月１日時点における定員数に補助基準額（709円）を乗じて得た額の合計を基準額（Ａ）とする。 | GS44: 令和５年度 各月１日時点の定員数（名） | GU44: 定員数 | GV44: 燃料費 | HE44: 9 | HF44: =HF$28 -> 0 | HG44: ①令和５年４月から９月の各月１日時点における定員数に補助基準額（709円）を乗じて得た額の合計を基準額（Ａ）とする。 | HH44: 令和５年度 各月１日時点の定員数（名） | HJ44: 定員数 | HK44: 燃料費
C45: 10 | D45: =D$28 -> 0 | E45: ①令和５年４月から９月の各月１日時点における定員数に補助基準額（709円）を乗じて得た額の合計を基準額（Ａ）とする。 | F45: 令和５年度 各月１日時点の定員数（名） | H45: 定員数 | I45: 燃料費 | R45: 10 | S45: =S$28 -> 0 | T45: ①令和５年４月から９月の各月１日時点における定員数に補助基準額（709円）を乗じて得た額の合計を基準額（Ａ）とする。 | U45: 令和５年度 各月１日時点の定員数（名） | W45: 定員数 | X45: 燃料費 | AG45: 10 | AH45: =AH$28 -> 0 | AI45: ①令和５年４月から９月の各月１日時点における定員数に補助基準額（709円）を乗じて得た額の合計を基準額（Ａ）とする。 | AJ45: 令和５年度 各月１日時点の定員数（名） | AL45: 定員数 | AM45: 燃料費 | AV45: 10 | AW45: =AW$28 -> 0 | AX45: ①令和５年４月から９月の各月１日時点における定員数に補助基準額（709円）を乗じて得た額の合計を基準額（Ａ）とする。 | AY45: 令和５年度 各月１日時点の定員数（名） | BA45: 定員数 | BB45: 燃料費 | BK45: 10 | BL45: =BL$28 -> 0 | BM45: ①令和５年４月から９月の各月１日時点における定員数に補助基準額（709円）を乗じて得た額の合計を基準額（Ａ）とする。 | BN45: 令和５年度 各月１日時点の定員数（名） | BP45: 定員数 | BQ45: 燃料費 | BZ45: 10 | CA45: =CA$28 -> 0 | CB45: ①令和５年４月から９月の各月１日時点における定員数に補助基準額（709円）を乗じて得た額の合計を基準額（Ａ）とする。 | CC45: 令和５年度 各月１日時点の定員数（名） | CE45: 定員数 | CF45: 燃料費 | CO45: 10 | CP45: =CP$28 -> 0 | CQ45: ①令和５年４月から９月の各月１日時点における定員数に補助基準額（709円）を乗じて得た額の合計を基準額（Ａ）とする。 | CR45: 令和５年度 各月１日時点の定員数（名） | CT45: 定員数 | CU45: 燃料費 | DD45: 10 | DE45: =DE$28 -> 0 | DF45: ①令和５年４月から９月の各月１日時点における定員数に補助基準額（709円）を乗じて得た額の合計を基準額（Ａ）とする。 | DG45: 令和５年度 各月１日時点の定員数（名） | DI45: 定員数 | DJ45: 燃料費 | DS45: 10 | DT45: =DT$28 -> 0 | DU45: ①令和５年４月から９月の各月１日時点における定員数に補助基準額（709円）を乗じて得た額の合計を基準額（Ａ）とする。 | DV45: 令和５年度 各月１日時点の定員数（名） | DX45: 定員数 | DY45: 燃料費 | EH45: 10 | EI45: =EI$28 -> 0 | EJ45: ①令和５年４月から９月の各月１日時点における定員数に補助基準額（709円）を乗じて得た額の合計を基準額（Ａ）とする。 | EK45: 令和５年度 各月１日時点の定員数（名） | EM45: 定員数 | EN45: 燃料費 | EW45: 10 | EX45: =EX$28 -> 0 | EY45: ①令和５年４月から９月の各月１日時点における定員数に補助基準額（709円）を乗じて得た額の合計を基準額（Ａ）とする。 | EZ45: 令和５年度 各月１日時点の定員数（名） | FB45: 定員数 | FC45: 燃料費 | FL45: 10 | FM45: =FM$28 -> 0 | FN45: ①令和５年４月から９月の各月１日時点における定員数に補助基準額（709円）を乗じて得た額の合計を基準額（Ａ）とする。 | FO45: 令和５年度 各月１日時点の定員数（名） | FQ45: 定員数 | FR45: 燃料費 | GA45: 10 | GB45: =GB$28 -> 0 | GC45: ①令和５年４月から９月の各月１日時点における定員数に補助基準額（709円）を乗じて得た額の合計を基準額（Ａ）とする。 | GD45: 令和５年度 各月１日時点の定員数（名） | GF45: 定員数 | GG45: 燃料費 | GP45: 10 | GQ45: =GQ$28 -> 0 | GR45: ①令和５年４月から９月の各月１日時点における定員数に補助基準額（709円）を乗じて得た額の合計を基準額（Ａ）とする。 | GS45: 令和５年度 各月１日時点の定員数（名） | GU45: 定員数 | GV45: 燃料費 | HE45: 10 | HF45: =HF$28 -> 0 | HG45: ①令和５年４月から９月の各月１日時点における定員数に補助基準額（709円）を乗じて得た額の合計を基準額（Ａ）とする。 | HH45: 令和５年度 各月１日時点の定員数（名） | HJ45: 定員数 | HK45: 燃料費
C46: 11 | D46: =D$28 -> 0 | E46: ①令和５年４月から９月の各月１日時点における定員数に補助基準額（709円）を乗じて得た額の合計を基準額（Ａ）とする。 | F46: 令和５年度 各月１日時点の定員数（名） | H46: 定員数 | I46: 燃料費 | R46: 11 | S46: =S$28 -> 0 | T46: ①令和５年４月から９月の各月１日時点における定員数に補助基準額（709円）を乗じて得た額の合計を基準額（Ａ）とする。 | U46: 令和５年度 各月１日時点の定員数（名） | W46: 定員数 | X46: 燃料費 | AG46: 11 | AH46: =AH$28 -> 0 | AI46: ①令和５年４月から９月の各月１日時点における定員数に補助基準額（709円）を乗じて得た額の合計を基準額（Ａ）とする。 | AJ46: 令和５年度 各月１日時点の定員数（名） | AL46: 定員数 | AM46: 燃料費 | AV46: 11 | AW46: =AW$28 -> 0 | AX46: ①令和５年４月から９月の各月１日時点における定員数に補助基準額（709円）を乗じて得た額の合計を基準額（Ａ）とする。 | AY46: 令和５年度 各月１日時点の定員数（名） | BA46: 定員数 | BB46: 燃料費 | BK46: 11 | BL46: =BL$28 -> 0 | BM46: ①令和５年４月から９月の各月１日時点における定員数に補助基準額（709円）を乗じて得た額の合計を基準額（Ａ）とする。 | BN46: 令和５年度 各月１日時点の定員数（名） | BP46: 定員数 | BQ46: 燃料費 | BZ46: 11 | CA46: =CA$28 -> 0 | CB46: ①令和５年４月から９月の各月１日時点における定員数に補助基準額（709円）を乗じて得た額の合計を基準額（Ａ）とする。 | CC46: 令和５年度 各月１日時点の定員数（名） | CE46: 定員数 | CF46: 燃料費 | CO46: 11 | CP46: =CP$28 -> 0 | CQ46: ①令和５年４月から９月の各月１日時点における定員数に補助基準額（709円）を乗じて得た額の合計を基準額（Ａ）とする。 | CR46: 令和５年度 各月１日時点の定員数（名） | CT46: 定員数 | CU46: 燃料費 | DD46: 11 | DE46: =DE$28 -> 0 | DF46: ①令和５年４月から９月の各月１日時点における定員数に補助基準額（709円）を乗じて得た額の合計を基準額（Ａ）とする。 | DG46: 令和５年度 各月１日時点の定員数（名） | DI46: 定員数 | DJ46: 燃料費 | DS46: 11 | DT46: =DT$28 -> 0 | DU46: ①令和５年４月から９月の各月１日時点における定員数に補助基準額（709円）を乗じて得た額の合計を基準額（Ａ）とする。 | DV46: 令和５年度 各月１日時点の定員数（名） | DX46: 定員数 | DY46: 燃料費 | EH46: 11 | EI46: =EI$28 -> 0 | EJ46: ①令和５年４月から９月の各月１日時点における定員数に補助基準額（709円）を乗じて得た額の合計を基準額（Ａ）とする。 | EK46: 令和５年度 各月１日時点の定員数（名） | EM46: 定員数 | EN46: 燃料費 | EW46: 11 | EX46: =EX$28 -> 0 | EY46: ①令和５年４月から９月の各月１日時点における定員数に補助基準額（709円）を乗じて得た額の合計を基準額（Ａ）とする。 | EZ46: 令和５年度 各月１日時点の定員数（名） | FB46: 定員数 | FC46: 燃料費 | FL46: 11 | FM46: =FM$28 -> 0 | FN46: ①令和５年４月から９月の各月１日時点における定員数に補助基準額（709円）を乗じて得た額の合計を基準額（Ａ）とする。 | FO46: 令和５年度 各月１日時点の定員数（名） | FQ46: 定員数 | FR46: 燃料費 | GA46: 11 | GB46: =GB$28 -> 0 | GC46: ①令和５年４月から９月の各月１日時点における定員数に補助基準額（709円）を乗じて得た額の合計を基準額（Ａ）とする。 | GD46: 令和５年度 各月１日時点の定員数（名） | GF46: 定員数 | GG46: 燃料費 | GP46: 11 | GQ46: =GQ$28 -> 0 | GR46: ①令和５年４月から９月の各月１日時点における定員数に補助基準額（709円）を乗じて得た額の合計を基準額（Ａ）とする。 | GS46: 令和５年度 各月１日時点の定員数（名） | GU46: 定員数 | GV46: 燃料費 | HE46: 11 | HF46: =HF$28 -> 0 | HG46: ①令和５年４月から９月の各月１日時点における定員数に補助基準額（709円）を乗じて得た額の合計を基準額（Ａ）とする。 | HH46: 令和５年度 各月１日時点の定員数（名） | HJ46: 定員数 | HK46: 燃料費
C47: 12 | D47: =D$28 -> 0 | E47: ①令和５年４月から９月の各月１日時点における定員数に補助基準額（709円）を乗じて得た額の合計を基準額（Ａ）とする。 | F47: 令和５年度 各月１日時点の定員数（名） | H47: 定員数 | I47: 燃料費 | R47: 12 | S47: =S$28 -> 0 | T47: ①令和５年４月から９月の各月１日時点における定員数に補助基準額（709円）を乗じて得た額の合計を基準額（Ａ）とする。 | U47: 令和５年度 各月１日時点の定員数（名） | W47: 定員数 | X47: 燃料費 | AG47: 12 | AH47: =AH$28 -> 0 | AI47: ①令和５年４月から９月の各月１日時点における定員数に補助基準額（709円）を乗じて得た額の合計を基準額（Ａ）とする。 | AJ47: 令和５年度 各月１日時点の定員数（名） | AL47: 定員数 | AM47: 燃料費 | AV47: 12 | AW47: =AW$28 -> 0 | AX47: ①令和５年４月から９月の各月１日時点における定員数に補助基準額（709円）を乗じて得た額の合計を基準額（Ａ）とする。 | AY47: 令和５年度 各月１日時点の定員数（名） | BA47: 定員数 | BB47: 燃料費 | BK47: 12 | BL47: =BL$28 -> 0 | BM47: ①令和５年４月から９月の各月１日時点における定員数に補助基準額（709円）を乗じて得た額の合計を基準額（Ａ）とする。 | BN47: 令和５年度 各月１日時点の定員数（名） | BP47: 定員数 | BQ47: 燃料費 | BZ47: 12 | CA47: =CA$28 -> 0 | CB47: ①令和５年４月から９月の各月１日時点における定員数に補助基準額（709円）を乗じて得た額の合計を基準額（Ａ）とする。 | CC47: 令和５年度 各月１日時点の定員数（名） | CE47: 定員数 | CF47: 燃料費 | CO47: 12 | CP47: =CP$28 -> 0 | CQ47: ①令和５年４月から９月の各月１日時点における定員数に補助基準額（709円）を乗じて得た額の合計を基準額（Ａ）とする。 | CR47: 令和５年度 各月１日時点の定員数（名） | CT47: 定員数 | CU47: 燃料費 | DD47: 12 | DE47: =DE$28 -> 0 | DF47: ①令和５年４月から９月の各月１日時点における定員数に補助基準額（709円）を乗じて得た額の合計を基準額（Ａ）とする。 | DG47: 令和５年度 各月１日時点の定員数（名） | DI47: 定員数 | DJ47: 燃料費 | DS47: 12 | DT47: =DT$28 -> 0 | DU47: ①令和５年４月から９月の各月１日時点における定員数に補助基準額（709円）を乗じて得た額の合計を基準額（Ａ）とする。 | DV47: 令和５年度 各月１日時点の定員数（名） | DX47: 定員数 | DY47: 燃料費 | EH47: 12 | EI47: =EI$28 -> 0 | EJ47: ①令和５年４月から９月の各月１日時点における定員数に補助基準額（709円）を乗じて得た額の合計を基準額（Ａ）とする。 | EK47: 令和５年度 各月１日時点の定員数（名） | EM47: 定員数 | EN47: 燃料費 | EW47: 12 | EX47: =EX$28 -> 0 | EY47: ①令和５年４月から９月の各月１日時点における定員数に補助基準額（709円）を乗じて得た額の合計を基準額（Ａ）とする。 | EZ47: 令和５年度 各月１日時点の定員数（名） | FB47: 定員数 | FC47: 燃料費 | FL47: 12 | FM47: =FM$28 -> 0 | FN47: ①令和５年４月から９月の各月１日時点における定員数に補助基準額（709円）を乗じて得た額の合計を基準額（Ａ）とする。 | FO47: 令和５年度 各月１日時点の定員数（名） | FQ47: 定員数 | FR47: 燃料費 | GA47: 12 | GB47: =GB$28 -> 0 | GC47: ①令和５年４月から９月の各月１日時点における定員数に補助基準額（709円）を乗じて得た額の合計を基準額（Ａ）とする。 | GD47: 令和５年度 各月１日時点の定員数（名） | GF47: 定員数 | GG47: 燃料費 | GP47: 12 | GQ47: =GQ$28 -> 0 | GR47: ①令和５年４月から９月の各月１日時点における定員数に補助基準額（709円）を乗じて得た額の合計を基準額（Ａ）とする。 | GS47: 令和５年度 各月１日時点の定員数（名） | GU47: 定員数 | GV47: 燃料費 | HE47: 12 | HF47: =HF$28 -> 0 | HG47: ①令和５年４月から９月の各月１日時点における定員数に補助基準額（709円）を乗じて得た額の合計を基準額（Ａ）とする。 | HH47: 令和５年度 各月１日時点の定員数（名） | HJ47: 定員数 | HK47: 燃料費
C48: 13 | D48: =D$28 -> 0 | E48: ①令和５年４月から９月の各月１日時点における定員数に補助基準額（709円）を乗じて得た額の合計を基準額（Ａ）とする。 | F48: 令和５年度 各月１日時点の定員数（名） | H48: 定員数 | I48: 燃料費 | R48: 13 | S48: =S$28 -> 0 | T48: ①令和５年４月から９月の各月１日時点における定員数に補助基準額（709円）を乗じて得た額の合計を基準額（Ａ）とする。 | U48: 令和５年度 各月１日時点の定員数（名） | W48: 定員数 | X48: 燃料費 | AG48: 13 | AH48: =AH$28 -> 0 | AI48: ①令和５年４月から９月の各月１日時点における定員数に補助基準額（709円）を乗じて得た額の合計を基準額（Ａ）とする。 | AJ48: 令和５年度 各月１日時点の定員数（名） | AL48: 定員数 | AM48: 燃料費 | AV48: 13 | AW48: =AW$28 -> 0 | AX48: ①令和５年４月から９月の各月１日時点における定員数に補助基準額（709円）を乗じて得た額の合計を基準額（Ａ）とする。 | AY48: 令和５年度 各月１日時点の定員数（名） | BA48: 定員数 | BB48: 燃料費 | BK48: 13 | BL48: =BL$28 -> 0 | BM48: ①令和５年４月から９月の各月１日時点における定員数に補助基準額（709円）を乗じて得た額の合計を基準額（Ａ）とする。 | BN48: 令和５年度 各月１日時点の定員数（名） | BP48: 定員数 | BQ48: 燃料費 | BZ48: 13 | CA48: =CA$28 -> 0 | CB48: ①令和５年４月から９月の各月１日時点における定員数に補助基準額（709円）を乗じて得た額の合計を基準額（Ａ）とする。 | CC48: 令和５年度 各月１日時点の定員数（名） | CE48: 定員数 | CF48: 燃料費 | CO48: 13 | CP48: =CP$28 -> 0 | CQ48: ①令和５年４月から９月の各月１日時点における定員数に補助基準額（709円）を乗じて得た額の合計を基準額（Ａ）とする。 | CR48: 令和５年度 各月１日時点の定員数（名） | CT48: 定員数 | CU48: 燃料費 | DD48: 13 | DE48: =DE$28 -> 0 | DF48: ①令和５年４月から９月の各月１日時点における定員数に補助基準額（709円）を乗じて得た額の合計を基準額（Ａ）とする。 | DG48: 令和５年度 各月１日時点の定員数（名） | DI48: 定員数 | DJ48: 燃料費 | DS48: 13 | DT48: =DT$28 -> 0 | DU48: ①令和５年４月から９月の各月１日時点における定員数に補助基準額（709円）を乗じて得た額の合計を基準額（Ａ）とする。 | DV48: 令和５年度 各月１日時点の定員数（名） | DX48: 定員数 | DY48: 燃料費 | EH48: 13 | EI48: =EI$28 -> 0 | EJ48: ①令和５年４月から９月の各月１日時点における定員数に補助基準額（709円）を乗じて得た額の合計を基準額（Ａ）とする。 | EK48: 令和５年度 各月１日時点の定員数（名） | EM48: 定員数 | EN48: 燃料費 | EW48: 13 | EX48: =EX$28 -> 0 | EY48: ①令和５年４月から９月の各月１日時点における定員数に補助基準額（709円）を乗じて得た額の合計を基準額（Ａ）とする。 | EZ48: 令和５年度 各月１日時点の定員数（名） | FB48: 定員数 | FC48: 燃料費 | FL48: 13 | FM48: =FM$28 -> 0 | FN48: ①令和５年４月から９月の各月１日時点における定員数に補助基準額（709円）を乗じて得た額の合計を基準額（Ａ）とする。 | FO48: 令和５年度 各月１日時点の定員数（名） | FQ48: 定員数 | FR48: 燃料費 | GA48: 13 | GB48: =GB$28 -> 0 | GC48: ①令和５年４月から９月の各月１日時点における定員数に補助基準額（709円）を乗じて得た額の合計を基準額（Ａ）とする。 | GD48: 令和５年度 各月１日時点の定員数（名） | GF48: 定員数 | GG48: 燃料費 | GP48: 13 | GQ48: =GQ$28 -> 0 | GR48: ①令和５年４月から９月の各月１日時点における定員数に補助基準額（709円）を乗じて得た額の合計を基準額（Ａ）とする。 | GS48: 令和５年度 各月１日時点の定員数（名） | GU48: 定員数 | GV48: 燃料費 | HE48: 13 | HF48: =HF$28 -> 0 | HG48: ①令和５年４月から９月の各月１日時点における定員数に補助基準額（709円）を乗じて得た額の合計を基準額（Ａ）とする。 | HH48: 令和５年度 各月１日時点の定員数（名） | HJ48: 定員数 | HK48: 燃料費
C49: 14 | D49: =D$28 -> 0 | E49: ①令和５年４月から９月の各月１日時点における定員数に補助基準額（709円）を乗じて得た額の合計を基準額（Ａ）とする。 | F49: 令和５年度 各月１日時点の定員数（名） | H49: 定員数 | I49: 燃料費 | R49: 14 | S49: =S$28 -> 0 | T49: ①令和５年４月から９月の各月１日時点における定員数に補助基準額（709円）を乗じて得た額の合計を基準額（Ａ）とする。 | U49: 令和５年度 各月１日時点の定員数（名） | W49: 定員数 | X49: 燃料費 | AG49: 14 | AH49: =AH$28 -> 0 | AI49: ①令和５年４月から９月の各月１日時点における定員数に補助基準額（709円）を乗じて得た額の合計を基準額（Ａ）とする。 | AJ49: 令和５年度 各月１日時点の定員数（名） | AL49: 定員数 | AM49: 燃料費 | AV49: 14 | AW49: =AW$28 -> 0 | AX49: ①令和５年４月から９月の各月１日時点における定員数に補助基準額（709円）を乗じて得た額の合計を基準額（Ａ）とする。 | AY49: 令和５年度 各月１日時点の定員数（名） | BA49: 定員数 | BB49: 燃料費 | BK49: 14 | BL49: =BL$28 -> 0 | BM49: ①令和５年４月から９月の各月１日時点における定員数に補助基準額（709円）を乗じて得た額の合計を基準額（Ａ）とする。 | BN49: 令和５年度 各月１日時点の定員数（名） | BP49: 定員数 | BQ49: 燃料費 | BZ49: 14 | CA49: =CA$28 -> 0 | CB49: ①令和５年４月から９月の各月１日時点における定員数に補助基準額（709円）を乗じて得た額の合計を基準額（Ａ）とする。 | CC49: 令和５年度 各月１日時点の定員数（名） | CE49: 定員数 | CF49: 燃料費 | CO49: 14 | CP49: =CP$28 -> 0 | CQ49: ①令和５年４月から９月の各月１日時点における定員数に補助基準額（709円）を乗じて得た額の合計を基準額（Ａ）とする。 | CR49: 令和５年度 各月１日時点の定員数（名） | CT49: 定員数 | CU49: 燃料費 | DD49: 14 | DE49: =DE$28 -> 0 | DF49: ①令和５年４月から９月の各月１日時点における定員数に補助基準額（709円）を乗じて得た額の合計を基準額（Ａ）とする。 | DG49: 令和５年度 各月１日時点の定員数（名） | DI49: 定員数 | DJ49: 燃料費 | DS49: 14 | DT49: =DT$28 -> 0 | DU49: ①令和５年４月から９月の各月１日時点における定員数に補助基準額（709円）を乗じて得た額の合計を基準額（Ａ）とする。 | DV49: 令和５年度 各月１日時点の定員数（名） | DX49: 定員数 | DY49: 燃料費 | EH49: 14 | EI49: =EI$28 -> 0 | EJ49: ①令和５年４月から９月の各月１日時点における定員数に補助基準額（709円）を乗じて得た額の合計を基準額（Ａ）とする。 | EK49: 令和５年度 各月１日時点の定員数（名） | EM49: 定員数 | EN49: 燃料費 | EW49: 14 | EX49: =EX$28 -> 0 | EY49: ①令和５年４月から９月の各月１日時点における定員数に補助基準額（709円）を乗じて得た額の合計を基準額（Ａ）とする。 | EZ49: 令和５年度 各月１日時点の定員数（名） | FB49: 定員数 | FC49: 燃料費 | FL49: 14 | FM49: =FM$28 -> 0 | FN49: ①令和５年４月から９月の各月１日時点における定員数に補助基準額（709円）を乗じて得た額の合計を基準額（Ａ）とする。 | FO49: 令和５年度 各月１日時点の定員数（名） | FQ49: 定員数 | FR49: 燃料費 | GA49: 14 | GB49: =GB$28 -> 0 | GC49: ①令和５年４月から９月の各月１日時点における定員数に補助基準額（709円）を乗じて得た額の合計を基準額（Ａ）とする。 | GD49: 令和５年度 各月１日時点の定員数（名） | GF49: 定員数 | GG49: 燃料費 | GP49: 14 | GQ49: =GQ$28 -> 0 | GR49: ①令和５年４月から９月の各月１日時点における定員数に補助基準額（709円）を乗じて得た額の合計を基準額（Ａ）とする。 | GS49: 令和５年度 各月１日時点の定員数（名） | GU49: 定員数 | GV49: 燃料費 | HE49: 14 | HF49: =HF$28 -> 0 | HG49: ①令和５年４月から９月の各月１日時点における定員数に補助基準額（709円）を乗じて得た額の合計を基準額（Ａ）とする。 | HH49: 令和５年度 各月１日時点の定員数（名） | HJ49: 定員数 | HK49: 燃料費
C50: 15 | D50: =D$31 -> 21500 | E50: ①交付要綱別表２第４欄に定める補助基準額を基準額（Ａ）とする。 | F50: 指定を受けた日の属する月に〇を記入 | G50: 【補助対象期間の途中において、都知事又は都内区市町村長の指定を受けた事業所等のみ記入】 | H50: 令和５年度 | I50: 燃料費 | R50: 15 | S50: =S$31 -> 21500 | T50: ①交付要綱別表２第４欄に定める補助基準額を基準額（Ａ）とする。 | U50: 指定を受けた日の属する月に〇を記入 | V50: 【補助対象期間の途中において、都知事又は都内区市町村長の指定を受けた事業所等のみ記入】 | W50: 令和５年度 | X50: 燃料費 | AG50: 15 | AH50: =AH$31 -> 21500 | AI50: ①交付要綱別表２第４欄に定める補助基準額を基準額（Ａ）とする。 | AJ50: 指定を受けた日の属する月に〇を記入 | AK50: 【補助対象期間の途中において、都知事又は都内区市町村長の指定を受けた事業所等のみ記入】 | AL50: 令和５年度 | AM50: 燃料費 | AV50: 15 | AW50: =AW$31 -> 21500 | AX50: ①交付要綱別表２第４欄に定める補助基準額を基準額（Ａ）とする。 | AY50: 指定を受けた日の属する月に〇を記入 | AZ50: 【補助対象期間の途中において、都知事又は都内区市町村長の指定を受けた事業所等のみ記入】 | BA50: 令和５年度 | BB50: 燃料費 | BK50: 15 | BL50: =BL$31 -> 21500 | BM50: ①交付要綱別表２第４欄に定める補助基準額を基準額（Ａ）とする。 | BN50: 指定を受けた日の属する月に〇を記入 | BO50: 【補助対象期間の途中において、都知事又は都内区市町村長の指定を受けた事業所等のみ記入】 | BP50: 令和５年度 | BQ50: 燃料費 | BZ50: 15 | CA50: =CA$31 -> 21500 | CB50: ①交付要綱別表２第４欄に定める補助基準額を基準額（Ａ）とする。 | CC50: 指定を受けた日の属する月に〇を記入 | CD50: 【補助対象期間の途中において、都知事又は都内区市町村長の指定を受けた事業所等のみ記入】 | CE50: 令和５年度 | CF50: 燃料費 | CO50: 15 | CP50: =CP$31 -> 21500 | CQ50: ①交付要綱別表２第４欄に定める補助基準額を基準額（Ａ）とする。 | CR50: 指定を受けた日の属する月に〇を記入 | CS50: 【補助対象期間の途中において、都知事又は都内区市町村長の指定を受けた事業所等のみ記入】 | CT50: 令和５年度 | CU50: 燃料費 | DD50: 15 | DE50: =DE$31 -> 21500 | DF50: ①交付要綱別表２第４欄に定める補助基準額を基準額（Ａ）とする。 | DG50: 指定を受けた日の属する月に〇を記入 | DH50: 【補助対象期間の途中において、都知事又は都内区市町村長の指定を受けた事業所等のみ記入】 | DI50: 令和５年度 | DJ50: 燃料費 | DS50: 15 | DT50: =DT$31 -> 21500 | DU50: ①交付要綱別表２第４欄に定める補助基準額を基準額（Ａ）とする。 | DV50: 指定を受けた日の属する月に〇を記入 | DW50: 【補助対象期間の途中において、都知事又は都内区市町村長の指定を受けた事業所等のみ記入】 | DX50: 令和５年度 | DY50: 燃料費 | EH50: 15 | EI50: =EI$31 -> 21500 | EJ50: ①交付要綱別表２第４欄に定める補助基準額を基準額（Ａ）とする。 | EK50: 指定を受けた日の属する月に〇を記入 | EL50: 【補助対象期間の途中において、都知事又は都内区市町村長の指定を受けた事業所等のみ記入】 | EM50: 令和５年度 | EN50: 燃料費 | EW50: 15 | EX50: =EX$31 -> 21500 | EY50: ①交付要綱別表２第４欄に定める補助基準額を基準額（Ａ）とする。 | EZ50: 指定を受けた日の属する月に〇を記入 | FA50: 【補助対象期間の途中において、都知事又は都内区市町村長の指定を受けた事業所等のみ記入】 | FB50: 令和５年度 | FC50: 燃料費 | FL50: 15 | FM50: =FM$31 -> 21500 | FN50: ①交付要綱別表２第４欄に定める補助基準額を基準額（Ａ）とする。 | FO50: 指定を受けた日の属する月に〇を記入 | FP50: 【補助対象期間の途中において、都知事又は都内区市町村長の指定を受けた事業所等のみ記入】 | FQ50: 令和５年度 | FR50: 燃料費 | GA50: 15 | GB50: =GB$31 -> 21500 | GC50: ①交付要綱別表２第４欄に定める補助基準額を基準額（Ａ）とする。 | GD50: 指定を受けた日の属する月に〇を記入 | GE50: 【補助対象期間の途中において、都知事又は都内区市町村長の指定を受けた事業所等のみ記入】 | GF50: 令和５年度 | GG50: 燃料費 | GP50: 15 | GQ50: =GQ$31 -> 21500 | GR50: ①交付要綱別表２第４欄に定める補助基準額を基準額（Ａ）とする。 | GS50: 指定を受けた日の属する月に〇を記入 | GT50: 【補助対象期間の途中において、都知事又は都内区市町村長の指定を受けた事業所等のみ記入】 | GU50: 令和５年度 | GV50: 燃料費 | HE50: 15 | HF50: =HF$31 -> 21500 | HG50: ①交付要綱別表２第４欄に定める補助基準額を基準額（Ａ）とする。 | HH50: 指定を受けた日の属する月に〇を記入 | HI50: 【補助対象期間の途中において、都知事又は都内区市町村長の指定を受けた事業所等のみ記入】 | HJ50: 令和５年度 | HK50: 燃料費
C51: 16 | D51: =D$31 -> 21500 | E51: ①交付要綱別表２第４欄に定める補助基準額を基準額（Ａ）とする。 | F51: 指定を受けた日の属する月に〇を記入 | G51: 【補助対象期間の途中において、都知事又は都内区市町村長の指定を受けた事業所等のみ記入】 | H51: 令和５年度 | I51: 燃料費 | R51: 16 | S51: =S$31 -> 21500 | T51: ①交付要綱別表２第４欄に定める補助基準額を基準額（Ａ）とする。 | U51: 指定を受けた日の属する月に〇を記入 | V51: 【補助対象期間の途中において、都知事又は都内区市町村長の指定を受けた事業所等のみ記入】 | W51: 令和５年度 | X51: 燃料費 | AG51: 16 | AH51: =AH$31 -> 21500 | AI51: ①交付要綱別表２第４欄に定める補助基準額を基準額（Ａ）とする。 | AJ51: 指定を受けた日の属する月に〇を記入 | AK51: 【補助対象期間の途中において、都知事又は都内区市町村長の指定を受けた事業所等のみ記入】 | AL51: 令和５年度 | AM51: 燃料費 | AV51: 16 | AW51: =AW$31 -> 21500 | AX51: ①交付要綱別表２第４欄に定める補助基準額を基準額（Ａ）とする。 | AY51: 指定を受けた日の属する月に〇を記入 | AZ51: 【補助対象期間の途中において、都知事又は都内区市町村長の指定を受けた事業所等のみ記入】 | BA51: 令和５年度 | BB51: 燃料費 | BK51: 16 | BL51: =BL$31 -> 21500 | BM51: ①交付要綱別表２第４欄に定める補助基準額を基準額（Ａ）とする。 | BN51: 指定を受けた日の属する月に〇を記入 | BO51: 【補助対象期間の途中において、都知事又は都内区市町村長の指定を受けた事業所等のみ記入】 | BP51: 令和５年度 | BQ51: 燃料費 | BZ51: 16 | CA51: =CA$31 -> 21500 | CB51: ①交付要綱別表２第４欄に定める補助基準額を基準額（Ａ）とする。 | CC51: 指定を受けた日の属する月に〇を記入 | CD51: 【補助対象期間の途中において、都知事又は都内区市町村長の指定を受けた事業所等のみ記入】 | CE51: 令和５年度 | CF51: 燃料費 | CO51: 16 | CP51: =CP$31 -> 21500 | CQ51: ①交付要綱別表２第４欄に定める補助基準額を基準額（Ａ）とする。 | CR51: 指定を受けた日の属する月に〇を記入 | CS51: 【補助対象期間の途中において、都知事又は都内区市町村長の指定を受けた事業所等のみ記入】 | CT51: 令和５年度 | CU51: 燃料費 | DD51: 16 | DE51: =DE$31 -> 21500 | DF51: ①交付要綱別表２第４欄に定める補助基準額を基準額（Ａ）とする。 | DG51: 指定を受けた日の属する月に〇を記入 | DH51: 【補助対象期間の途中において、都知事又は都内区市町村長の指定を受けた事業所等のみ記入】 | DI51: 令和５年度 | DJ51: 燃料費 | DS51: 16 | DT51: =DT$31 -> 21500 | DU51: ①交付要綱別表２第４欄に定める補助基準額を基準額（Ａ）とする。 | DV51: 指定を受けた日の属する月に〇を記入 | DW51: 【補助対象期間の途中において、都知事又は都内区市町村長の指定を受けた事業所等のみ記入】 | DX51: 令和５年度 | DY51: 燃料費 | EH51: 16 | EI51: =EI$31 -> 21500 | EJ51: ①交付要綱別表２第４欄に定める補助基準額を基準額（Ａ）とする。 | EK51: 指定を受けた日の属する月に〇を記入 | EL51: 【補助対象期間の途中において、都知事又は都内区市町村長の指定を受けた事業所等のみ記入】 | EM51: 令和５年度 | EN51: 燃料費 | EW51: 16 | EX51: =EX$31 -> 21500 | EY51: ①交付要綱別表２第４欄に定める補助基準額を基準額（Ａ）とする。 | EZ51: 指定を受けた日の属する月に〇を記入 | FA51: 【補助対象期間の途中において、都知事又は都内区市町村長の指定を受けた事業所等のみ記入】 | FB51: 令和５年度 | FC51: 燃料費 | FL51: 16 | FM51: =FM$31 -> 21500 | FN51: ①交付要綱別表２第４欄に定める補助基準額を基準額（Ａ）とする。 | FO51: 指定を受けた日の属する月に〇を記入 | FP51: 【補助対象期間の途中において、都知事又は都内区市町村長の指定を受けた事業所等のみ記入】 | FQ51: 令和５年度 | FR51: 燃料費 | GA51: 16 | GB51: =GB$31 -> 21500 | GC51: ①交付要綱別表２第４欄に定める補助基準額を基準額（Ａ）とする。 | GD51: 指定を受けた日の属する月に〇を記入 | GE51: 【補助対象期間の途中において、都知事又は都内区市町村長の指定を受けた事業所等のみ記入】 | GF51: 令和５年度 | GG51: 燃料費 | GP51: 16 | GQ51: =GQ$31 -> 21500 | GR51: ①交付要綱別表２第４欄に定める補助基準額を基準額（Ａ）とする。 | GS51: 指定を受けた日の属する月に〇を記入 | GT51: 【補助対象期間の途中において、都知事又は都内区市町村長の指定を受けた事業所等のみ記入】 | GU51: 令和５年度 | GV51: 燃料費 | HE51: 16 | HF51: =HF$31 -> 21500 | HG51: ①交付要綱別表２第４欄に定める補助基準額を基準額（Ａ）とする。 | HH51: 指定を受けた日の属する月に〇を記入 | HI51: 【補助対象期間の途中において、都知事又は都内区市町村長の指定を受けた事業所等のみ記入】 | HJ51: 令和５年度 | HK51: 燃料費
C52: 17 | D52: =D$31 -> 21500 | E52: ①交付要綱別表２第４欄に定める補助基準額を基準額（Ａ）とする。 | F52: 指定を受けた日の属する月に〇を記入 | G52: 【補助対象期間の途中において、都知事又は都内区市町村長の指定を受けた事業所等のみ記入】 | H52: 令和５年度 | I52: 燃料費 | R52: 17 | S52: =S$31 -> 21500 | T52: ①交付要綱別表２第４欄に定める補助基準額を基準額（Ａ）とする。 | U52: 指定を受けた日の属する月に〇を記入 | V52: 【補助対象期間の途中において、都知事又は都内区市町村長の指定を受けた事業所等のみ記入】 | W52: 令和５年度 | X52: 燃料費 | AG52: 17 | AH52: =AH$31 -> 21500 | AI52: ①交付要綱別表２第４欄に定める補助基準額を基準額（Ａ）とする。 | AJ52: 指定を受けた日の属する月に〇を記入 | AK52: 【補助対象期間の途中において、都知事又は都内区市町村長の指定を受けた事業所等のみ記入】 | AL52: 令和５年度 | AM52: 燃料費 | AV52: 17 | AW52: =AW$31 -> 21500 | AX52: ①交付要綱別表２第４欄に定める補助基準額を基準額（Ａ）とする。 | AY52: 指定を受けた日の属する月に〇を記入 | AZ52: 【補助対象期間の途中において、都知事又は都内区市町村長の指定を受けた事業所等のみ記入】 | BA52: 令和５年度 | BB52: 燃料費 | BK52: 17 | BL52: =BL$31 -> 21500 | BM52: ①交付要綱別表２第４欄に定める補助基準額を基準額（Ａ）とする。 | BN52: 指定を受けた日の属する月に〇を記入 | BO52: 【補助対象期間の途中において、都知事又は都内区市町村長の指定を受けた事業所等のみ記入】 | BP52: 令和５年度 | BQ52: 燃料費 | BZ52: 17 | CA52: =CA$31 -> 21500 | CB52: ①交付要綱別表２第４欄に定める補助基準額を基準額（Ａ）とする。 | CC52: 指定を受けた日の属する月に〇を記入 | CD52: 【補助対象期間の途中において、都知事又は都内区市町村長の指定を受けた事業所等のみ記入】 | CE52: 令和５年度 | CF52: 燃料費 | CO52: 17 | CP52: =CP$31 -> 21500 | CQ52: ①交付要綱別表２第４欄に定める補助基準額を基準額（Ａ）とする。 | CR52: 指定を受けた日の属する月に〇を記入 | CS52: 【補助対象期間の途中において、都知事又は都内区市町村長の指定を受けた事業所等のみ記入】 | CT52: 令和５年度 | CU52: 燃料費 | DD52: 17 | DE52: =DE$31 -> 21500 | DF52: ①交付要綱別表２第４欄に定める補助基準額を基準額（Ａ）とする。 | DG52: 指定を受けた日の属する月に〇を記入 | DH52: 【補助対象期間の途中において、都知事又は都内区市町村長の指定を受けた事業所等のみ記入】 | DI52: 令和５年度 | DJ52: 燃料費 | DS52: 17 | DT52: =DT$31 -> 21500 | DU52: ①交付要綱別表２第４欄に定める補助基準額を基準額（Ａ）とする。 | DV52: 指定を受けた日の属する月に〇を記入 | DW52: 【補助対象期間の途中において、都知事又は都内区市町村長の指定を受けた事業所等のみ記入】 | DX52: 令和５年度 | DY52: 燃料費 | EH52: 17 | EI52: =EI$31 -> 21500 | EJ52: ①交付要綱別表２第４欄に定める補助基準額を基準額（Ａ）とする。 | EK52: 指定を受けた日の属する月に〇を記入 | EL52: 【補助対象期間の途中において、都知事又は都内区市町村長の指定を受けた事業所等のみ記入】 | EM52: 令和５年度 | EN52: 燃料費 | EW52: 17 | EX52: =EX$31 -> 21500 | EY52: ①交付要綱別表２第４欄に定める補助基準額を基準額（Ａ）とする。 | EZ52: 指定を受けた日の属する月に〇を記入 | FA52: 【補助対象期間の途中において、都知事又は都内区市町村長の指定を受けた事業所等のみ記入】 | FB52: 令和５年度 | FC52: 燃料費 | FL52: 17 | FM52: =FM$31 -> 21500 | FN52: ①交付要綱別表２第４欄に定める補助基準額を基準額（Ａ）とする。 | FO52: 指定を受けた日の属する月に〇を記入 | FP52: 【補助対象期間の途中において、都知事又は都内区市町村長の指定を受けた事業所等のみ記入】 | FQ52: 令和５年度 | FR52: 燃料費 | GA52: 17 | GB52: =GB$31 -> 21500 | GC52: ①交付要綱別表２第４欄に定める補助基準額を基準額（Ａ）とする。 | GD52: 指定を受けた日の属する月に〇を記入 | GE52: 【補助対象期間の途中において、都知事又は都内区市町村長の指定を受けた事業所等のみ記入】 | GF52: 令和５年度 | GG52: 燃料費 | GP52: 17 | GQ52: =GQ$31 -> 21500 | GR52: ①交付要綱別表２第４欄に定める補助基準額を基準額（Ａ）とする。 | GS52: 指定を受けた日の属する月に〇を記入 | GT52: 【補助対象期間の途中において、都知事又は都内区市町村長の指定を受けた事業所等のみ記入】 | GU52: 令和５年度 | GV52: 燃料費 | HE52: 17 | HF52: =HF$31 -> 21500 | HG52: ①交付要綱別表２第４欄に定める補助基準額を基準額（Ａ）とする。 | HH52: 指定を受けた日の属する月に〇を記入 | HI52: 【補助対象期間の途中において、都知事又は都内区市町村長の指定を受けた事業所等のみ記入】 | HJ52: 令和５年度 | HK52: 燃料費
C53: 18 | D53: =D$31 -> 21500 | E53: ①交付要綱別表２第４欄に定める補助基準額を基準額（Ａ）とする。 | F53: 指定を受けた日の属する月に〇を記入 | G53: 【補助対象期間の途中において、都知事又は都内区市町村長の指定を受けた事業所等のみ記入】 | H53: 令和５年度 | I53: 燃料費 | R53: 18 | S53: =S$31 -> 21500 | T53: ①交付要綱別表２第４欄に定める補助基準額を基準額（Ａ）とする。 | U53: 指定を受けた日の属する月に〇を記入 | V53: 【補助対象期間の途中において、都知事又は都内区市町村長の指定を受けた事業所等のみ記入】 | W53: 令和５年度 | X53: 燃料費 | AG53: 18 | AH53: =AH$31 -> 21500 | AI53: ①交付要綱別表２第４欄に定める補助基準額を基準額（Ａ）とする。 | AJ53: 指定を受けた日の属する月に〇を記入 | AK53: 【補助対象期間の途中において、都知事又は都内区市町村長の指定を受けた事業所等のみ記入】 | AL53: 令和５年度 | AM53: 燃料費 | AV53: 18 | AW53: =AW$31 -> 21500 | AX53: ①交付要綱別表２第４欄に定める補助基準額を基準額（Ａ）とする。 | AY53: 指定を受けた日の属する月に〇を記入 | AZ53: 【補助対象期間の途中において、都知事又は都内区市町村長の指定を受けた事業所等のみ記入】 | BA53: 令和５年度 | BB53: 燃料費 | BK53: 18 | BL53: =BL$31 -> 21500 | BM53: ①交付要綱別表２第４欄に定める補助基準額を基準額（Ａ）とする。 | BN53: 指定を受けた日の属する月に〇を記入 | BO53: 【補助対象期間の途中において、都知事又は都内区市町村長の指定を受けた事業所等のみ記入】 | BP53: 令和５年度 | BQ53: 燃料費 | BZ53: 18 | CA53: =CA$31 -> 21500 | CB53: ①交付要綱別表２第４欄に定める補助基準額を基準額（Ａ）とする。 | CC53: 指定を受けた日の属する月に〇を記入 | CD53: 【補助対象期間の途中において、都知事又は都内区市町村長の指定を受けた事業所等のみ記入】 | CE53: 令和５年度 | CF53: 燃料費 | CO53: 18 | CP53: =CP$31 -> 21500 | CQ53: ①交付要綱別表２第４欄に定める補助基準額を基準額（Ａ）とする。 | CR53: 指定を受けた日の属する月に〇を記入 | CS53: 【補助対象期間の途中において、都知事又は都内区市町村長の指定を受けた事業所等のみ記入】 | CT53: 令和５年度 | CU53: 燃料費 | DD53: 18 | DE53: =DE$31 -> 21500 | DF53: ①交付要綱別表２第４欄に定める補助基準額を基準額（Ａ）とする。 | DG53: 指定を受けた日の属する月に〇を記入 | DH53: 【補助対象期間の途中において、都知事又は都内区市町村長の指定を受けた事業所等のみ記入】 | DI53: 令和５年度 | DJ53: 燃料費 | DS53: 18 | DT53: =DT$31 -> 21500 | DU53: ①交付要綱別表２第４欄に定める補助基準額を基準額（Ａ）とする。 | DV53: 指定を受けた日の属する月に〇を記入 | DW53: 【補助対象期間の途中において、都知事又は都内区市町村長の指定を受けた事業所等のみ記入】 | DX53: 令和５年度 | DY53: 燃料費 | EH53: 18 | EI53: =EI$31 -> 21500 | EJ53: ①交付要綱別表２第４欄に定める補助基準額を基準額（Ａ）とする。 | EK53: 指定を受けた日の属する月に〇を記入 | EL53: 【補助対象期間の途中において、都知事又は都内区市町村長の指定を受けた事業所等のみ記入】 | EM53: 令和５年度 | EN53: 燃料費 | EW53: 18 | EX53: =EX$31 -> 21500 | EY53: ①交付要綱別表２第４欄に定める補助基準額を基準額（Ａ）とする。 | EZ53: 指定を受けた日の属する月に〇を記入 | FA53: 【補助対象期間の途中において、都知事又は都内区市町村長の指定を受けた事業所等のみ記入】 | FB53: 令和５年度 | FC53: 燃料費 | FL53: 18 | FM53: =FM$31 -> 21500 | FN53: ①交付要綱別表２第４欄に定める補助基準額を基準額（Ａ）とする。 | FO53: 指定を受けた日の属する月に〇を記入 | FP53: 【補助対象期間の途中において、都知事又は都内区市町村長の指定を受けた事業所等のみ記入】 | FQ53: 令和５年度 | FR53: 燃料費 | GA53: 18 | GB53: =GB$31 -> 21500 | GC53: ①交付要綱別表２第４欄に定める補助基準額を基準額（Ａ）とする。 | GD53: 指定を受けた日の属する月に〇を記入 | GE53: 【補助対象期間の途中において、都知事又は都内区市町村長の指定を受けた事業所等のみ記入】 | GF53: 令和５年度 | GG53: 燃料費 | GP53: 18 | GQ53: =GQ$31 -> 21500 | GR53: ①交付要綱別表２第４欄に定める補助基準額を基準額（Ａ）とする。 | GS53: 指定を受けた日の属する月に〇を記入 | GT53: 【補助対象期間の途中において、都知事又は都内区市町村長の指定を受けた事業所等のみ記入】 | GU53: 令和５年度 | GV53: 燃料費 | HE53: 18 | HF53: =HF$31 -> 21500 | HG53: ①交付要綱別表２第４欄に定める補助基準額を基準額（Ａ）とする。 | HH53: 指定を受けた日の属する月に〇を記入 | HI53: 【補助対象期間の途中において、都知事又は都内区市町村長の指定を受けた事業所等のみ記入】 | HJ53: 令和５年度 | HK53: 燃料費
C54: 19 | D54: =D$31 -> 21500 | E54: ①交付要綱別表２第４欄に定める補助基準額を基準額（Ａ）とする。 | F54: 指定を受けた日の属する月に〇を記入 | G54: 【補助対象期間の途中において、都知事又は都内区市町村長の指定を受けた事業所等のみ記入】 | H54: 令和５年度 | I54: 燃料費 | R54: 19 | S54: =S$31 -> 21500 | T54: ①交付要綱別表２第４欄に定める補助基準額を基準額（Ａ）とする。 | U54: 指定を受けた日の属する月に〇を記入 | V54: 【補助対象期間の途中において、都知事又は都内区市町村長の指定を受けた事業所等のみ記入】 | W54: 令和５年度 | X54: 燃料費 | AG54: 19 | AH54: =AH$31 -> 21500 | AI54: ①交付要綱別表２第４欄に定める補助基準額を基準額（Ａ）とする。 | AJ54: 指定を受けた日の属する月に〇を記入 | AK54: 【補助対象期間の途中において、都知事又は都内区市町村長の指定を受けた事業所等のみ記入】 | AL54: 令和５年度 | AM54: 燃料費 | AV54: 19 | AW54: =AW$31 -> 21500 | AX54: ①交付要綱別表２第４欄に定める補助基準額を基準額（Ａ）とする。 | AY54: 指定を受けた日の属する月に〇を記入 | AZ54: 【補助対象期間の途中において、都知事又は都内区市町村長の指定を受けた事業所等のみ記入】 | BA54: 令和５年度 | BB54: 燃料費 | BK54: 19 | BL54: =BL$31 -> 21500 | BM54: ①交付要綱別表２第４欄に定める補助基準額を基準額（Ａ）とする。 | BN54: 指定を受けた日の属する月に〇を記入 | BO54: 【補助対象期間の途中において、都知事又は都内区市町村長の指定を受けた事業所等のみ記入】 | BP54: 令和５年度 | BQ54: 燃料費 | BZ54: 19 | CA54: =CA$31 -> 21500 | CB54: ①交付要綱別表２第４欄に定める補助基準額を基準額（Ａ）とする。 | CC54: 指定を受けた日の属する月に〇を記入 | CD54: 【補助対象期間の途中において、都知事又は都内区市町村長の指定を受けた事業所等のみ記入】 | CE54: 令和５年度 | CF54: 燃料費 | CO54: 19 | CP54: =CP$31 -> 21500 | CQ54: ①交付要綱別表２第４欄に定める補助基準額を基準額（Ａ）とする。 | CR54: 指定を受けた日の属する月に〇を記入 | CS54: 【補助対象期間の途中において、都知事又は都内区市町村長の指定を受けた事業所等のみ記入】 | CT54: 令和５年度 | CU54: 燃料費 | DD54: 19 | DE54: =DE$31 -> 21500 | DF54: ①交付要綱別表２第４欄に定める補助基準額を基準額（Ａ）とする。 | DG54: 指定を受けた日の属する月に〇を記入 | DH54: 【補助対象期間の途中において、都知事又は都内区市町村長の指定を受けた事業所等のみ記入】 | DI54: 令和５年度 | DJ54: 燃料費 | DS54: 19 | DT54: =DT$31 -> 21500 | DU54: ①交付要綱別表２第４欄に定める補助基準額を基準額（Ａ）とする。 | DV54: 指定を受けた日の属する月に〇を記入 | DW54: 【補助対象期間の途中において、都知事又は都内区市町村長の指定を受けた事業所等のみ記入】 | DX54: 令和５年度 | DY54: 燃料費 | EH54: 19 | EI54: =EI$31 -> 21500 | EJ54: ①交付要綱別表２第４欄に定める補助基準額を基準額（Ａ）とする。 | EK54: 指定を受けた日の属する月に〇を記入 | EL54: 【補助対象期間の途中において、都知事又は都内区市町村長の指定を受けた事業所等のみ記入】 | EM54: 令和５年度 | EN54: 燃料費 | EW54: 19 | EX54: =EX$31 -> 21500 | EY54: ①交付要綱別表２第４欄に定める補助基準額を基準額（Ａ）とする。 | EZ54: 指定を受けた日の属する月に〇を記入 | FA54: 【補助対象期間の途中において、都知事又は都内区市町村長の指定を受けた事業所等のみ記入】 | FB54: 令和５年度 | FC54: 燃料費 | FL54: 19 | FM54: =FM$31 -> 21500 | FN54: ①交付要綱別表２第４欄に定める補助基準額を基準額（Ａ）とする。 | FO54: 指定を受けた日の属する月に〇を記入 | FP54: 【補助対象期間の途中において、都知事又は都内区市町村長の指定を受けた事業所等のみ記入】 | FQ54: 令和５年度 | FR54: 燃料費 | GA54: 19 | GB54: =GB$31 -> 21500 | GC54: ①交付要綱別表２第４欄に定める補助基準額を基準額（Ａ）とする。 | GD54: 指定を受けた日の属する月に〇を記入 | GE54: 【補助対象期間の途中において、都知事又は都内区市町村長の指定を受けた事業所等のみ記入】 | GF54: 令和５年度 | GG54: 燃料費 | GP54: 19 | GQ54: =GQ$31 -> 21500 | GR54: ①交付要綱別表２第４欄に定める補助基準額を基準額（Ａ）とする。 | GS54: 指定を受けた日の属する月に〇を記入 | GT54: 【補助対象期間の途中において、都知事又は都内区市町村長の指定を受けた事業所等のみ記入】 | GU54: 令和５年度 | GV54: 燃料費 | HE54: 19 | HF54: =HF$31 -> 21500 | HG54: ①交付要綱別表２第４欄に定める補助基準額を基準額（Ａ）とする。 | HH54: 指定を受けた日の属する月に〇を記入 | HI54: 【補助対象期間の途中において、都知事又は都内区市町村長の指定を受けた事業所等のみ記入】 | HJ54: 令和５年度 | HK54: 燃料費
C55: 20 | D55: =D$31 -> 21500 | E55: ①交付要綱別表２第４欄に定める補助基準額を基準額（Ａ）とする。 | F55: 指定を受けた日の属する月に〇を記入 | G55: 【補助対象期間の途中において、都知事又は都内区市町村長の指定を受けた事業所等のみ記入】 | H55: 令和５年度 | I55: 燃料費 | R55: 20 | S55: =S$31 -> 21500 | T55: ①交付要綱別表２第４欄に定める補助基準額を基準額（Ａ）とする。 | U55: 指定を受けた日の属する月に〇を記入 | V55: 【補助対象期間の途中において、都知事又は都内区市町村長の指定を受けた事業所等のみ記入】 | W55: 令和５年度 | X55: 燃料費 | AG55: 20 | AH55: =AH$31 -> 21500 | AI55: ①交付要綱別表２第４欄に定める補助基準額を基準額（Ａ）とする。 | AJ55: 指定を受けた日の属する月に〇を記入 | AK55: 【補助対象期間の途中において、都知事又は都内区市町村長の指定を受けた事業所等のみ記入】 | AL55: 令和５年度 | AM55: 燃料費 | AV55: 20 | AW55: =AW$31 -> 21500 | AX55: ①交付要綱別表２第４欄に定める補助基準額を基準額（Ａ）とする。 | AY55: 指定を受けた日の属する月に〇を記入 | AZ55: 【補助対象期間の途中において、都知事又は都内区市町村長の指定を受けた事業所等のみ記入】 | BA55: 令和５年度 | BB55: 燃料費 | BK55: 20 | BL55: =BL$31 -> 21500 | BM55: ①交付要綱別表２第４欄に定める補助基準額を基準額（Ａ）とする。 | BN55: 指定を受けた日の属する月に〇を記入 | BO55: 【補助対象期間の途中において、都知事又は都内区市町村長の指定を受けた事業所等のみ記入】 | BP55: 令和５年度 | BQ55: 燃料費 | BZ55: 20 | CA55: =CA$31 -> 21500 | CB55: ①交付要綱別表２第４欄に定める補助基準額を基準額（Ａ）とする。 | CC55: 指定を受けた日の属する月に〇を記入 | CD55: 【補助対象期間の途中において、都知事又は都内区市町村長の指定を受けた事業所等のみ記入】 | CE55: 令和５年度 | CF55: 燃料費 | CO55: 20 | CP55: =CP$31 -> 21500 | CQ55: ①交付要綱別表２第４欄に定める補助基準額を基準額（Ａ）とする。 | CR55: 指定を受けた日の属する月に〇を記入 | CS55: 【補助対象期間の途中において、都知事又は都内区市町村長の指定を受けた事業所等のみ記入】 | CT55: 令和５年度 | CU55: 燃料費 | DD55: 20 | DE55: =DE$31 -> 21500 | DF55: ①交付要綱別表２第４欄に定める補助基準額を基準額（Ａ）とする。 | DG55: 指定を受けた日の属する月に〇を記入 | DH55: 【補助対象期間の途中において、都知事又は都内区市町村長の指定を受けた事業所等のみ記入】 | DI55: 令和５年度 | DJ55: 燃料費 | DS55: 20 | DT55: =DT$31 -> 21500 | DU55: ①交付要綱別表２第４欄に定める補助基準額を基準額（Ａ）とする。 | DV55: 指定を受けた日の属する月に〇を記入 | DW55: 【補助対象期間の途中において、都知事又は都内区市町村長の指定を受けた事業所等のみ記入】 | DX55: 令和５年度 | DY55: 燃料費 | EH55: 20 | EI55: =EI$31 -> 21500 | EJ55: ①交付要綱別表２第４欄に定める補助基準額を基準額（Ａ）とする。 | EK55: 指定を受けた日の属する月に〇を記入 | EL55: 【補助対象期間の途中において、都知事又は都内区市町村長の指定を受けた事業所等のみ記入】 | EM55: 令和５年度 | EN55: 燃料費 | EW55: 20 | EX55: =EX$31 -> 21500 | EY55: ①交付要綱別表２第４欄に定める補助基準額を基準額（Ａ）とする。 | EZ55: 指定を受けた日の属する月に〇を記入 | FA55: 【補助対象期間の途中において、都知事又は都内区市町村長の指定を受けた事業所等のみ記入】 | FB55: 令和５年度 | FC55: 燃料費 | FL55: 20 | FM55: =FM$31 -> 21500 | FN55: ①交付要綱別表２第４欄に定める補助基準額を基準額（Ａ）とする。 | FO55: 指定を受けた日の属する月に〇を記入 | FP55: 【補助対象期間の途中において、都知事又は都内区市町村長の指定を受けた事業所等のみ記入】 | FQ55: 令和５年度 | FR55: 燃料費 | GA55: 20 | GB55: =GB$31 -> 21500 | GC55: ①交付要綱別表２第４欄に定める補助基準額を基準額（Ａ）とする。 | GD55: 指定を受けた日の属する月に〇を記入 | GE55: 【補助対象期間の途中において、都知事又は都内区市町村長の指定を受けた事業所等のみ記入】 | GF55: 令和５年度 | GG55: 燃料費 | GP55: 20 | GQ55: =GQ$31 -> 21500 | GR55: ①交付要綱別表２第４欄に定める補助基準額を基準額（Ａ）とする。 | GS55: 指定を受けた日の属する月に〇を記入 | GT55: 【補助対象期間の途中において、都知事又は都内区市町村長の指定を受けた事業所等のみ記入】 | GU55: 令和５年度 | GV55: 燃料費 | HE55: 20 | HF55: =HF$31 -> 21500 | HG55: ①交付要綱別表２第４欄に定める補助基準額を基準額（Ａ）とする。 | HH55: 指定を受けた日の属する月に〇を記入 | HI55: 【補助対象期間の途中において、都知事又は都内区市町村長の指定を受けた事業所等のみ記入】 | HJ55: 令和５年度 | HK55: 燃料費
C56: 21 | D56: =D$31 -> 21500 | E56: ①交付要綱別表２第４欄に定める補助基準額を基準額（Ａ）とする。 | F56: 指定を受けた日の属する月に〇を記入 | G56: 【補助対象期間の途中において、都知事又は都内区市町村長の指定を受けた事業所等のみ記入】 | H56: 令和５年度 | I56: 燃料費 | R56: 21 | S56: =S$31 -> 21500 | T56: ①交付要綱別表２第４欄に定める補助基準額を基準額（Ａ）とする。 | U56: 指定を受けた日の属する月に〇を記入 | V56: 【補助対象期間の途中において、都知事又は都内区市町村長の指定を受けた事業所等のみ記入】 | W56: 令和５年度 | X56: 燃料費 | AG56: 21 | AH56: =AH$31 -> 21500 | AI56: ①交付要綱別表２第４欄に定める補助基準額を基準額（Ａ）とする。 | AJ56: 指定を受けた日の属する月に〇を記入 | AK56: 【補助対象期間の途中において、都知事又は都内区市町村長の指定を受けた事業所等のみ記入】 | AL56: 令和５年度 | AM56: 燃料費 | AV56: 21 | AW56: =AW$31 -> 21500 | AX56: ①交付要綱別表２第４欄に定める補助基準額を基準額（Ａ）とする。 | AY56: 指定を受けた日の属する月に〇を記入 | AZ56: 【補助対象期間の途中において、都知事又は都内区市町村長の指定を受けた事業所等のみ記入】 | BA56: 令和５年度 | BB56: 燃料費 | BK56: 21 | BL56: =BL$31 -> 21500 | BM56: ①交付要綱別表２第４欄に定める補助基準額を基準額（Ａ）とする。 | BN56: 指定を受けた日の属する月に〇を記入 | BO56: 【補助対象期間の途中において、都知事又は都内区市町村長の指定を受けた事業所等のみ記入】 | BP56: 令和５年度 | BQ56: 燃料費 | BZ56: 21 | CA56: =CA$31 -> 21500 | CB56: ①交付要綱別表２第４欄に定める補助基準額を基準額（Ａ）とする。 | CC56: 指定を受けた日の属する月に〇を記入 | CD56: 【補助対象期間の途中において、都知事又は都内区市町村長の指定を受けた事業所等のみ記入】 | CE56: 令和５年度 | CF56: 燃料費 | CO56: 21 | CP56: =CP$31 -> 21500 | CQ56: ①交付要綱別表２第４欄に定める補助基準額を基準額（Ａ）とする。 | CR56: 指定を受けた日の属する月に〇を記入 | CS56: 【補助対象期間の途中において、都知事又は都内区市町村長の指定を受けた事業所等のみ記入】 | CT56: 令和５年度 | CU56: 燃料費 | DD56: 21 | DE56: =DE$31 -> 21500 | DF56: ①交付要綱別表２第４欄に定める補助基準額を基準額（Ａ）とする。 | DG56: 指定を受けた日の属する月に〇を記入 | DH56: 【補助対象期間の途中において、都知事又は都内区市町村長の指定を受けた事業所等のみ記入】 | DI56: 令和５年度 | DJ56: 燃料費 | DS56: 21 | DT56: =DT$31 -> 21500 | DU56: ①交付要綱別表２第４欄に定める補助基準額を基準額（Ａ）とする。 | DV56: 指定を受けた日の属する月に〇を記入 | DW56: 【補助対象期間の途中において、都知事又は都内区市町村長の指定を受けた事業所等のみ記入】 | DX56: 令和５年度 | DY56: 燃料費 | EH56: 21 | EI56: =EI$31 -> 21500 | EJ56: ①交付要綱別表２第４欄に定める補助基準額を基準額（Ａ）とする。 | EK56: 指定を受けた日の属する月に〇を記入 | EL56: 【補助対象期間の途中において、都知事又は都内区市町村長の指定を受けた事業所等のみ記入】 | EM56: 令和５年度 | EN56: 燃料費 | EW56: 21 | EX56: =EX$31 -> 21500 | EY56: ①交付要綱別表２第４欄に定める補助基準額を基準額（Ａ）とする。 | EZ56: 指定を受けた日の属する月に〇を記入 | FA56: 【補助対象期間の途中において、都知事又は都内区市町村長の指定を受けた事業所等のみ記入】 | FB56: 令和５年度 | FC56: 燃料費 | FL56: 21 | FM56: =FM$31 -> 21500 | FN56: ①交付要綱別表２第４欄に定める補助基準額を基準額（Ａ）とする。 | FO56: 指定を受けた日の属する月に〇を記入 | FP56: 【補助対象期間の途中において、都知事又は都内区市町村長の指定を受けた事業所等のみ記入】 | FQ56: 令和５年度 | FR56: 燃料費 | GA56: 21 | GB56: =GB$31 -> 21500 | GC56: ①交付要綱別表２第４欄に定める補助基準額を基準額（Ａ）とする。 | GD56: 指定を受けた日の属する月に〇を記入 | GE56: 【補助対象期間の途中において、都知事又は都内区市町村長の指定を受けた事業所等のみ記入】 | GF56: 令和５年度 | GG56: 燃料費 | GP56: 21 | GQ56: =GQ$31 -> 21500 | GR56: ①交付要綱別表２第４欄に定める補助基準額を基準額（Ａ）とする。 | GS56: 指定を受けた日の属する月に〇を記入 | GT56: 【補助対象期間の途中において、都知事又は都内区市町村長の指定を受けた事業所等のみ記入】 | GU56: 令和５年度 | GV56: 燃料費 | HE56: 21 | HF56: =HF$31 -> 21500 | HG56: ①交付要綱別表２第４欄に定める補助基準額を基準額（Ａ）とする。 | HH56: 指定を受けた日の属する月に〇を記入 | HI56: 【補助対象期間の途中において、都知事又は都内区市町村長の指定を受けた事業所等のみ記入】 | HJ56: 令和５年度 | HK56: 燃料費
C57: 22 | D57: =D$34 -> 8600 | E57: ①交付要綱別表２第４欄に定める補助基準額を基準額（Ａ）とする。 | F57: 指定を受けた日の属する月に〇を記入 | G57: 【補助対象期間の途中において、都知事又は都内区市町村長の指定を受けた事業所等のみ記入】 | H57: 令和５年度 | I57: 燃料費 | R57: 22 | S57: =S$34 -> 8600 | T57: ①交付要綱別表２第４欄に定める補助基準額を基準額（Ａ）とする。 | U57: 指定を受けた日の属する月に〇を記入 | V57: 【補助対象期間の途中において、都知事又は都内区市町村長の指定を受けた事業所等のみ記入】 | W57: 令和５年度 | X57: 燃料費 | AG57: 22 | AH57: =AH$34 -> 8600 | AI57: ①交付要綱別表２第４欄に定める補助基準額を基準額（Ａ）とする。 | AJ57: 指定を受けた日の属する月に〇を記入 | AK57: 【補助対象期間の途中において、都知事又は都内区市町村長の指定を受けた事業所等のみ記入】 | AL57: 令和５年度 | AM57: 燃料費 | AV57: 22 | AW57: =AW$34 -> 8600 | AX57: ①交付要綱別表２第４欄に定める補助基準額を基準額（Ａ）とする。 | AY57: 指定を受けた日の属する月に〇を記入 | AZ57: 【補助対象期間の途中において、都知事又は都内区市町村長の指定を受けた事業所等のみ記入】 | BA57: 令和５年度 | BB57: 燃料費 | BK57: 22 | BL57: =BL$34 -> 8600 | BM57: ①交付要綱別表２第４欄に定める補助基準額を基準額（Ａ）とする。 | BN57: 指定を受けた日の属する月に〇を記入 | BO57: 【補助対象期間の途中において、都知事又は都内区市町村長の指定を受けた事業所等のみ記入】 | BP57: 令和５年度 | BQ57: 燃料費 | BZ57: 22 | CA57: =CA$34 -> 8600 | CB57: ①交付要綱別表２第４欄に定める補助基準額を基準額（Ａ）とする。 | CC57: 指定を受けた日の属する月に〇を記入 | CD57: 【補助対象期間の途中において、都知事又は都内区市町村長の指定を受けた事業所等のみ記入】 | CE57: 令和５年度 | CF57: 燃料費 | CO57: 22 | CP57: =CP$34 -> 8600 | CQ57: ①交付要綱別表２第４欄に定める補助基準額を基準額（Ａ）とする。 | CR57: 指定を受けた日の属する月に〇を記入 | CS57: 【補助対象期間の途中において、都知事又は都内区市町村長の指定を受けた事業所等のみ記入】 | CT57: 令和５年度 | CU57: 燃料費 | DD57: 22 | DE57: =DE$34 -> 8600 | DF57: ①交付要綱別表２第４欄に定める補助基準額を基準額（Ａ）とする。 | DG57: 指定を受けた日の属する月に〇を記入 | DH57: 【補助対象期間の途中において、都知事又は都内区市町村長の指定を受けた事業所等のみ記入】 | DI57: 令和５年度 | DJ57: 燃料費 | DS57: 22 | DT57: =DT$34 -> 8600 | DU57: ①交付要綱別表２第４欄に定める補助基準額を基準額（Ａ）とする。 | DV57: 指定を受けた日の属する月に〇を記入 | DW57: 【補助対象期間の途中において、都知事又は都内区市町村長の指定を受けた事業所等のみ記入】 | DX57: 令和５年度 | DY57: 燃料費 | EH57: 22 | EI57: =EI$34 -> 8600 | EJ57: ①交付要綱別表２第４欄に定める補助基準額を基準額（Ａ）とする。 | EK57: 指定を受けた日の属する月に〇を記入 | EL57: 【補助対象期間の途中において、都知事又は都内区市町村長の指定を受けた事業所等のみ記入】 | EM57: 令和５年度 | EN57: 燃料費 | EW57: 22 | EX57: =EX$34 -> 8600 | EY57: ①交付要綱別表２第４欄に定める補助基準額を基準額（Ａ）とする。 | EZ57: 指定を受けた日の属する月に〇を記入 | FA57: 【補助対象期間の途中において、都知事又は都内区市町村長の指定を受けた事業所等のみ記入】 | FB57: 令和５年度 | FC57: 燃料費 | FL57: 22 | FM57: =FM$34 -> 8600 | FN57: ①交付要綱別表２第４欄に定める補助基準額を基準額（Ａ）とする。 | FO57: 指定を受けた日の属する月に〇を記入 | FP57: 【補助対象期間の途中において、都知事又は都内区市町村長の指定を受けた事業所等のみ記入】 | FQ57: 令和５年度 | FR57: 燃料費 | GA57: 22 | GB57: =GB$34 -> 8600 | GC57: ①交付要綱別表２第４欄に定める補助基準額を基準額（Ａ）とする。 | GD57: 指定を受けた日の属する月に〇を記入 | GE57: 【補助対象期間の途中において、都知事又は都内区市町村長の指定を受けた事業所等のみ記入】 | GF57: 令和５年度 | GG57: 燃料費 | GP57: 22 | GQ57: =GQ$34 -> 8600 | GR57: ①交付要綱別表２第４欄に定める補助基準額を基準額（Ａ）とする。 | GS57: 指定を受けた日の属する月に〇を記入 | GT57: 【補助対象期間の途中において、都知事又は都内区市町村長の指定を受けた事業所等のみ記入】 | GU57: 令和５年度 | GV57: 燃料費 | HE57: 22 | HF57: =HF$34 -> 8600 | HG57: ①交付要綱別表２第４欄に定める補助基準額を基準額（Ａ）とする。 | HH57: 指定を受けた日の属する月に〇を記入 | HI57: 【補助対象期間の途中において、都知事又は都内区市町村長の指定を受けた事業所等のみ記入】 | HJ57: 令和５年度 | HK57: 燃料費
C58: 23 | D58: =D$34 -> 8600 | E58: ①交付要綱別表２第４欄に定める補助基準額を基準額（Ａ）とする。 | F58: 指定を受けた日の属する月に〇を記入 | G58: 【補助対象期間の途中において、都知事又は都内区市町村長の指定を受けた事業所等のみ記入】 | H58: 令和５年度 | I58: 燃料費 | R58: 23 | S58: =S$34 -> 8600 | T58: ①交付要綱別表２第４欄に定める補助基準額を基準額（Ａ）とする。 | U58: 指定を受けた日の属する月に〇を記入 | V58: 【補助対象期間の途中において、都知事又は都内区市町村長の指定を受けた事業所等のみ記入】 | W58: 令和５年度 | X58: 燃料費 | AG58: 23 | AH58: =AH$34 -> 8600 | AI58: ①交付要綱別表２第４欄に定める補助基準額を基準額（Ａ）とする。 | AJ58: 指定を受けた日の属する月に〇を記入 | AK58: 【補助対象期間の途中において、都知事又は都内区市町村長の指定を受けた事業所等のみ記入】 | AL58: 令和５年度 | AM58: 燃料費 | AV58: 23 | AW58: =AW$34 -> 8600 | AX58: ①交付要綱別表２第４欄に定める補助基準額を基準額（Ａ）とする。 | AY58: 指定を受けた日の属する月に〇を記入 | AZ58: 【補助対象期間の途中において、都知事又は都内区市町村長の指定を受けた事業所等のみ記入】 | BA58: 令和５年度 | BB58: 燃料費 | BK58: 23 | BL58: =BL$34 -> 8600 | BM58: ①交付要綱別表２第４欄に定める補助基準額を基準額（Ａ）とする。 | BN58: 指定を受けた日の属する月に〇を記入 | BO58: 【補助対象期間の途中において、都知事又は都内区市町村長の指定を受けた事業所等のみ記入】 | BP58: 令和５年度 | BQ58: 燃料費 | BZ58: 23 | CA58: =CA$34 -> 8600 | CB58: ①交付要綱別表２第４欄に定める補助基準額を基準額（Ａ）とする。 | CC58: 指定を受けた日の属する月に〇を記入 | CD58: 【補助対象期間の途中において、都知事又は都内区市町村長の指定を受けた事業所等のみ記入】 | CE58: 令和５年度 | CF58: 燃料費 | CO58: 23 | CP58: =CP$34 -> 8600 | CQ58: ①交付要綱別表２第４欄に定める補助基準額を基準額（Ａ）とする。 | CR58: 指定を受けた日の属する月に〇を記入 | CS58: 【補助対象期間の途中において、都知事又は都内区市町村長の指定を受けた事業所等のみ記入】 | CT58: 令和５年度 | CU58: 燃料費 | DD58: 23 | DE58: =DE$34 -> 8600 | DF58: ①交付要綱別表２第４欄に定める補助基準額を基準額（Ａ）とする。 | DG58: 指定を受けた日の属する月に〇を記入 | DH58: 【補助対象期間の途中において、都知事又は都内区市町村長の指定を受けた事業所等のみ記入】 | DI58: 令和５年度 | DJ58: 燃料費 | DS58: 23 | DT58: =DT$34 -> 8600 | DU58: ①交付要綱別表２第４欄に定める補助基準額を基準額（Ａ）とする。 | DV58: 指定を受けた日の属する月に〇を記入 | DW58: 【補助対象期間の途中において、都知事又は都内区市町村長の指定を受けた事業所等のみ記入】 | DX58: 令和５年度 | DY58: 燃料費 | EH58: 23 | EI58: =EI$34 -> 8600 | EJ58: ①交付要綱別表２第４欄に定める補助基準額を基準額（Ａ）とする。 | EK58: 指定を受けた日の属する月に〇を記入 | EL58: 【補助対象期間の途中において、都知事又は都内区市町村長の指定を受けた事業所等のみ記入】 | EM58: 令和５年度 | EN58: 燃料費 | EW58: 23 | EX58: =EX$34 -> 8600 | EY58: ①交付要綱別表２第４欄に定める補助基準額を基準額（Ａ）とする。 | EZ58: 指定を受けた日の属する月に〇を記入 | FA58: 【補助対象期間の途中において、都知事又は都内区市町村長の指定を受けた事業所等のみ記入】 | FB58: 令和５年度 | FC58: 燃料費 | FL58: 23 | FM58: =FM$34 -> 8600 | FN58: ①交付要綱別表２第４欄に定める補助基準額を基準額（Ａ）とする。 | FO58: 指定を受けた日の属する月に〇を記入 | FP58: 【補助対象期間の途中において、都知事又は都内区市町村長の指定を受けた事業所等のみ記入】 | FQ58: 令和５年度 | FR58: 燃料費 | GA58: 23 | GB58: =GB$34 -> 8600 | GC58: ①交付要綱別表２第４欄に定める補助基準額を基準額（Ａ）とする。 | GD58: 指定を受けた日の属する月に〇を記入 | GE58: 【補助対象期間の途中において、都知事又は都内区市町村長の指定を受けた事業所等のみ記入】 | GF58: 令和５年度 | GG58: 燃料費 | GP58: 23 | GQ58: =GQ$34 -> 8600 | GR58: ①交付要綱別表２第４欄に定める補助基準額を基準額（Ａ）とする。 | GS58: 指定を受けた日の属する月に〇を記入 | GT58: 【補助対象期間の途中において、都知事又は都内区市町村長の指定を受けた事業所等のみ記入】 | GU58: 令和５年度 | GV58: 燃料費 | HE58: 23 | HF58: =HF$34 -> 8600 | HG58: ①交付要綱別表２第４欄に定める補助基準額を基準額（Ａ）とする。 | HH58: 指定を受けた日の属する月に〇を記入 | HI58: 【補助対象期間の途中において、都知事又は都内区市町村長の指定を受けた事業所等のみ記入】 | HJ58: 令和５年度 | HK58: 燃料費
C59: 24 | D59: =D$34 -> 8600 | E59: ①交付要綱別表２第４欄に定める補助基準額を基準額（Ａ）とする。 | F59: 指定を受けた日の属する月に〇を記入 | G59: 【補助対象期間の途中において、都知事又は都内区市町村長の指定を受けた事業所等のみ記入】 | H59: 令和５年度 | I59: 燃料費 | R59: 24 | S59: =S$34 -> 8600 | T59: ①交付要綱別表２第４欄に定める補助基準額を基準額（Ａ）とする。 | U59: 指定を受けた日の属する月に〇を記入 | V59: 【補助対象期間の途中において、都知事又は都内区市町村長の指定を受けた事業所等のみ記入】 | W59: 令和５年度 | X59: 燃料費 | AG59: 24 | AH59: =AH$34 -> 8600 | AI59: ①交付要綱別表２第４欄に定める補助基準額を基準額（Ａ）とする。 | AJ59: 指定を受けた日の属する月に〇を記入 | AK59: 【補助対象期間の途中において、都知事又は都内区市町村長の指定を受けた事業所等のみ記入】 | AL59: 令和５年度 | AM59: 燃料費 | AV59: 24 | AW59: =AW$34 -> 8600 | AX59: ①交付要綱別表２第４欄に定める補助基準額を基準額（Ａ）とする。 | AY59: 指定を受けた日の属する月に〇を記入 | AZ59: 【補助対象期間の途中において、都知事又は都内区市町村長の指定を受けた事業所等のみ記入】 | BA59: 令和５年度 | BB59: 燃料費 | BK59: 24 | BL59: =BL$34 -> 8600 | BM59: ①交付要綱別表２第４欄に定める補助基準額を基準額（Ａ）とする。 | BN59: 指定を受けた日の属する月に〇を記入 | BO59: 【補助対象期間の途中において、都知事又は都内区市町村長の指定を受けた事業所等のみ記入】 | BP59: 令和５年度 | BQ59: 燃料費 | BZ59: 24 | CA59: =CA$34 -> 8600 | CB59: ①交付要綱別表２第４欄に定める補助基準額を基準額（Ａ）とする。 | CC59: 指定を受けた日の属する月に〇を記入 | CD59: 【補助対象期間の途中において、都知事又は都内区市町村長の指定を受けた事業所等のみ記入】 | CE59: 令和５年度 | CF59: 燃料費 | CO59: 24 | CP59: =CP$34 -> 8600 | CQ59: ①交付要綱別表２第４欄に定める補助基準額を基準額（Ａ）とする。 | CR59: 指定を受けた日の属する月に〇を記入 | CS59: 【補助対象期間の途中において、都知事又は都内区市町村長の指定を受けた事業所等のみ記入】 | CT59: 令和５年度 | CU59: 燃料費 | DD59: 24 | DE59: =DE$34 -> 8600 | DF59: ①交付要綱別表２第４欄に定める補助基準額を基準額（Ａ）とする。 | DG59: 指定を受けた日の属する月に〇を記入 | DH59: 【補助対象期間の途中において、都知事又は都内区市町村長の指定を受けた事業所等のみ記入】 | DI59: 令和５年度 | DJ59: 燃料費 | DS59: 24 | DT59: =DT$34 -> 8600 | DU59: ①交付要綱別表２第４欄に定める補助基準額を基準額（Ａ）とする。 | DV59: 指定を受けた日の属する月に〇を記入 | DW59: 【補助対象期間の途中において、都知事又は都内区市町村長の指定を受けた事業所等のみ記入】 | DX59: 令和５年度 | DY59: 燃料費 | EH59: 24 | EI59: =EI$34 -> 8600 | EJ59: ①交付要綱別表２第４欄に定める補助基準額を基準額（Ａ）とする。 | EK59: 指定を受けた日の属する月に〇を記入 | EL59: 【補助対象期間の途中において、都知事又は都内区市町村長の指定を受けた事業所等のみ記入】 | EM59: 令和５年度 | EN59: 燃料費 | EW59: 24 | EX59: =EX$34 -> 8600 | EY59: ①交付要綱別表２第４欄に定める補助基準額を基準額（Ａ）とする。 | EZ59: 指定を受けた日の属する月に〇を記入 | FA59: 【補助対象期間の途中において、都知事又は都内区市町村長の指定を受けた事業所等のみ記入】 | FB59: 令和５年度 | FC59: 燃料費 | FL59: 24 | FM59: =FM$34 -> 8600 | FN59: ①交付要綱別表２第４欄に定める補助基準額を基準額（Ａ）とする。 | FO59: 指定を受けた日の属する月に〇を記入 | FP59: 【補助対象期間の途中において、都知事又は都内区市町村長の指定を受けた事業所等のみ記入】 | FQ59: 令和５年度 | FR59: 燃料費 | GA59: 24 | GB59: =GB$34 -> 8600 | GC59: ①交付要綱別表２第４欄に定める補助基準額を基準額（Ａ）とする。 | GD59: 指定を受けた日の属する月に〇を記入 | GE59: 【補助対象期間の途中において、都知事又は都内区市町村長の指定を受けた事業所等のみ記入】 | GF59: 令和５年度 | GG59: 燃料費 | GP59: 24 | GQ59: =GQ$34 -> 8600 | GR59: ①交付要綱別表２第４欄に定める補助基準額を基準額（Ａ）とする。 | GS59: 指定を受けた日の属する月に〇を記入 | GT59: 【補助対象期間の途中において、都知事又は都内区市町村長の指定を受けた事業所等のみ記入】 | GU59: 令和５年度 | GV59: 燃料費 | HE59: 24 | HF59: =HF$34 -> 8600 | HG59: ①交付要綱別表２第４欄に定める補助基準額を基準額（Ａ）とする。 | HH59: 指定を受けた日の属する月に〇を記入 | HI59: 【補助対象期間の途中において、都知事又は都内区市町村長の指定を受けた事業所等のみ記入】 | HJ59: 令和５年度 | HK59: 燃料費
C60: 25 | D60: =D$34 -> 8600 | E60: ①交付要綱別表２第４欄に定める補助基準額を基準額（Ａ）とする。 | F60: 指定を受けた日の属する月に〇を記入 | G60: 【補助対象期間の途中において、都知事又は都内区市町村長の指定を受けた事業所等のみ記入】 | H60: 令和５年度 | I60: 燃料費 | R60: 25 | S60: =S$34 -> 8600 | T60: ①交付要綱別表２第４欄に定める補助基準額を基準額（Ａ）とする。 | U60: 指定を受けた日の属する月に〇を記入 | V60: 【補助対象期間の途中において、都知事又は都内区市町村長の指定を受けた事業所等のみ記入】 | W60: 令和５年度 | X60: 燃料費 | AG60: 25 | AH60: =AH$34 -> 8600 | AI60: ①交付要綱別表２第４欄に定める補助基準額を基準額（Ａ）とする。 | AJ60: 指定を受けた日の属する月に〇を記入 | AK60: 【補助対象期間の途中において、都知事又は都内区市町村長の指定を受けた事業所等のみ記入】 | AL60: 令和５年度 | AM60: 燃料費 | AV60: 25 | AW60: =AW$34 -> 8600 | AX60: ①交付要綱別表２第４欄に定める補助基準額を基準額（Ａ）とする。 | AY60: 指定を受けた日の属する月に〇を記入 | AZ60: 【補助対象期間の途中において、都知事又は都内区市町村長の指定を受けた事業所等のみ記入】 | BA60: 令和５年度 | BB60: 燃料費 | BK60: 25 | BL60: =BL$34 -> 8600 | BM60: ①交付要綱別表２第４欄に定める補助基準額を基準額（Ａ）とする。 | BN60: 指定を受けた日の属する月に〇を記入 | BO60: 【補助対象期間の途中において、都知事又は都内区市町村長の指定を受けた事業所等のみ記入】 | BP60: 令和５年度 | BQ60: 燃料費 | BZ60: 25 | CA60: =CA$34 -> 8600 | CB60: ①交付要綱別表２第４欄に定める補助基準額を基準額（Ａ）とする。 | CC60: 指定を受けた日の属する月に〇を記入 | CD60: 【補助対象期間の途中において、都知事又は都内区市町村長の指定を受けた事業所等のみ記入】 | CE60: 令和５年度 | CF60: 燃料費 | CO60: 25 | CP60: =CP$34 -> 8600 | CQ60: ①交付要綱別表２第４欄に定める補助基準額を基準額（Ａ）とする。 | CR60: 指定を受けた日の属する月に〇を記入 | CS60: 【補助対象期間の途中において、都知事又は都内区市町村長の指定を受けた事業所等のみ記入】 | CT60: 令和５年度 | CU60: 燃料費 | DD60: 25 | DE60: =DE$34 -> 8600 | DF60: ①交付要綱別表２第４欄に定める補助基準額を基準額（Ａ）とする。 | DG60: 指定を受けた日の属する月に〇を記入 | DH60: 【補助対象期間の途中において、都知事又は都内区市町村長の指定を受けた事業所等のみ記入】 | DI60: 令和５年度 | DJ60: 燃料費 | DS60: 25 | DT60: =DT$34 -> 8600 | DU60: ①交付要綱別表２第４欄に定める補助基準額を基準額（Ａ）とする。 | DV60: 指定を受けた日の属する月に〇を記入 | DW60: 【補助対象期間の途中において、都知事又は都内区市町村長の指定を受けた事業所等のみ記入】 | DX60: 令和５年度 | DY60: 燃料費 | EH60: 25 | EI60: =EI$34 -> 8600 | EJ60: ①交付要綱別表２第４欄に定める補助基準額を基準額（Ａ）とする。 | EK60: 指定を受けた日の属する月に〇を記入 | EL60: 【補助対象期間の途中において、都知事又は都内区市町村長の指定を受けた事業所等のみ記入】 | EM60: 令和５年度 | EN60: 燃料費 | EW60: 25 | EX60: =EX$34 -> 8600 | EY60: ①交付要綱別表２第４欄に定める補助基準額を基準額（Ａ）とする。 | EZ60: 指定を受けた日の属する月に〇を記入 | FA60: 【補助対象期間の途中において、都知事又は都内区市町村長の指定を受けた事業所等のみ記入】 | FB60: 令和５年度 | FC60: 燃料費 | FL60: 25 | FM60: =FM$34 -> 8600 | FN60: ①交付要綱別表２第４欄に定める補助基準額を基準額（Ａ）とする。 | FO60: 指定を受けた日の属する月に〇を記入 | FP60: 【補助対象期間の途中において、都知事又は都内区市町村長の指定を受けた事業所等のみ記入】 | FQ60: 令和５年度 | FR60: 燃料費 | GA60: 25 | GB60: =GB$34 -> 8600 | GC60: ①交付要綱別表２第４欄に定める補助基準額を基準額（Ａ）とする。 | GD60: 指定を受けた日の属する月に〇を記入 | GE60: 【補助対象期間の途中において、都知事又は都内区市町村長の指定を受けた事業所等のみ記入】 | GF60: 令和５年度 | GG60: 燃料費 | GP60: 25 | GQ60: =GQ$34 -> 8600 | GR60: ①交付要綱別表２第４欄に定める補助基準額を基準額（Ａ）とする。 | GS60: 指定を受けた日の属する月に〇を記入 | GT60: 【補助対象期間の途中において、都知事又は都内区市町村長の指定を受けた事業所等のみ記入】 | GU60: 令和５年度 | GV60: 燃料費 | HE60: 25 | HF60: =HF$34 -> 8600 | HG60: ①交付要綱別表２第４欄に定める補助基準額を基準額（Ａ）とする。 | HH60: 指定を受けた日の属する月に〇を記入 | HI60: 【補助対象期間の途中において、都知事又は都内区市町村長の指定を受けた事業所等のみ記入】 | HJ60: 令和５年度 | HK60: 燃料費
C61: 26 | D61: =D$34 -> 8600 | E61: ①交付要綱別表２第４欄に定める補助基準額を基準額（Ａ）とする。 | F61: 指定を受けた日の属する月に〇を記入 | G61: 【補助対象期間の途中において、都知事又は都内区市町村長の指定を受けた事業所等のみ記入】 | H61: 令和５年度 | I61: 燃料費 | R61: 26 | S61: =S$34 -> 8600 | T61: ①交付要綱別表２第４欄に定める補助基準額を基準額（Ａ）とする。 | U61: 指定を受けた日の属する月に〇を記入 | V61: 【補助対象期間の途中において、都知事又は都内区市町村長の指定を受けた事業所等のみ記入】 | W61: 令和５年度 | X61: 燃料費 | AG61: 26 | AH61: =AH$34 -> 8600 | AI61: ①交付要綱別表２第４欄に定める補助基準額を基準額（Ａ）とする。 | AJ61: 指定を受けた日の属する月に〇を記入 | AK61: 【補助対象期間の途中において、都知事又は都内区市町村長の指定を受けた事業所等のみ記入】 | AL61: 令和５年度 | AM61: 燃料費 | AV61: 26 | AW61: =AW$34 -> 8600 | AX61: ①交付要綱別表２第４欄に定める補助基準額を基準額（Ａ）とする。 | AY61: 指定を受けた日の属する月に〇を記入 | AZ61: 【補助対象期間の途中において、都知事又は都内区市町村長の指定を受けた事業所等のみ記入】 | BA61: 令和５年度 | BB61: 燃料費 | BK61: 26 | BL61: =BL$34 -> 8600 | BM61: ①交付要綱別表２第４欄に定める補助基準額を基準額（Ａ）とする。 | BN61: 指定を受けた日の属する月に〇を記入 | BO61: 【補助対象期間の途中において、都知事又は都内区市町村長の指定を受けた事業所等のみ記入】 | BP61: 令和５年度 | BQ61: 燃料費 | BZ61: 26 | CA61: =CA$34 -> 8600 | CB61: ①交付要綱別表２第４欄に定める補助基準額を基準額（Ａ）とする。 | CC61: 指定を受けた日の属する月に〇を記入 | CD61: 【補助対象期間の途中において、都知事又は都内区市町村長の指定を受けた事業所等のみ記入】 | CE61: 令和５年度 | CF61: 燃料費 | CO61: 26 | CP61: =CP$34 -> 8600 | CQ61: ①交付要綱別表２第４欄に定める補助基準額を基準額（Ａ）とする。 | CR61: 指定を受けた日の属する月に〇を記入 | CS61: 【補助対象期間の途中において、都知事又は都内区市町村長の指定を受けた事業所等のみ記入】 | CT61: 令和５年度 | CU61: 燃料費 | DD61: 26 | DE61: =DE$34 -> 8600 | DF61: ①交付要綱別表２第４欄に定める補助基準額を基準額（Ａ）とする。 | DG61: 指定を受けた日の属する月に〇を記入 | DH61: 【補助対象期間の途中において、都知事又は都内区市町村長の指定を受けた事業所等のみ記入】 | DI61: 令和５年度 | DJ61: 燃料費 | DS61: 26 | DT61: =DT$34 -> 8600 | DU61: ①交付要綱別表２第４欄に定める補助基準額を基準額（Ａ）とする。 | DV61: 指定を受けた日の属する月に〇を記入 | DW61: 【補助対象期間の途中において、都知事又は都内区市町村長の指定を受けた事業所等のみ記入】 | DX61: 令和５年度 | DY61: 燃料費 | EH61: 26 | EI61: =EI$34 -> 8600 | EJ61: ①交付要綱別表２第４欄に定める補助基準額を基準額（Ａ）とする。 | EK61: 指定を受けた日の属する月に〇を記入 | EL61: 【補助対象期間の途中において、都知事又は都内区市町村長の指定を受けた事業所等のみ記入】 | EM61: 令和５年度 | EN61: 燃料費 | EW61: 26 | EX61: =EX$34 -> 8600 | EY61: ①交付要綱別表２第４欄に定める補助基準額を基準額（Ａ）とする。 | EZ61: 指定を受けた日の属する月に〇を記入 | FA61: 【補助対象期間の途中において、都知事又は都内区市町村長の指定を受けた事業所等のみ記入】 | FB61: 令和５年度 | FC61: 燃料費 | FL61: 26 | FM61: =FM$34 -> 8600 | FN61: ①交付要綱別表２第４欄に定める補助基準額を基準額（Ａ）とする。 | FO61: 指定を受けた日の属する月に〇を記入 | FP61: 【補助対象期間の途中において、都知事又は都内区市町村長の指定を受けた事業所等のみ記入】 | FQ61: 令和５年度 | FR61: 燃料費 | GA61: 26 | GB61: =GB$34 -> 8600 | GC61: ①交付要綱別表２第４欄に定める補助基準額を基準額（Ａ）とする。 | GD61: 指定を受けた日の属する月に〇を記入 | GE61: 【補助対象期間の途中において、都知事又は都内区市町村長の指定を受けた事業所等のみ記入】 | GF61: 令和５年度 | GG61: 燃料費 | GP61: 26 | GQ61: =GQ$34 -> 8600 | GR61: ①交付要綱別表２第４欄に定める補助基準額を基準額（Ａ）とする。 | GS61: 指定を受けた日の属する月に〇を記入 | GT61: 【補助対象期間の途中において、都知事又は都内区市町村長の指定を受けた事業所等のみ記入】 | GU61: 令和５年度 | GV61: 燃料費 | HE61: 26 | HF61: =HF$34 -> 8600 | HG61: ①交付要綱別表２第４欄に定める補助基準額を基準額（Ａ）とする。 | HH61: 指定を受けた日の属する月に〇を記入 | HI61: 【補助対象期間の途中において、都知事又は都内区市町村長の指定を受けた事業所等のみ記入】 | HJ61: 令和５年度 | HK61: 燃料費
H63: 番号 | I63: =VLOOKUP(M$4,G$64:I$89,3,FALSE) -> #N/A | W63: 番号 | X63: =VLOOKUP(AB$4,V$64:X$89,3,FALSE) -> #N/A | AL63: 番号 | AM63: =VLOOKUP(AQ$4,AK$64:AM$89,3,FALSE) -> #N/A | BA63: 番号 | BB63: =VLOOKUP(BF$4,AZ$64:BB$89,3,FALSE) -> #N/A | BP63: 番号 | BQ63: =VLOOKUP(BU$4,BO$64:BQ$89,3,FALSE) -> #N/A | CE63: 番号 | CF63: =VLOOKUP(CJ$4,CD$64:CF$89,3,FALSE) -> #N/A | CT63: 番号 | CU63: =VLOOKUP(CY$4,CS$64:CU$89,3,FALSE) -> #N/A | DI63: 番号 | DJ63: =VLOOKUP(DN$4,DH$64:DJ$89,3,FALSE) -> #N/A | DX63: 番号 | DY63: =VLOOKUP(EC$4,DW$64:DY$89,3,FALSE) -> #N/A | EM63: 番号 | EN63: =VLOOKUP(ER$4,EL$64:EN$89,3,FALSE) -> #N/A | FB63: 番号 | FC63: =VLOOKUP(FG$4,FA$64:FC$89,3,FALSE) -> #N/A | FQ63: 番号 | FR63: =VLOOKUP(FV$4,FP$64:FR$89,3,FALSE) -> #N/A | GF63: 番号 | GG63: =VLOOKUP(GK$4,GE$64:GG$89,3,FALSE) -> #N/A | GU63: 番号 | GV63: =VLOOKUP(GZ$4,GT$64:GV$89,3,FALSE) -> #N/A | HJ63: 番号 | HK63: =VLOOKUP(HO$4,HI$64:HK$89,3,FALSE) -> #N/A
E64: 入所系 | G64: 障害者支援施設 | I64: 1 | T64: 入所系 | V64: 障害者支援施設 | X64: 1 | AI64: 入所系 | AK64: 障害者支援施設 | AM64: 1 | AX64: 入所系 | AZ64: 障害者支援施設 | BB64: 1 | BM64: 入所系 | BO64: 障害者支援施設 | BQ64: 1 | CB64: 入所系 | CD64: 障害者支援施設 | CF64: 1 | CQ64: 入所系 | CS64: 障害者支援施設 | CU64: 1 | DF64: 入所系 | DH64: 障害者支援施設 | DJ64: 1 | DU64: 入所系 | DW64: 障害者支援施設 | DY64: 1 | EJ64: 入所系 | EL64: 障害者支援施設 | EN64: 1 | EY64: 入所系 | FA64: 障害者支援施設 | FC64: 1 | FN64: 入所系 | FP64: 障害者支援施設 | FR64: 1 | GC64: 入所系 | GE64: 障害者支援施設 | GG64: 1 | GR64: 入所系 | GT64: 障害者支援施設 | GV64: 1 | HG64: 入所系 | HI64: 障害者支援施設 | HK64: 1
G65: 福祉型障害児入所施設 | I65: 2 | V65: 福祉型障害児入所施設 | X65: 2 | AK65: 福祉型障害児入所施設 | AM65: 2 | AZ65: 福祉型障害児入所施設 | BB65: 2 | BO65: 福祉型障害児入所施設 | BQ65: 2 | CD65: 福祉型障害児入所施設 | CF65: 2 | CS65: 福祉型障害児入所施設 | CU65: 2 | DH65: 福祉型障害児入所施設 | DJ65: 2 | DW65: 福祉型障害児入所施設 | DY65: 2 | EL65: 福祉型障害児入所施設 | EN65: 2 | FA65: 福祉型障害児入所施設 | FC65: 2 | FP65: 福祉型障害児入所施設 | FR65: 2 | GE65: 福祉型障害児入所施設 | GG65: 2 | GT65: 福祉型障害児入所施設 | GV65: 2 | HI65: 福祉型障害児入所施設 | HK65: 2
G66: 医療型障害児入所施設 | I66: 3 | V66: 医療型障害児入所施設 | X66: 3 | AK66: 医療型障害児入所施設 | AM66: 3 | AZ66: 医療型障害児入所施設 | BB66: 3 | BO66: 医療型障害児入所施設 | BQ66: 3 | CD66: 医療型障害児入所施設 | CF66: 3 | CS66: 医療型障害児入所施設 | CU66: 3 | DH66: 医療型障害児入所施設 | DJ66: 3 | DW66: 医療型障害児入所施設 | DY66: 3 | EL66: 医療型障害児入所施設 | EN66: 3 | FA66: 医療型障害児入所施設 | FC66: 3 | FP66: 医療型障害児入所施設 | FR66: 3 | GE66: 医療型障害児入所施設 | GG66: 3 | GT66: 医療型障害児入所施設 | GV66: 3 | HI66: 医療型障害児入所施設 | HK66: 3
G67: 都外施設 | I67: 4 | V67: 都外施設 | X67: 4 | AK67: 都外施設 | AM67: 4 | AZ67: 都外施設 | BB67: 4 | BO67: 都外施設 | BQ67: 4 | CD67: 都外施設 | CF67: 4 | CS67: 都外施設 | CU67: 4 | DH67: 都外施設 | DJ67: 4 | DW67: 都外施設 | DY67: 4 | EL67: 都外施設 | EN67: 4 | FA67: 都外施設 | FC67: 4 | FP67: 都外施設 | FR67: 4 | GE67: 都外施設 | GG67: 4 | GT67: 都外施設 | GV67: 4 | HI67: 都外施設 | HK67: 4
G68: 共同生活援助 | I68: 5 | V68: 共同生活援助 | X68: 5 | AK68: 共同生活援助 | AM68: 5 | AZ68: 共同生活援助 | BB68: 5 | BO68: 共同生活援助 | BQ68: 5 | CD68: 共同生活援助 | CF68: 5 | CS68: 共同生活援助 | CU68: 5 | DH68: 共同生活援助 | DJ68: 5 | DW68: 共同生活援助 | DY68: 5 | EL68: 共同生活援助 | EN68: 5 | FA68: 共同生活援助 | FC68: 5 | FP68: 共同生活援助 | FR68: 5 | GE68: 共同生活援助 | GG68: 5 | GT68: 共同生活援助 | GV68: 5 | HI68: 共同生活援助 | HK68: 5
G69: 短期入所 | I69: 6 | V69: 短期入所 | X69: 6 | AK69: 短期入所 | AM69: 6 | AZ69: 短期入所 | BB69: 6 | BO69: 短期入所 | BQ69: 6 | CD69: 短期入所 | CF69: 6 | CS69: 短期入所 | CU69: 6 | DH69: 短期入所 | DJ69: 6 | DW69: 短期入所 | DY69: 6 | EL69: 短期入所 | EN69: 6 | FA69: 短期入所 | FC69: 6 | FP69: 短期入所 | FR69: 6 | GE69: 短期入所 | GG69: 6 | GT69: 短期入所 | GV69: 6 | HI69: 短期入所 | HK69: 6
E70: 通所系 | G70: 生活介護 | I70: 7 | T70: 通所系 | V70: 生活介護 | X70: 7 | AI70: 通所系 | AK70: 生活介護 | AM70: 7 | AX70: 通所系 | AZ70: 生活介護 | BB70: 7 | BM70: 通所系 | BO70: 生活介護 | BQ70: 7 | CB70: 通所系 | CD70: 生活介護 | CF70: 7 | CQ70: 通所系 | CS70: 生活介護 | CU70: 7 | DF70: 通所系 | DH70: 生活介護 | DJ70: 7 | DU70: 通所系 | DW70: 生活介護 | DY70: 7 | EJ70: 通所系 | EL70: 生活介護 | EN70: 7 | EY70: 通所系 | FA70: 生活介護 | FC70: 7 | FN70: 通所系 | FP70: 生活介護 | FR70: 7 | GC70: 通所系 | GE70: 生活介護 | GG70: 7 | GR70: 通所系 | GT70: 生活介護 | GV70: 7 | HG70: 通所系 | HI70: 生活介護 | HK70: 7
G71: 宿泊型自立訓練 | I71: 8 | V71: 宿泊型自立訓練 | X71: 8 | AK71: 宿泊型自立訓練 | AM71: 8 | AZ71: 宿泊型自立訓練 | BB71: 8 | BO71: 宿泊型自立訓練 | BQ71: 8 | CD71: 宿泊型自立訓練 | CF71: 8 | CS71: 宿泊型自立訓練 | CU71: 8 | DH71: 宿泊型自立訓練 | DJ71: 8 | DW71: 宿泊型自立訓練 | DY71: 8 | EL71: 宿泊型自立訓練 | EN71: 8 | FA71: 宿泊型自立訓練 | FC71: 8 | FP71: 宿泊型自立訓練 | FR71: 8 | GE71: 宿泊型自立訓練 | GG71: 8 | GT71: 宿泊型自立訓練 | GV71: 8 | HI71: 宿泊型自立訓練 | HK71: 8
G72: 自立訓練 | I72: 9 | V72: 自立訓練 | X72: 9 | AK72: 自立訓練 | AM72: 9 | AZ72: 自立訓練 | BB72: 9 | BO72: 自立訓練 | BQ72: 9 | CD72: 自立訓練 | CF72: 9 | CS72: 自立訓練 | CU72: 9 | DH72: 自立訓練 | DJ72: 9 | DW72: 自立訓練 | DY72: 9 | EL72: 自立訓練 | EN72: 9 | FA72: 自立訓練 | FC72: 9 | FP72: 自立訓練 | FR72: 9 | GE72: 自立訓練 | GG72: 9 | GT72: 自立訓練 | GV72: 9 | HI72: 自立訓練 | HK72: 9
G73: 就労移行支援 | I73: 10 | V73: 就労移行支援 | X73: 10 | AK73: 就労移行支援 | AM73: 10 | AZ73: 就労移行支援 | BB73: 10 | BO73: 就労移行支援 | BQ73: 10 | CD73: 就労移行支援 | CF73: 10 | CS73: 就労移行支援 | CU73: 10 | DH73: 就労移行支援 | DJ73: 10 | DW73: 就労移行支援 | DY73: 10 | EL73: 就労移行支援 | EN73: 10 | FA73: 就労移行支援 | FC73: 10 | FP73: 就労移行支援 | FR73: 10 | GE73: 就労移行支援 | GG73: 10 | GT73: 就労移行支援 | GV73: 10 | HI73: 就労移行支援 | HK73: 10
G74: 就労継続支援Ａ型 | I74: 11 | V74: 就労継続支援Ａ型 | X74: 11 | AK74: 就労継続支援Ａ型 | AM74: 11 | AZ74: 就労継続支援Ａ型 | BB74: 11 | BO74: 就労継続支援Ａ型 | BQ74: 11 | CD74: 就労継続支援Ａ型 | CF74: 11 | CS74: 就労継続支援Ａ型 | CU74: 11 | DH74: 就労継続支援Ａ型 | DJ74: 11 | DW74: 就労継続支援Ａ型 | DY74: 11 | EL74: 就労継続支援Ａ型 | EN74: 11 | FA74: 就労継続支援Ａ型 | FC74: 11 | FP74: 就労継続支援Ａ型 | FR74: 11 | GE74: 就労継続支援Ａ型 | GG74: 11 | GT74: 就労継続支援Ａ型 | GV74: 11 | HI74: 就労継続支援Ａ型 | HK74: 11
G75: 就労継続支援Ｂ型 | I75: 12 | V75: 就労継続支援Ｂ型 | X75: 12 | AK75: 就労継続支援Ｂ型 | AM75: 12 | AZ75: 就労継続支援Ｂ型 | BB75: 12 | BO75: 就労継続支援Ｂ型 | BQ75: 12 | CD75: 就労継続支援Ｂ型 | CF75: 12 | CS75: 就労継続支援Ｂ型 | CU75: 12 | DH75: 就労継続支援Ｂ型 | DJ75: 12 | DW75: 就労継続支援Ｂ型 | DY75: 12 | EL75: 就労継続支援Ｂ型 | EN75: 12 | FA75: 就労継続支援Ｂ型 | FC75: 12 | FP75: 就労継続支援Ｂ型 | FR75: 12 | GE75: 就労継続支援Ｂ型 | GG75: 12 | GT75: 就労継続支援Ｂ型 | GV75: 12 | HI75: 就労継続支援Ｂ型 | HK75: 12
G76: 児童発達支援 | I76: 13 | V76: 児童発達支援 | X76: 13 | AK76: 児童発達支援 | AM76: 13 | AZ76: 児童発達支援 | BB76: 13 | BO76: 児童発達支援 | BQ76: 13 | CD76: 児童発達支援 | CF76: 13 | CS76: 児童発達支援 | CU76: 13 | DH76: 児童発達支援 | DJ76: 13 | DW76: 児童発達支援 | DY76: 13 | EL76: 児童発達支援 | EN76: 13 | FA76: 児童発達支援 | FC76: 13 | FP76: 児童発達支援 | FR76: 13 | GE76: 児童発達支援 | GG76: 13 | GT76: 児童発達支援 | GV76: 13 | HI76: 児童発達支援 | HK76: 13
G77: 放課後等デイサービス | I77: 14 | V77: 放課後等デイサービス | X77: 14 | AK77: 放課後等デイサービス | AM77: 14 | AZ77: 放課後等デイサービス | BB77: 14 | BO77: 放課後等デイサービス | BQ77: 14 | CD77: 放課後等デイサービス | CF77: 14 | CS77: 放課後等デイサービス | CU77: 14 | DH77: 放課後等デイサービス | DJ77: 14 | DW77: 放課後等デイサービス | DY77: 14 | EL77: 放課後等デイサービス | EN77: 14 | FA77: 放課後等デイサービス | FC77: 14 | FP77: 放課後等デイサービス | FR77: 14 | GE77: 放課後等デイサービス | GG77: 14 | GT77: 放課後等デイサービス | GV77: 14 | HI77: 放課後等デイサービス | HK77: 14
E78: 訪問系 | G78: 居宅訪問型児童発達支援 | I78: 15 | T78: 訪問系 | V78: 居宅訪問型児童発達支援 | X78: 15 | AI78: 訪問系 | AK78: 居宅訪問型児童発達支援 | AM78: 15 | AX78: 訪問系 | AZ78: 居宅訪問型児童発達支援 | BB78: 15 | BM78: 訪問系 | BO78: 居宅訪問型児童発達支援 | BQ78: 15 | CB78: 訪問系 | CD78: 居宅訪問型児童発達支援 | CF78: 15 | CQ78: 訪問系 | CS78: 居宅訪問型児童発達支援 | CU78: 15 | DF78: 訪問系 | DH78: 居宅訪問型児童発達支援 | DJ78: 15 | DU78: 訪問系 | DW78: 居宅訪問型児童発達支援 | DY78: 15 | EJ78: 訪問系 | EL78: 居宅訪問型児童発達支援 | EN78: 15 | EY78: 訪問系 | FA78: 居宅訪問型児童発達支援 | FC78: 15 | FN78: 訪問系 | FP78: 居宅訪問型児童発達支援 | FR78: 15 | GC78: 訪問系 | GE78: 居宅訪問型児童発達支援 | GG78: 15 | GR78: 訪問系 | GT78: 居宅訪問型児童発達支援 | GV78: 15 | HG78: 訪問系 | HI78: 居宅訪問型児童発達支援 | HK78: 15
G79: 保育所等訪問支援 | I79: 16 | V79: 保育所等訪問支援 | X79: 16 | AK79: 保育所等訪問支援 | AM79: 16 | AZ79: 保育所等訪問支援 | BB79: 16 | BO79: 保育所等訪問支援 | BQ79: 16 | CD79: 保育所等訪問支援 | CF79: 16 | CS79: 保育所等訪問支援 | CU79: 16 | DH79: 保育所等訪問支援 | DJ79: 16 | DW79: 保育所等訪問支援 | DY79: 16 | EL79: 保育所等訪問支援 | EN79: 16 | FA79: 保育所等訪問支援 | FC79: 16 | FP79: 保育所等訪問支援 | FR79: 16 | GE79: 保育所等訪問支援 | GG79: 16 | GT79: 保育所等訪問支援 | GV79: 16 | HI79: 保育所等訪問支援 | HK79: 16
G80: 居宅介護 | I80: 17 | V80: 居宅介護 | X80: 17 | AK80: 居宅介護 | AM80: 17 | AZ80: 居宅介護 | BB80: 17 | BO80: 居宅介護 | BQ80: 17 | CD80: 居宅介護 | CF80: 17 | CS80: 居宅介護 | CU80: 17 | DH80: 居宅介護 | DJ80: 17 | DW80: 居宅介護 | DY80: 17 | EL80: 居宅介護 | EN80: 17 | FA80: 居宅介護 | FC80: 17 | FP80: 居宅介護 | FR80: 17 | GE80: 居宅介護 | GG80: 17 | GT80: 居宅介護 | GV80: 17 | HI80: 居宅介護 | HK80: 17
G81: 重度訪問介護 | I81: 18 | V81: 重度訪問介護 | X81: 18 | AK81: 重度訪問介護 | AM81: 18 | AZ81: 重度訪問介護 | BB81: 18 | BO81: 重度訪問介護 | BQ81: 18 | CD81: 重度訪問介護 | CF81: 18 | CS81: 重度訪問介護 | CU81: 18 | DH81: 重度訪問介護 | DJ81: 18 | DW81: 重度訪問介護 | DY81: 18 | EL81: 重度訪問介護 | EN81: 18 | FA81: 重度訪問介護 | FC81: 18 | FP81: 重度訪問介護 | FR81: 18 | GE81: 重度訪問介護 | GG81: 18 | GT81: 重度訪問介護 | GV81: 18 | HI81: 重度訪問介護 | HK81: 18
G82: 同行援護 | I82: 19 | V82: 同行援護 | X82: 19 | AK82: 同行援護 | AM82: 19 | AZ82: 同行援護 | BB82: 19 | BO82: 同行援護 | BQ82: 19 | CD82: 同行援護 | CF82: 19 | CS82: 同行援護 | CU82: 19 | DH82: 同行援護 | DJ82: 19 | DW82: 同行援護 | DY82: 19 | EL82: 同行援護 | EN82: 19 | FA82: 同行援護 | FC82: 19 | FP82: 同行援護 | FR82: 19 | GE82: 同行援護 | GG82: 19 | GT82: 同行援護 | GV82: 19 | HI82: 同行援護 | HK82: 19
G83: 行動援護 | I83: 20 | V83: 行動援護 | X83: 20 | AK83: 行動援護 | AM83: 20 | AZ83: 行動援護 | BB83: 20 | BO83: 行動援護 | BQ83: 20 | CD83: 行動援護 | CF83: 20 | CS83: 行動援護 | CU83: 20 | DH83: 行動援護 | DJ83: 20 | DW83: 行動援護 | DY83: 20 | EL83: 行動援護 | EN83: 20 | FA83: 行動援護 | FC83: 20 | FP83: 行動援護 | FR83: 20 | GE83: 行動援護 | GG83: 20 | GT83: 行動援護 | GV83: 20 | HI83: 行動援護 | HK83: 20
G84: 重度障害者等包括支援 | I84: 21 | V84: 重度障害者等包括支援 | X84: 21 | AK84: 重度障害者等包括支援 | AM84: 21 | AZ84: 重度障害者等包括支援 | BB84: 21 | BO84: 重度障害者等包括支援 | BQ84: 21 | CD84: 重度障害者等包括支援 | CF84: 21 | CS84: 重度障害者等包括支援 | CU84: 21 | DH84: 重度障害者等包括支援 | DJ84: 21 | DW84: 重度障害者等包括支援 | DY84: 21 | EL84: 重度障害者等包括支援 | EN84: 21 | FA84: 重度障害者等包括支援 | FC84: 21 | FP84: 重度障害者等包括支援 | FR84: 21 | GE84: 重度障害者等包括支援 | GG84: 21 | GT84: 重度障害者等包括支援 | GV84: 21 | HI84: 重度障害者等包括支援 | HK84: 21
E85: 相談系 | G85: 就労定着支援 | I85: 22 | T85: 相談系 | V85: 就労定着支援 | X85: 22 | AI85: 相談系 | AK85: 就労定着支援 | AM85: 22 | AX85: 相談系 | AZ85: 就労定着支援 | BB85: 22 | BM85: 相談系 | BO85: 就労定着支援 | BQ85: 22 | CB85: 相談系 | CD85: 就労定着支援 | CF85: 22 | CQ85: 相談系 | CS85: 就労定着支援 | CU85: 22 | DF85: 相談系 | DH85: 就労定着支援 | DJ85: 22 | DU85: 相談系 | DW85: 就労定着支援 | DY85: 22 | EJ85: 相談系 | EL85: 就労定着支援 | EN85: 22 | EY85: 相談系 | FA85: 就労定着支援 | FC85: 22 | FN85: 相談系 | FP85: 就労定着支援 | FR85: 22 | GC85: 相談系 | GE85: 就労定着支援 | GG85: 22 | GR85: 相談系 | GT85: 就労定着支援 | GV85: 22 | HG85: 相談系 | HI85: 就労定着支援 | HK85: 22
G86: 自立生活援助 | I86: 23 | V86: 自立生活援助 | X86: 23 | AK86: 自立生活援助 | AM86: 23 | AZ86: 自立生活援助 | BB86: 23 | BO86: 自立生活援助 | BQ86: 23 | CD86: 自立生活援助 | CF86: 23 | CS86: 自立生活援助 | CU86: 23 | DH86: 自立生活援助 | DJ86: 23 | DW86: 自立生活援助 | DY86: 23 | EL86: 自立生活援助 | EN86: 23 | FA86: 自立生活援助 | FC86: 23 | FP86: 自立生活援助 | FR86: 23 | GE86: 自立生活援助 | GG86: 23 | GT86: 自立生活援助 | GV86: 23 | HI86: 自立生活援助 | HK86: 23
G87: 計画相談支援 | I87: 24 | V87: 計画相談支援 | X87: 24 | AK87: 計画相談支援 | AM87: 24 | AZ87: 計画相談支援 | BB87: 24 | BO87: 計画相談支援 | BQ87: 24 | CD87: 計画相談支援 | CF87: 24 | CS87: 計画相談支援 | CU87: 24 | DH87: 計画相談支援 | DJ87: 24 | DW87: 計画相談支援 | DY87: 24 | EL87: 計画相談支援 | EN87: 24 | FA87: 計画相談支援 | FC87: 24 | FP87: 計画相談支援 | FR87: 24 | GE87: 計画相談支援 | GG87: 24 | GT87: 計画相談支援 | GV87: 24 | HI87: 計画相談支援 | HK87: 24
G88: 地域相談支援 | I88: 25 | V88: 地域相談支援 | X88: 25 | AK88: 地域相談支援 | AM88: 25 | AZ88: 地域相談支援 | BB88: 25 | BO88: 地域相談支援 | BQ88: 25 | CD88: 地域相談支援 | CF88: 25 | CS88: 地域相談支援 | CU88: 25 | DH88: 地域相談支援 | DJ88: 25 | DW88: 地域相談支援 | DY88: 25 | EL88: 地域相談支援 | EN88: 25 | FA88: 地域相談支援 | FC88: 25 | FP88: 地域相談支援 | FR88: 25 | GE88: 地域相談支援 | GG88: 25 | GT88: 地域相談支援 | GV88: 25 | HI88: 地域相談支援 | HK88: 25
G89: 障害児相談支援 | I89: 26 | V89: 障害児相談支援 | X89: 26 | AK89: 障害児相談支援 | AM89: 26 | AZ89: 障害児相談支援 | BB89: 26 | BO89: 障害児相談支援 | BQ89: 26 | CD89: 障害児相談支援 | CF89: 26 | CS89: 障害児相談支援 | CU89: 26 | DH89: 障害児相談支援 | DJ89: 26 | DW89: 障害児相談支援 | DY89: 26 | EL89: 障害児相談支援 | EN89: 26 | FA89: 障害児相談支援 | FC89: 26 | FP89: 障害児相談支援 | FR89: 26 | GE89: 障害児相談支援 | GG89: 26 | GT89: 障害児相談支援 | GV89: 26 | HI89: 障害児相談支援 | HK89: 26
B91: 合計額 | I91: =M10 -> 0 | Q91: 合計額 | X91: =AB10 -> 0 | AF91: 合計額 | AM91: =AQ10 -> 0 | AU91: 合計額 | BB91: =BF10 -> 0 | BJ91: 合計額 | BQ91: =BU10 -> 0 | BY91: 合計額 | CF91: =CJ10 -> 0 | CN91: 合計額 | CU91: =CY10 -> 0 | DC91: 合計額 | DJ91: =DN10 -> 0 | DR91: 合計額 | DY91: =EC10 -> 0 | EG91: 合計額 | EN91: =ER10 -> 0 | EV91: 合計額 | FC91: =FG10 -> 0 | FK91: 合計額 | FR91: =FV10 -> 0 | FZ91: 合計額 | GG91: =GK10 -> 0 | GO91: 合計額 | GV91: =GZ10 -> 0 | HD91: 合計額 | HK91: =HO10 -> 0

Sheet 別紙2 使用経費
A1: 別紙2 | B1: 法人名 | C1: ='別紙1 実績調書'!M2 -> 0 | P1: 別紙2-2 | Q1: 法人名 | R1: ='別紙1 実績調書'!AB2 -> 0 | AE1: 別紙2-3 | AF1: 法人名 | AG1: ='別紙1 実績調書'!AQ2 -> 0 | AT1: 別紙2-4 | AU1: 法人名 | AV1: ='別紙1 実績調書'!BF2 -> 0 | BI1: 別紙2-5 | BJ1: 法人名 | BK1: ='別紙1 実績調書'!BU2 -> 0 | BX1: 別紙2-6 | BY1: 法人名 | BZ1: ='別紙1 実績調書'!CJ2 -> 0 | CM1: 別紙2-7 | CN1: 法人名 | CO1: ='別紙1 実績調書'!CY2 -> 0 | DB1: 別紙2-8 | DC1: 法人名 | DD1: ='別紙1 実績調書'!DN2 -> 0 | DQ1: 別紙2-9 | DR1: 法人名 | DS1: ='別紙1 実績調書'!EC2 -> 0 | EF1: 別紙2-10 | EG1: 法人名 | EH1: ='別紙1 実績調書'!ER2 -> 0 | EU1: 別紙2-11 | EV1: 法人名 | EW1: ='別紙1 実績調書'!FG2 -> 0 | FJ1: 別紙2-12 | FK1: 法人名 | FL1: ='別紙1 実績調書'!FV2 -> 0 | FY1: 別紙2-13 | FZ1: 法人名 | GA1: ='別紙1 実績調書'!GK2 -> 0 | GN1: 別紙2-14 | GO1: 法人名 | GP1: ='別紙1 実績調書'!GZ2 -> 0 | HC1: 別紙2-15 | HD1: 法人名 | HE1: ='別紙1 実績調書'!HO2 -> 0
B2: 施設等の名称 | C2: ='別紙1 実績調書'!M3 -> 0 | Q2: 施設等の名称 | R2: ='別紙1 実績調書'!AB3 -> 0 | AF2: 施設等の名称 | AG2: ='別紙1 実績調書'!AQ3 -> 0 | AU2: 施設等の名称 | AV2: ='別紙1 実績調書'!BF3 -> 0 | BJ2: 施設等の名称 | BK2: ='別紙1 実績調書'!BU3 -> 0 | BY2: 施設等の名称 | BZ2: ='別紙1 実績調書'!CJ3 -> 0 | CN2: 施設等の名称 | CO2: ='別紙1 実績調書'!CY3 -> 0 | DC2: 施設等の名称 | DD2: ='別紙1 実績調書'!DN3 -> 0 | DR2: 施設等の名称 | DS2: ='別紙1 実績調書'!EC3 -> 0 | EG2: 施設等の名称 | EH2: ='別紙1 実績調書'!ER3 -> 0 | EV2: 施設等の名称 | EW2: ='別紙1 実績調書'!FG3 -> 0 | FK2: 施設等の名称 | FL2: ='別紙1 実績調書'!FV3 -> 0 | FZ2: 施設等の名称 | GA2: ='別紙1 実績調書'!GK3 -> 0 | GO2: 施設等の名称 | GP2: ='別紙1 実績調書'!GZ3 -> 0 | HD2: 施設等の名称 | HE2: ='別紙1 実績調書'!HO3 -> 0
B3: 施設種別 | C3: ='別紙1 実績調書'!M4 -> 0 | Q3: 施設種別 | R3: ='別紙1 実績調書'!AB4 -> 0 | AF3: 施設種別 | AG3: ='別紙1 実績調書'!AQ4 -> 0 | AU3: 施設種別 | AV3: ='別紙1 実績調書'!BF4 -> 0 | BJ3: 施設種別 | BK3: ='別紙1 実績調書'!BU4 -> 0 | BY3: 施設種別 | BZ3: ='別紙1 実績調書'!CJ4 -> 0 | CN3: 施設種別 | CO3: ='別紙1 実績調書'!CY4 -> 0 | DC3: 施設種別 | DD3: ='別紙1 実績調書'!DN4 -> 0 | DR3: 施設種別 | DS3: ='別紙1 実績調書'!EC4 -> 0 | EG3: 施設種別 | EH3: ='別紙1 実績調書'!ER4 -> 0 | EV3: 施設種別 | EW3: ='別紙1 実績調書'!FG4 -> 0 | FK3: 施設種別 | FL3: ='別紙1 実績調書'!FV4 -> 0 | FZ3: 施設種別 | GA3: ='別紙1 実績調書'!GK4 -> 0 | GO3: 施設種別 | GP3: ='別紙1 実績調書'!GZ4 -> 0 | HD3: 施設種別 | HE3: ='別紙1 実績調書'!HO4 -> 0
B4: 事業者番号 | C4: ='別紙1 実績調書'!M5 -> 0 | Q4: 事業者番号 | R4: ='別紙1 実績調書'!AB5 -> 0 | AF4: 事業者番号 | AG4: ='別紙1 実績調書'!AQ5 -> 0 | AU4: 事業者番号 | AV4: ='別紙1 実績調書'!BF5 -> 0 | BJ4: 事業者番号 | BK4: ='別紙1 実績調書'!BU5 -> 0 | BY4: 事業者番号 | BZ4: ='別紙1 実績調書'!CJ5 -> 0 | CN4: 事業者番号 | CO4: ='別紙1 実績調書'!CY5 -> 0 | DC4: 事業者番号 | DD4: ='別紙1 実績調書'!DN5 -> 0 | DR4: 事業者番号 | DS4: ='別紙1 実績調書'!EC5 -> 0 | EG4: 事業者番号 | EH4: ='別紙1 実績調書'!ER5 -> 0 | EV4: 事業者番号 | EW4: ='別紙1 実績調書'!FG5 -> 0 | FK4: 事業者番号 | FL4: ='別紙1 実績調書'!FV5 -> 0 | FZ4: 事業者番号 | GA4: ='別紙1 実績調書'!GK5 -> 0 | GO4: 事業者番号 | GP4: ='別紙1 実績調書'!GZ5 -> 0 | HD4: 事業者番号 | HE4: ='別紙1 実績調書'!HO5 -> 0
A6: 補助対象の費用の総額表 | P6: 補助対象の費用の総額表 | AE6: 補助対象の費用の総額表 | AT6: 補助対象の費用の総額表 | BI6: 補助対象の費用の総額表 | BX6: 補助対象の費用の総額表 | CM6: 補助対象の費用の総額表 | DB6: 補助対象の費用の総額表 | DQ6: 補助対象の費用の総額表 | EF6: 補助対象の費用の総額表 | EU6: 補助対象の費用の総額表 | FJ6: 補助対象の費用の総額表 | FY6: 補助対象の費用の総額表 | GN6: 補助対象の費用の総額表 | HC6: 補助対象の費用の総額表
A7: （R5.4月～9月までの対象経費の総額） | P7: （R5.4月～9月までの対象経費の総額） | AE7: （R5.4月～9月までの対象経費の総額） | AT7: （R5.4月～9月までの対象経費の総額） | BI7: （R5.4月～9月までの対象経費の総額） | BX7: （R5.4月～9月までの対象経費の総額） | CM7: （R5.4月～9月までの対象経費の総額） | DB7: （R5.4月～9月までの対象経費の総額） | DQ7: （R5.4月～9月までの対象経費の総額） | EF7: （R5.4月～9月までの対象経費の総額） | EU7: （R5.4月～9月までの対象経費の総額） | FJ7: （R5.4月～9月までの対象経費の総額） | FY7: （R5.4月～9月までの対象経費の総額） | GN7: （R5.4月～9月までの対象経費の総額） | HC7: （R5.4月～9月までの対象経費の総額）
C9: （円） | R9: （円） | AG9: （円） | AV9: （円） | BK9: （円） | BZ9: （円） | CO9: （円） | DD9: （円） | DS9: （円） | EH9: （円） | EW9: （円） | FL9: （円） | GA9: （円） | GP9: （円） | HE9: （円）
B10: 光熱費 | C10: =IFERROR(VLOOKUP('別紙1 実績調書'!I63,'別紙1 実績調書'!$C$36:$I$61,7,FALSE),"error") -> error | Q10: 光熱費 | R10: =IFERROR(VLOOKUP('別紙1 実績調書'!X63,'別紙1 実績調書'!$C$36:$I$61,7,FALSE),"error") -> error | AF10: 光熱費 | AG10: =IFERROR(VLOOKUP('別紙1 実績調書'!AM63,'別紙1 実績調書'!$C$36:$I$61,7,FALSE),"error") -> error | AU10: 光熱費 | AV10: =IFERROR(VLOOKUP('別紙1 実績調書'!BB63,'別紙1 実績調書'!$C$36:$I$61,7,FALSE),"error") -> error | BJ10: 光熱費 | BK10: =IFERROR(VLOOKUP('別紙1 実績調書'!BQ63,'別紙1 実績調書'!$C$36:$I$61,7,FALSE),"error") -> error | BY10: 光熱費 | BZ10: =IFERROR(VLOOKUP('別紙1 実績調書'!CF63,'別紙1 実績調書'!$C$36:$I$61,7,FALSE),"error") -> error | CN10: 光熱費 | CO10: =IFERROR(VLOOKUP('別紙1 実績調書'!CU63,'別紙1 実績調書'!$C$36:$I$61,7,FALSE),"error") -> error | DC10: 光熱費 | DD10: =IFERROR(VLOOKUP('別紙1 実績調書'!DJ63,'別紙1 実績調書'!$C$36:$I$61,7,FALSE),"error") -> error | DR10: 光熱費 | DS10: =IFERROR(VLOOKUP('別紙1 実績調書'!DY63,'別紙1 実績調書'!$C$36:$I$61,7,FALSE),"error") -> error | EG10: 光熱費 | EH10: =IFERROR(VLOOKUP('別紙1 実績調書'!EN63,'別紙1 実績調書'!$C$36:$I$61,7,FALSE),"error") -> error | EV10: 光熱費 | EW10: =IFERROR(VLOOKUP('別紙1 実績調書'!FC63,'別紙1 実績調書'!$C$36:$I$61,7,FALSE),"error") -> error | FK10: 光熱費 | FL10: =IFERROR(VLOOKUP('別紙1 実績調書'!FR63,'別紙1 実績調書'!$C$36:$I$61,7,FALSE),"error") -> error | FZ10: 光熱費 | GA10: =IFERROR(VLOOKUP('別紙1 実績調書'!GG63,'別紙1 実績調書'!$C$36:$I$61,7,FALSE),"error") -> error | GO10: 光熱費 | GP10: =IFERROR(VLOOKUP('別紙1 実績調書'!GV63,'別紙1 実績調書'!$C$36:$I$61,7,FALSE),"error") -> error | HD10: 光熱費 | HE10: =IFERROR(VLOOKUP('別紙1 実績調書'!HK63,'別紙1 実績調書'!$C$36:$I$61,7,FALSE),"error") -> error
A11: 令和５年４月分 | P11: 令和５年４月分 | AE11: 令和５年４月分 | AT11: 令和５年４月分 | BI11: 令和５年４月分 | BX11: 令和５年４月分 | CM11: 令和５年４月分 | DB11: 令和５年４月分 | DQ11: 令和５年４月分 | EF11: 令和５年４月分 | EU11: 令和５年４月分 | FJ11: 令和５年４月分 | FY11: 令和５年４月分 | GN11: 令和５年４月分 | HC11: 令和５年４月分
A12: 令和５年５月分 | P12: 令和５年５月分 | AE12: 令和５年５月分 | AT12: 令和５年５月分 | BI12: 令和５年５月分 | BX12: 令和５年５月分 | CM12: 令和５年５月分 | DB12: 令和５年５月分 | DQ12: 令和５年５月分 | EF12: 令和５年５月分 | EU12: 令和５年５月分 | FJ12: 令和５年５月分 | FY12: 令和５年５月分 | GN12: 令和５年５月分 | HC12: 令和５年５月分
A13: 令和５年６月分 | P13: 令和５年６月分 | AE13: 令和５年６月分 | AT13: 令和５年６月分 | BI13: 令和５年６月分 | BX13: 令和５年６月分 | CM13: 令和５年６月分 | DB13: 令和５年６月分 | DQ13: 令和５年６月分 | EF13: 令和５年６月分 | EU13: 令和５年６月分 | FJ13: 令和５年６月分 | FY13: 令和５年６月分 | GN13: 令和５年６月分 | HC13: 令和５年６月分
A14: 令和５年７月分 | P14: 令和５年７月分 | AE14: 令和５年７月分 | AT14: 令和５年７月分 | BI14: 令和５年７月分 | BX14: 令和５年７月分 | CM14: 令和５年７月分 | DB14: 令和５年７月分 | DQ14: 令和５年７月分 | EF14: 令和５年７月分 | EU14: 令和５年７月分 | FJ14: 令和５年７月分 | FY14: 令和５年７月分 | GN14: 令和５年７月分 | HC14: 令和５年７月分
A15: 令和５年８月分 | P15: 令和５年８月分 | AE15: 令和５年８月分 | AT15: 令和５年８月分 | BI15: 令和５年８月分 | BX15: 令和５年８月分 | CM15: 令和５年８月分 | DB15: 令和５年８月分 | DQ15: 令和５年８月分 | EF15: 令和５年８月分 | EU15: 令和５年８月分 | FJ15: 令和５年８月分 | FY15: 令和５年８月分 | GN15: 令和５年８月分 | HC15: 令和５年８月分
A16: 令和５年９月分 | P16: 令和５年９月分 | AE16: 令和５年９月分 | AT16: 令和５年９月分 | BI16: 令和５年９月分 | BX16: 令和５年９月分 | CM16: 令和５年９月分 | DB16: 令和５年９月分 | DQ16: 令和５年９月分 | EF16: 令和５年９月分 | EU16: 令和５年９月分 | FJ16: 令和５年９月分 | FY16: 令和５年９月分 | GN16: 令和５年９月分 | HC16: 令和５年９月分
A17: 小計 | B17: =SUM(B11:B16) -> 0 | C17: =SUM(C11:C16) -> 0 | P17: 小計 | Q17: =SUM(Q11:Q16) -> 0 | R17: =SUM(R11:R16) -> 0 | AE17: 小計 | AF17: =SUM(AF11:AF16) -> 0 | AG17: =SUM(AG11:AG16) -> 0 | AT17: 小計 | AU17: =SUM(AU11:AU16) -> 0 | AV17: =SUM(AV11:AV16) -> 0 | BI17: 小計 | BJ17: =SUM(BJ11:BJ16) -> 0 | BK17: =SUM(BK11:BK16) -> 0 | BX17: 小計 | BY17: =SUM(BY11:BY16) -> 0 | BZ17: =SUM(BZ11:BZ16) -> 0 | CM17: 小計 | CN17: =SUM(CN11:CN16) -> 0 | CO17: =SUM(CO11:CO16) -> 0 | DB17: 小計 | DC17: =SUM(DC11:DC16) -> 0 | DD17: =SUM(DD11:DD16) -> 0 | DQ17: 小計 | DR17: =SUM(DR11:DR16) -> 0 | DS17: =SUM(DS11:DS16) -> 0 | EF17: 小計 | EG17: =SUM(EG11:EG16) -> 0 | EH17: =SUM(EH11:EH16) -> 0 | EU17: 小計 | EV17: =SUM(EV11:EV16) -> 0 | EW17: =SUM(EW11:EW16) -> 0 | FJ17: 小計 | FK17: =SUM(FK11:FK16) -> 0 | FL17: =SUM(FL11:FL16) -> 0 | FY17: 小計 | FZ17: =SUM(FZ11:FZ16) -> 0 | GA17: =SUM(GA11:GA16) -> 0 | GN17: 小計 | GO17: =SUM(GO11:GO16) -> 0 | GP17: =SUM(GP11:GP16) -> 0 | HC17: 小計 | HD17: =SUM(HD11:HD16) -> 0 | HE17: =SUM(HE11:HE16) -> 0
A18: 小計（消費税税抜相当額） | B18: =ROUNDDOWN(B17/1.1,0) -> 0 | C18: =IF(C10="食材費",ROUNDDOWN(C17/1.08,0),ROUNDDOWN(C17/1.1,0)) -> 0 | P18: 小計（消費税税抜相当額） | Q18: =ROUNDDOWN(Q17/1.1,0) -> 0 | R18: =IF(R10="食材費",ROUNDDOWN(R17/1.08,0),ROUNDDOWN(R17/1.1,0)) -> 0 | AE18: 小計（消費税税抜相当額） | AF18: =ROUNDDOWN(AF17/1.1,0) -> 0 | AG18: =IF(AG10="食材費",ROUNDDOWN(AG17/1.08,0),ROUNDDOWN(AG17/1.1,0)) -> 0 | AT18: 小計（消費税税抜相当額） | AU18: =ROUNDDOWN(AU17/1.1,0) -> 0 | AV18: =IF(AV10="食材費",ROUNDDOWN(AV17/1.08,0),ROUNDDOWN(AV17/1.1,0)) -> 0 | BI18: 小計（消費税税抜相当額） | BJ18: =ROUNDDOWN(BJ17/1.1,0) -> 0 | BK18: =IF(BK10="食材費",ROUNDDOWN(BK17/1.08,0),ROUNDDOWN(BK17/1.1,0)) -> 0 | BX18: 小計（消費税税抜相当額） | BY18: =ROUNDDOWN(BY17/1.1,0) -> 0 | BZ18: =IF(BZ10="食材費",ROUNDDOWN(BZ17/1.08,0),ROUNDDOWN(BZ17/1.1,0)) -> 0 | CM18: 小計（消費税税抜相当額） | CN18: =ROUNDDOWN(CN17/1.1,0) -> 0 | CO18: =IF(CO10="食材費",ROUNDDOWN(CO17/1.08,0),ROUNDDOWN(CO17/1.1,0)) -> 0 | DB18: 小計（消費税税抜相当額） | DC18: =ROUNDDOWN(DC17/1.1,0) -> 0 | DD18: =IF(DD10="食材費",ROUNDDOWN(DD17/1.08,0),ROUNDDOWN(DD17/1.1,0)) -> 0 | DQ18: 小計（消費税税抜相当額） | DR18: =ROUNDDOWN(DR17/1.1,0) -> 0 | DS18: =IF(DS10="食材費",ROUNDDOWN(DS17/1.08,0),ROUNDDOWN(DS17/1.1,0)) -> 0 | EF18: 小計（消費税税抜相当額） | EG18: =ROUNDDOWN(EG17/1.1,0) -> 0 | EH18: =IF(EH10="食材費",ROUNDDOWN(EH17/1.08,0),ROUNDDOWN(EH17/1.1,0)) -> 0 | EU18: 小計（消費税税抜相当額） | EV18: =ROUNDDOWN(EV17/1.1,0) -> 0 | EW18: =IF(EW10="食材費",ROUNDDOWN(EW17/1.08,0),ROUNDDOWN(EW17/1.1,0)) -> 0 | FJ18: 小計（消費税税抜相当額） | FK18: =ROUNDDOWN(FK17/1.1,0) -> 0 | FL18: =IF(FL10="食材費",ROUNDDOWN(FL17/1.08,0),ROUNDDOWN(FL17/1.1,0)) -> 0 | FY18: 小計（消費税税抜相当額） | FZ18: =ROUNDDOWN(FZ17/1.1,0) -> 0 | GA18: =IF(GA10="食材費",ROUNDDOWN(GA17/1.08,0),ROUNDDOWN(GA17/1.1,0)) -> 0 | GN18: 小計（消費税税抜相当額） | GO18: =ROUNDDOWN(GO17/1.1,0) -> 0 | GP18: =IF(GP10="食材費",ROUNDDOWN(GP17/1.08,0),ROUNDDOWN(GP17/1.1,0)) -> 0 | HC18: 小計（消費税税抜相当額） | HD18: =ROUNDDOWN(HD17/1.1,0) -> 0 | HE18: =IF(HE10="食材費",ROUNDDOWN(HE17/1.08,0),ROUNDDOWN(HE17/1.1,0)) -> 0
A19: 合計（消費税税抜相当額） | B19: =ROUNDDOWN(SUM(B18:C18),0) -> 0 | P19: 合計（消費税税抜相当額） | Q19: =ROUNDDOWN(SUM(Q18:R18),0) -> 0 | AE19: 合計（消費税税抜相当額） | AF19: =ROUNDDOWN(SUM(AF18:AG18),0) -> 0 | AT19: 合計（消費税税抜相当額） | AU19: =ROUNDDOWN(SUM(AU18:AV18),0) -> 0 | BI19: 合計（消費税税抜相当額） | BJ19: =ROUNDDOWN(SUM(BJ18:BK18),0) -> 0 | BX19: 合計（消費税税抜相当額） | BY19: =ROUNDDOWN(SUM(BY18:BZ18),0) -> 0 | CM19: 合計（消費税税抜相当額） | CN19: =ROUNDDOWN(SUM(CN18:CO18),0) -> 0 | DB19: 合計（消費税税抜相当額） | DC19: =ROUNDDOWN(SUM(DC18:DD18),0) -> 0 | DQ19: 合計（消費税税抜相当額） | DR19: =ROUNDDOWN(SUM(DR18:DS18),0) -> 0 | EF19: 合計（消費税税抜相当額） | EG19: =ROUNDDOWN(SUM(EG18:EH18),0) -> 0 | EU19: 合計（消費税税抜相当額） | EV19: =ROUNDDOWN(SUM(EV18:EW18),0) -> 0 | FJ19: 合計（消費税税抜相当額） | FK19: =ROUNDDOWN(SUM(FK18:FL18),0) -> 0 | FY19: 合計（消費税税抜相当額） | FZ19: =ROUNDDOWN(SUM(FZ18:GA18),0) -> 0 | GN19: 合計（消費税税抜相当額） | GO19: =ROUNDDOWN(SUM(GO18:GP18),0) -> 0 | HC19: 合計（消費税税抜相当額） | HD19: =ROUNDDOWN(SUM(HD18:HE18),0) -> 0
C20: =IF(C10="燃料費","※「燃料費」は、ガソリン及び軽油にかかる費用を指す。","") | R20: =IF(R10="燃料費","※「燃料費」は、ガソリン及び軽油にかかる費用を指す。","") | AG20: =IF(AG10="燃料費","※「燃料費」は、ガソリン及び軽油にかかる費用を指す。","") | AV20: =IF(AV10="燃料費","※「燃料費」は、ガソリン及び軽油にかかる費用を指す。","") | BK20: =IF(BK10="燃料費","※「燃料費」は、ガソリン及び軽油にかかる費用を指す。","") | BZ20: =IF(BZ10="燃料費","※「燃料費」は、ガソリン及び軽油にかかる費用を指す。","") | CO20: =IF(CO10="燃料費","※「燃料費」は、ガソリン及び軽油にかかる費用を指す。","") | DD20: =IF(DD10="燃料費","※「燃料費」は、ガソリン及び軽油にかかる費用を指す。","") | DS20: =IF(DS10="燃料費","※「燃料費」は、ガソリン及び軽油にかかる費用を指す。","") | EH20: =IF(EH10="燃料費","※「燃料費」は、ガソリン及び軽油にかかる費用を指す。","") | EW20: =IF(EW10="燃料費","※「燃料費」は、ガソリン及び軽油にかかる費用を指す。","") | FL20: =IF(FL10="燃料費","※「燃料費」は、ガソリン及び軽油にかかる費用を指す。","") | GA20: =IF(GA10="燃料費","※「燃料費」は、ガソリン及び軽油にかかる費用を指す。","") | GP20: =IF(GP10="燃料費","※「燃料費」は、ガソリン及び軽油にかかる費用を指す。","") | HE20: =IF(HE10="燃料費","※「燃料費」は、ガソリン及び軽油にかかる費用を指す。","")
A22: ※補助対象期間中の費用を全て記載してください。 | P22: ※補助対象期間中の費用を全て記載してください。 | AE22: ※補助対象期間中の費用を全て記載してください。 | AT22: ※補助対象期間中の費用を全て記載してください。 | BI22: ※補助対象期間中の費用を全て記載してください。 | BX22: ※補助対象期間中の費用を全て記載してください。 | CM22: ※補助対象期間中の費用を全て記載してください。 | DB22: ※補助対象期間中の費用を全て記載してください。 | DQ22: ※補助対象期間中の費用を全て記載してください。 | EF22: ※補助対象期間中の費用を全て記載してください。 | EU22: ※補助対象期間中の費用を全て記載してください。 | FJ22: ※補助対象期間中の費用を全て記載してください。 | FY22: ※補助対象期間中の費用を全て記載してください。 | GN22: ※補助対象期間中の費用を全て記載してください。 | HC22: ※補助対象期間中の費用を全て記載してください。
A23: ※使用した費用の分かる領収書等は事業所で必ず保管してください。 | P23: ※使用した費用の分かる領収書等は事業所で必ず保管してください。 | AE23: ※使用した費用の分かる領収書等は事業所で必ず保管してください。 | AT23: ※使用した費用の分かる領収書等は事業所で必ず保管してください。 | BI23: ※使用した費用の分かる領収書等は事業所で必ず保管してください。 | BX23: ※使用した費用の分かる領収書等は事業所で必ず保管してください。 | CM23: ※使用した費用の分かる領収書等は事業所で必ず保管してください。 | DB23: ※使用した費用の分かる領収書等は事業所で必ず保管してください。 | DQ23: ※使用した費用の分かる領収書等は事業所で必ず保管してください。 | EF23: ※使用した費用の分かる領収書等は事業所で必ず保管してください。 | EU23: ※使用した費用の分かる領収書等は事業所で必ず保管してください。 | FJ23: ※使用した費用の分かる領収書等は事業所で必ず保管してください。 | FY23: ※使用した費用の分かる領収書等は事業所で必ず保管してください。 | GN23: ※使用した費用の分かる領収書等は事業所で必ず保管してください。 | HC23: ※使用した費用の分かる領収書等は事業所で必ず保管してください。
A24: ※原則、支払った月の額を記入してください。 | P24: ※原則、支払った月の額を記入してください。 | AE24: ※原則、支払った月の額を記入してください。 | AT24: ※原則、支払った月の額を記入してください。 | BI24: ※原則、支払った月の額を記入してください。 | BX24: ※原則、支払った月の額を記入してください。 | CM24: ※原則、支払った月の額を記入してください。 | DB24: ※原則、支払った月の額を記入してください。 | DQ24: ※原則、支払った月の額を記入してください。 | EF24: ※原則、支払った月の額を記入してください。 | EU24: ※原則、支払った月の額を記入してください。 | FJ24: ※原則、支払った月の額を記入してください。 | FY24: ※原則、支払った月の額を記入してください。 | GN24: ※原則、支払った月の額を記入してください。 | HC24: ※原則、支払った月の額を記入してください。

Sheet 別紙3 受給状況
C1: 別紙3 | R1: 別紙3-2 | AG1: 別紙3-3 | AV1: 別紙3-4 | BK1: 別紙3-5 | BZ1: 別紙3-6 | CO1: 別紙3-7 | DD1: 別紙3-8 | DS1: 別紙3-9 | EH1: 別紙3-10 | EX1: 別紙3-11 | FL1: 別紙3-12 | GA1: 別紙3-13 | GP1: 別紙3-14 | HE1: 別紙3-15
I2: 法人名 | J2: ='別紙1 実績調書'!M2 -> 0 | X2: 法人名 | Y2: ='別紙1 実績調書'!AB2 -> 0 | AM2: 法人名 | AN2: ='別紙1 実績調書'!AQ2 -> 0 | BB2: 法人名 | BC2: ='別紙1 実績調書'!BF2 -> 0 | BQ2: 法人名 | BR2: ='別紙1 実績調書'!BU2 -> 0 | CF2: 法人名 | CG2: ='別紙1 実績調書'!CJ2 -> 0 | CU2: 法人名 | CV2: ='別紙1 実績調書'!CY2 -> 0 | DJ2: 法人名 | DK2: ='別紙1 実績調書'!DN2 -> 0 | DY2: 法人名 | DZ2: ='別紙1 実績調書'!EC2 -> 0 | EN2: 法人名 | EO2: ='別紙1 実績調書'!ER2 -> 0 | FD2: 法人名 | FE2: ='別紙1 実績調書'!FG2 -> 0 | FR2: 法人名 | FS2: ='別紙1 実績調書'!FV2 -> 0 | GG2: 法人名 | GH2: ='別紙1 実績調書'!GK2 -> 0 | GV2: 法人名 | GW2: ='別紙1 実績調書'!GZ2 -> 0 | HK2: 法人名 | HL2: ='別紙1 実績調書'!HO2 -> 0
I3: 施設等の名称 | J3: ='別紙1 実績調書'!M3 -> 0 | X3: 施設等の名称 | Y3: ='別紙1 実績調書'!AB3 -> 0 | AM3: 施設等の名称 | AN3: ='別紙1 実績調書'!AQ3 -> 0 | BB3: 施設等の名称 | BC3: ='別紙1 実績調書'!BF3 -> 0 | BQ3: 施設等の名称 | BR3: ='別紙1 実績調書'!BU3 -> 0 | CF3: 施設等の名称 | CG3: ='別紙1 実績調書'!CJ3 -> 0 | CU3: 施設等の名称 | CV3: ='別紙1 実績調書'!CY3 -> 0 | DJ3: 施設等の名称 | DK3: ='別紙1 実績調書'!DN3 -> 0 | DY3: 施設等の名称 | DZ3: ='別紙1 実績調書'!EC3 -> 0 | EN3: 施設等の名称 | EO3: ='別紙1 実績調書'!ER3 -> 0 | FD3: 施設等の名称 | FE3: ='別紙1 実績調書'!FG3 -> 0 | FR3: 施設等の名称 | FS3: ='別紙1 実績調書'!FV3 -> 0 | GG3: 施設等の名称 | GH3: ='別紙1 実績調書'!GK3 -> 0 | GV3: 施設等の名称 | GW3: ='別紙1 実績調書'!GZ3 -> 0 | HK3: 施設等の名称 | HL3: ='別紙1 実績調書'!HO3 -> 0
I4: 施設種別 | J4: ='別紙1 実績調書'!M4 -> 0 | X4: 施設種別 | Y4: ='別紙1 実績調書'!AB4 -> 0 | AM4: 施設種別 | AN4: ='別紙1 実績調書'!AQ4 -> 0 | BB4: 施設種別 | BC4: ='別紙1 実績調書'!BF4 -> 0 | BQ4: 施設種別 | BR4: ='別紙1 実績調書'!BU4 -> 0 | CF4: 施設種別 | CG4: ='別紙1 実績調書'!CJ4 -> 0 | CU4: 施設種別 | CV4: ='別紙1 実績調書'!CY4 -> 0 | DJ4: 施設種別 | DK4: ='別紙1 実績調書'!DN4 -> 0 | DY4: 施設種別 | DZ4: ='別紙1 実績調書'!EC4 -> 0 | EN4: 施設種別 | EO4: ='別紙1 実績調書'!ER4 -> 0 | FD4: 施設種別 | FE4: ='別紙1 実績調書'!FG4 -> 0 | FR4: 施設種別 | FS4: ='別紙1 実績調書'!FV4 -> 0 | GG4: 施設種別 | GH4: ='別紙1 実績調書'!GK4 -> 0 | GV4: 施設種別 | GW4: ='別紙1 実績調書'!GZ4 -> 0 | HK4: 施設種別 | HL4: ='別紙1 実績調書'!HO4 -> 0
I5: 事業者番号 | J5: ='別紙1 実績調書'!M5 -> 0 | X5: 事業者番号 | Y5: ='別紙1 実績調書'!AB5 -> 0 | AM5: 事業者番号 | AN5: ='別紙1 実績調書'!AQ5 -> 0 | BB5: 事業者番号 | BC5: ='別紙1 実績調書'!BF5 -> 0 | BQ5: 事業者番号 | BR5: ='別紙1 実績調書'!BU5 -> 0 | CF5: 事業者番号 | CG5: ='別紙1 実績調書'!CJ5 -> 0 | CU5: 事業者番号 | CV5: ='別紙1 実績調書'!CY5 -> 0 | DJ5: 事業者番号 | DK5: ='別紙1 実績調書'!DN5 -> 0 | DY5: 事業者番号 | DZ5: ='別紙1 実績調書'!EC5 -> 0 | EN5: 事業者番号 | EO5: ='別紙1 実績調書'!ER5 -> 0 | FD5: 事業者番号 | FE5: ='別紙1 実績調書'!FG5 -> 0 | FR5: 事業者番号 | FS5: ='別紙1 実績調書'!FV5 -> 0 | GG5: 事業者番号 | GH5: ='別紙1 実績調書'!GK5 -> 0 | GV5: 事業者番号 | GW5: ='別紙1 実績調書'!GZ5 -> 0 | HK5: 事業者番号 | HL5: ='別紙1 実績調書'!HO5 -> 0
C7: 確認事項 | R7: 確認事項 | AG7: 確認事項 | AV7: 確認事項 | BK7: 確認事項 | BZ7: 確認事項 | CO7: 確認事項 | DD7: 確認事項 | DS7: 確認事項 | EH7: 確認事項 | EX7: 確認事項 | FL7: 確認事項 | GA7: 確認事項 | GP7: 確認事項 | HE7: 確認事項
C9: （１）確認事項 | R9: （１）確認事項 | AG9: （１）確認事項 | AV9: （１）確認事項 | BK9: （１）確認事項 | BZ9: （１）確認事項 | CO9: （１）確認事項 | DD9: （１）確認事項 | DS9: （１）確認事項 | EH9: （１）確認事項 | EX9: （１）確認事項 | FL9: （１）確認事項 | GA9: （１）確認事項 | GP9: （１）確認事項 | HE9: （１）確認事項
C10: 以下の事項について、確認したことを法人代表又は施設代表として証明します。 | R10: 以下の事項について、確認したことを法人代表又は施設代表として証明します。 | AG10: 以下の事項について、確認したことを法人代表又は施設代表として証明します。 | AV10: 以下の事項について、確認したことを法人代表又は施設代表として証明します。 | BK10: 以下の事項について、確認したことを法人代表又は施設代表として証明します。 | BZ10: 以下の事項について、確認したことを法人代表又は施設代表として証明します。 | CO10: 以下の事項について、確認したことを法人代表又は施設代表として証明します。 | DD10: 以下の事項について、確認したことを法人代表又は施設代表として証明します。 | DS10: 以下の事項について、確認したことを法人代表又は施設代表として証明します。 | EH10: 以下の事項について、確認したことを法人代表又は施設代表として証明します。 | EX10: 以下の事項について、確認したことを法人代表又は施設代表として証明します。 | FL10: 以下の事項について、確認したことを法人代表又は施設代表として証明します。 | GA10: 以下の事項について、確認したことを法人代表又は施設代表として証明します。 | GP10: 以下の事項について、確認したことを法人代表又は施設代表として証明します。 | HE10: 以下の事項について、確認したことを法人代表又は施設代表として証明します。
D11: 本補助金と対象経費を重複して、他の地方公共団体等及び他の事業から補助金の交付を受けていない。 | S11: 本補助金と対象経費を重複して、他の地方公共団体等及び他の事業から補助金の交付を受けていない。 | AH11: 本補助金と対象経費を重複して、他の地方公共団体等及び他の事業から補助金の交付を受けていない。 | AW11: 本補助金と対象経費を重複して、他の地方公共団体等及び他の事業から補助金の交付を受けていない。 | BL11: 本補助金と対象経費を重複して、他の地方公共団体等及び他の事業から補助金の交付を受けていない。 | CA11: 本補助金と対象経費を重複して、他の地方公共団体等及び他の事業から補助金の交付を受けていない。 | CP11: 本補助金と対象経費を重複して、他の地方公共団体等及び他の事業から補助金の交付を受けていない。 | DE11: 本補助金と対象経費を重複して、他の地方公共団体等及び他の事業から補助金の交付を受けていない。 | DT11: 本補助金と対象経費を重複して、他の地方公共団体等及び他の事業から補助金の交付を受けていない。 | EI11: 本補助金と対象経費を重複して、他の地方公共団体等及び他の事業から補助金の交付を受けていない。 | EY11: 本補助金と対象経費を重複して、他の地方公共団体等及び他の事業から補助金の交付を受けていない。 | FM11: 本補助金と対象経費を重複して、他の地方公共団体等及び他の事業から補助金の交付を受けていない。 | GB11: 本補助金と対象経費を重複して、他の地方公共団体等及び他の事業から補助金の交付を受けていない。 | GQ11: 本補助金と対象経費を重複して、他の地方公共団体等及び他の事業から補助金の交付を受けていない。 | HF11: 本補助金と対象経費を重複して、他の地方公共団体等及び他の事業から補助金の交付を受けていない。
D12: 受けている場合は、すべて（２）に記載している。（「(B)重複分相当額」が０の場合は、今回申請する本補助金との重複がない。） | S12: 受けている場合は、すべて（２）に記載している。（「(B)重複分相当額」が０の場合は、今回申請する本補助金との重複がない。） | AH12: 受けている場合は、すべて（２）に記載している。（「(B)重複分相当額」が０の場合は、今回申請する本補助金との重複がない。） | AW12: 受けている場合は、すべて（２）に記載している。（「(B)重複分相当額」が０の場合は、今回申請する本補助金との重複がない。） | BL12: 受けている場合は、すべて（２）に記載している。（「(B)重複分相当額」が０の場合は、今回申請する本補助金との重複がない。） | CA12: 受けている場合は、すべて（２）に記載している。（「(B)重複分相当額」が０の場合は、今回申請する本補助金との重複がない。） | CP12: 受けている場合は、すべて（２）に記載している。（「(B)重複分相当額」が０の場合は、今回申請する本補助金との重複がない。） | DE12: 受けている場合は、すべて（２）に記載している。（「(B)重複分相当額」が０の場合は、今回申請する本補助金との重複がない。） | DT12: 受けている場合は、すべて（２）に記載している。（「(B)重複分相当額」が０の場合は、今回申請する本補助金との重複がない。） | EI12: 受けている場合は、すべて（２）に記載している。（「(B)重複分相当額」が０の場合は、今回申請する本補助金との重複がない。） | EY12: 受けている場合は、すべて（２）に記載している。（「(B)重複分相当額」が０の場合は、今回申請する本補助金との重複がない。） | FM12: 受けている場合は、すべて（２）に記載している。（「(B)重複分相当額」が０の場合は、今回申請する本補助金との重複がない。） | GB12: 受けている場合は、すべて（２）に記載している。（「(B)重複分相当額」が０の場合は、今回申請する本補助金との重複がない。） | GQ12: 受けている場合は、すべて（２）に記載している。（「(B)重複分相当額」が０の場合は、今回申請する本補助金との重複がない。） | HF12: 受けている場合は、すべて（２）に記載している。（「(B)重複分相当額」が０の場合は、今回申請する本補助金との重複がない。）
D13: 補助対象に使用した費用に係る領収書等の証拠書類は保存し、都から提供を求められた場合は、速やかに提出する。 | S13: 補助対象に使用した費用に係る領収書等の証拠書類は保存し、都から提供を求められた場合は、速やかに提出する。 | AH13: 補助対象に使用した費用に係る領収書等の証拠書類は保存し、都から提供を求められた場合は、速やかに提出する。 | AW13: 補助対象に使用した費用に係る領収書等の証拠書類は保存し、都から提供を求められた場合は、速やかに提出する。 | BL13: 補助対象に使用した費用に係る領収書等の証拠書類は保存し、都から提供を求められた場合は、速やかに提出する。 | CA13: 補助対象に使用した費用に係る領収書等の証拠書類は保存し、都から提供を求められた場合は、速やかに提出する。 | CP13: 補助対象に使用した費用に係る領収書等の証拠書類は保存し、都から提供を求められた場合は、速やかに提出する。 | DE13: 補助対象に使用した費用に係る領収書等の証拠書類は保存し、都から提供を求められた場合は、速やかに提出する。 | DT13: 補助対象に使用した費用に係る領収書等の証拠書類は保存し、都から提供を求められた場合は、速やかに提出する。 | EI13: 補助対象に使用した費用に係る領収書等の証拠書類は保存し、都から提供を求められた場合は、速やかに提出する。 | EY13: 補助対象に使用した費用に係る領収書等の証拠書類は保存し、都から提供を求められた場合は、速やかに提出する。 | FM13: 補助対象に使用した費用に係る領収書等の証拠書類は保存し、都から提供を求められた場合は、速やかに提出する。 | GB13: 補助対象に使用した費用に係る領収書等の証拠書類は保存し、都から提供を求められた場合は、速やかに提出する。 | GQ13: 補助対象に使用した費用に係る領収書等の証拠書類は保存し、都から提供を求められた場合は、速やかに提出する。 | HF13: 補助対象に使用した費用に係る領収書等の証拠書類は保存し、都から提供を求められた場合は、速やかに提出する。
D14: 都が補助金の交付の決定を取り消した場合、補助金の交付後であっても返還に応じる。 | S14: 都が補助金の交付の決定を取り消した場合、補助金の交付後であっても返還に応じる。 | AH14: 都が補助金の交付の決定を取り消した場合、補助金の交付後であっても返還に応じる。 | AW14: 都が補助金の交付の決定を取り消した場合、補助金の交付後であっても返還に応じる。 | BL14: 都が補助金の交付の決定を取り消した場合、補助金の交付後であっても返還に応じる。 | CA14: 都が補助金の交付の決定を取り消した場合、補助金の交付後であっても返還に応じる。 | CP14: 都が補助金の交付の決定を取り消した場合、補助金の交付後であっても返還に応じる。 | DE14: 都が補助金の交付の決定を取り消した場合、補助金の交付後であっても返還に応じる。 | DT14: 都が補助金の交付の決定を取り消した場合、補助金の交付後であっても返還に応じる。 | EI14: 都が補助金の交付の決定を取り消した場合、補助金の交付後であっても返還に応じる。 | EY14: 都が補助金の交付の決定を取り消した場合、補助金の交付後であっても返還に応じる。 | FM14: 都が補助金の交付の決定を取り消した場合、補助金の交付後であっても返還に応じる。 | GB14: 都が補助金の交付の決定を取り消した場合、補助金の交付後であっても返還に応じる。 | GQ14: 都が補助金の交付の決定を取り消した場合、補助金の交付後であっても返還に応じる。 | HF14: 都が補助金の交付の決定を取り消した場合、補助金の交付後であっても返還に応じる。
C16: （２）他の補助金等（区市町村等が独自で実施する物価高騰対策に関する補助事業等）の受給状況 | J16: （円） | R16: （２）他の補助金等（区市町村等が独自で実施する物価高騰対策に関する補助事業等）の受給状況 | Y16: （円） | AG16: （２）他の補助金等（区市町村等が独自で実施する物価高騰対策に関する補助事業等）の受給状況 | AN16: （円） | AV16: （２）他の補助金等（区市町村等が独自で実施する物価高騰対策に関する補助事業等）の受給状況 | BC16: （円） | BK16: （２）他の補助金等（区市町村等が独自で実施する物価高騰対策に関する補助事業等）の受給状況 | BR16: （円） | BZ16: （２）他の補助金等（区市町村等が独自で実施する物価高騰対策に関する補助事業等）の受給状況 | CG16: （円） | CO16: （２）他の補助金等（区市町村等が独自で実施する物価高騰対策に関する補助事業等）の受給状況 | CV16: （円） | DD16: （２）他の補助金等（区市町村等が独自で実施する物価高騰対策に関する補助事業等）の受給状況 | DK16: （円） | DS16: （２）他の補助金等（区市町村等が独自で実施する物価高騰対策に関する補助事業等）の受給状況 | DZ16: （円） | EH16: （２）他の補助金等（区市町村等が独自で実施する物価高騰対策に関する補助事業等）の受給状況 | EO16: （円） | EX16: （２）他の補助金等（区市町村等が独自で実施する物価高騰対策に関する補助事業等）の受給状況 | FE16: （円） | FL16: （２）他の補助金等（区市町村等が独自で実施する物価高騰対策に関する補助事業等）の受給状況 | FS16: （円） | GA16: （２）他の補助金等（区市町村等が独自で実施する物価高騰対策に関する補助事業等）の受給状況 | GH16: （円） | GP16: （２）他の補助金等（区市町村等が独自で実施する物価高騰対策に関する補助事業等）の受給状況 | GW16: （円） | HE16: （２）他の補助金等（区市町村等が独自で実施する物価高騰対策に関する補助事業等）の受給状況 | HL16: （円）
C18: 他の補助金等の名称 | E18: （A）他の補助金等の受給額 | G18: （B）重複分相当額 | I18: （B）の算出方法 | R18: 他の補助金等の名称 | T18: （A）他の補助金等の受給額 | V18: （B）重複分相当額 | X18: （B）の算出方法 | AG18: 他の補助金等の名称 | AI18: （A）他の補助金等の受給額 | AK18: （B）重複分相当額 | AM18: （B）の算出方法 | AV18: 他の補助金等の名称 | AX18: （A）他の補助金等の受給額 | AZ18: （B）重複分相当額 | BB18: （B）の算出方法 | BK18: 他の補助金等の名称 | BM18: （A）他の補助金等の受給額 | BO18: （B）重複分相当額 | BQ18: （B）の算出方法 | BZ18: 他の補助金等の名称 | CB18: （A）他の補助金等の受給額 | CD18: （B）重複分相当額 | CF18: （B）の算出方法 | CO18: 他の補助金等の名称 | CQ18: （A）他の補助金等の受給額 | CS18: （B）重複分相当額 | CU18: （B）の算出方法 | DD18: 他の補助金等の名称 | DF18: （A）他の補助金等の受給額 | DH18: （B）重複分相当額 | DJ18: （B）の算出方法 | DS18: 他の補助金等の名称 | DU18: （A）他の補助金等の受給額 | DW18: （B）重複分相当額 | DY18: （B）の算出方法 | EH18: 他の補助金等の名称 | EJ18: （A）他の補助金等の受給額 | EL18: （B）重複分相当額 | EN18: （B）の算出方法 | EX18: 他の補助金等の名称 | EZ18: （A）他の補助金等の受給額 | FB18: （B）重複分相当額 | FD18: （B）の算出方法 | FL18: 他の補助金等の名称 | FN18: （A）他の補助金等の受給額 | FP18: （B）重複分相当額 | FR18: （B）の算出方法 | GA18: 他の補助金等の名称 | GC18: （A）他の補助金等の受給額 | GE18: （B）重複分相当額 | GG18: （B）の算出方法 | GP18: 他の補助金等の名称 | GR18: （A）他の補助金等の受給額 | GT18: （B）重複分相当額 | GV18: （B）の算出方法 | HE18: 他の補助金等の名称 | HG18: （A）他の補助金等の受給額 | HI18: （B）重複分相当額 | HK18: （B）の算出方法
E20: 0 | T20: 0 | AI20: 0 | AX20: 0 | BM20: 0 | CB20: 0 | CQ20: 0 | DF20: 0 | DU20: 0 | EJ20: 0 | EZ20: 0 | FN20: 0 | GC20: 0 | GR20: 0 | HG20: 0
C22: 合計 | E22: =SUM(E19:F21) -> 0 | G22: =SUM(G19:H21) -> 0 | R22: 合計 | T22: =SUM(T19:U21) -> 0 | V22: =SUM(V19:W21) -> 0 | AG22: 合計 | AI22: =SUM(AI19:AJ21) -> 0 | AK22: =SUM(AK19:AL21) -> 0 | AV22: 合計 | AX22: =SUM(AX19:AY21) -> 0 | AZ22: =SUM(AZ19:BA21) -> 0 | BK22: 合計 | BM22: =SUM(BM19:BN21) -> 0 | BO22: =SUM(BO19:BP21) -> 0 | BZ22: 合計 | CB22: =SUM(CB19:CC21) -> 0 | CD22: =SUM(CD19:CE21) -> 0 | CO22: 合計 | CQ22: =SUM(CQ19:CR21) -> 0 | CS22: =SUM(CS19:CT21) -> 0 | DD22: 合計 | DF22: =SUM(DF19:DG21) -> 0 | DH22: =SUM(DH19:DI21) -> 0 | DS22: 合計 | DU22: =SUM(DU19:DV21) -> 0 | DW22: =SUM(DW19:DX21) -> 0 | EH22: 合計 | EJ22: =SUM(EJ19:EK21) -> 0 | EL22: =SUM(EL19:EM21) -> 0 | EX22: 合計 | EZ22: =SUM(EZ19:FA21) -> 0 | FB22: =SUM(FB19:FC21) -> 0 | FL22: 合計 | FN22: =SUM(FN19:FO21) -> 0 | FP22: =SUM(FP19:FQ21) -> 0 | GA22: 合計 | GC22: =SUM(GC19:GD21) -> 0 | GE22: =SUM(GE19:GF21) -> 0 | GP22: 合計 | GR22: =SUM(GR19:GS21) -> 0 | GT22: =SUM(GT19:GU21) -> 0 | HE22: 合計 | HG22: =SUM(HG19:HH21) -> 0 | HI22: =SUM(HI19:HJ21) -> 0
E23: ※本事業の対象経費について、区市町村等が独自で実施する物価高騰対策に関する補助金等を受給している場合は記載 | T23: ※本事業の対象経費について、区市町村等が独自で実施する物価高騰対策に関する補助金等を受給している場合は記載 | AI23: ※本事業の対象経費について、区市町村等が独自で実施する物価高騰対策に関する補助金等を受給している場合は記載 | AX23: ※本事業の対象経費について、区市町村等が独自で実施する物価高騰対策に関する補助金等を受給している場合は記載 | BM23: ※本事業の対象経費について、区市町村等が独自で実施する物価高騰対策に関する補助金等を受給している場合は記載 | CB23: ※本事業の対象経費について、区市町村等が独自で実施する物価高騰対策に関する補助金等を受給している場合は記載 | CQ23: ※本事業の対象経費について、区市町村等が独自で実施する物価高騰対策に関する補助金等を受給している場合は記載 | DF23: ※本事業の対象経費について、区市町村等が独自で実施する物価高騰対策に関する補助金等を受給している場合は記載 | DU23: ※本事業の対象経費について、区市町村等が独自で実施する物価高騰対策に関する補助金等を受給している場合は記載 | EJ23: ※本事業の対象経費について、区市町村等が独自で実施する物価高騰対策に関する補助金等を受給している場合は記載 | EZ23: ※本事業の対象経費について、区市町村等が独自で実施する物価高騰対策に関する補助金等を受給している場合は記載 | FN23: ※本事業の対象経費について、区市町村等が独自で実施する物価高騰対策に関する補助金等を受給している場合は記載 | GC23: ※本事業の対象経費について、区市町村等が独自で実施する物価高騰対策に関する補助金等を受給している場合は記載 | GR23: ※本事業の対象経費について、区市町村等が独自で実施する物価高騰対策に関する補助金等を受給している場合は記載 | HG23: ※本事業の対象経費について、区市町村等が独自で実施する物価高騰対策に関する補助金等を受給している場合は記載

Sheet (参考)申請金額総括表
A1: 参考様式
A3: 申請金額総括表
E5: 所在地 | F5: =IF('１号様式(交付申請)'!N9="","",'１号様式(交付申請)'!N9)
E6: 法人名 | F6: =IF('１号様式(交付申請)'!R10="","",'１号様式(交付申請)'!R10)
B9: 番号 | C9: 施設等の名称 | E9: 施設種別 | F9: 事業者番号 | G9: 申請金額
B10: 1 | C10: =IF('別紙1 実績調書'!M3="","",'別紙1 実績調書'!M3) | E10: =IF('別紙1 実績調書'!M4="","",'別紙1 実績調書'!M4) | F10: =IF('別紙1 実績調書'!M5="","",'別紙1 実績調書'!M5) | G10: =IF('別紙1 実績調書'!M10="","",'別紙1 実績調書'!M10) -> 0
B11: 2 | C11: =IF('別紙1 実績調書'!AB3="","",'別紙1 実績調書'!AB3) | E11: =IF('別紙1 実績調書'!AB4="","",'別紙1 実績調書'!AB4) | F11: =IF('別紙1 実績調書'!AB5="","",'別紙1 実績調書'!AB5) | G11: =IF('別紙1 実績調書'!AB10="","",'別紙1 実績調書'!AB10) -> 0
B12: 3 | C12: =IF('別紙1 実績調書'!AQ3="","",'別紙1 実績調書'!AQ3) | E12: =IF('別紙1 実績調書'!AQ4="","",'別紙1 実績調書'!AQ4) | F12: =IF('別紙1 実績調書'!AQ5="","",'別紙1 実績調書'!AQ5) | G12: =IF('別紙1 実績調書'!AQ10="","",'別紙1 実績調書'!AQ10) -> 0
B13: 4 | C13: =IF('別紙1 実績調書'!BF3="","",'別紙1 実績調書'!BF3) | E13: =IF('別紙1 実績調書'!BF4="","",'別紙1 実績調書'!BF4) | F13: =IF('別紙1 実績調書'!BF5="","",'別紙1 実績調書'!BF5) | G13: =IF('別紙1 実績調書'!BF10="","",'別紙1 実績調書'!BF10) -> 0
B14: 5 | C14: =IF('別紙1 実績調書'!BU3="","",'別紙1 実績調書'!BU3) | E14: =IF('別紙1 実績調書'!BU4="","",'別紙1 実績調書'!BU4) | F14: =IF('別紙1 実績調書'!BU5="","",'別紙1 実績調書'!BU5) | G14: =IF('別紙1 実績調書'!BU10="","",'別紙1 実績調書'!BU10) -> 0
B15: 6 | C15: =IF('別紙1 実績調書'!CJ3="","",'別紙1 実績調書'!CJ3) | E15: =IF('別紙1 実績調書'!CJ4="","",'別紙1 実績調書'!CJ4) | F15: =IF('別紙1 実績調書'!CJ5="","",'別紙1 実績調書'!CJ5) | G15: =IF('別紙1 実績調書'!CJ10="","",'別紙1 実績調書'!CJ10) -> 0
B16: 7 | C16: =IF('別紙1 実績調書'!CY3="","",'別紙1 実績調書'!CY3) | E16: =IF('別紙1 実績調書'!CY4="","",'別紙1 実績調書'!CY4) | F16: =IF('別紙1 実績調書'!CY5="","",'別紙1 実績調書'!CY5) | G16: =IF('別紙1 実績調書'!CY10="","",'別紙1 実績調書'!CY10) -> 0
B17: 8 | C17: =IF('別紙1 実績調書'!DN3="","",'別紙1 実績調書'!DN3) | E17: =IF('別紙1 実績調書'!DN4="","",'別紙1 実績調書'!DN4) | F17: =IF('別紙1 実績調書'!DN5="","",'別紙1 実績調書'!DN5) | G17: =IF('別紙1 実績調書'!DN10="","",'別紙1 実績調書'!DN10) -> 0
B18: 9 | C18: =IF('別紙1 実績調書'!EC3="","",'別紙1 実績調書'!EC3) | E18: =IF('別紙1 実績調書'!EC4="","",'別紙1 実績調書'!EC4) | F18: =IF('別紙1 実績調書'!EC5="","",'別紙1 実績調書'!EC5) | G18: =IF('別紙1 実績調書'!EC10="","",'別紙1 実績調書'!EC10) -> 0
B19: 10 | C19: =IF('別紙1 実績調書'!ER3="","",'別紙1 実績調書'!ER3) | E19: =IF('別紙1 実績調書'!ER4="","",'別紙1 実績調書'!ER4) | F19: =IF('別紙1 実績調書'!ER5="","",'別紙1 実績調書'!ER5) | G19: =IF('別紙1 実績調書'!ER10="","",'別紙1 実績調書'!ER10) -> 0
B20: 11 | C20: =IF('別紙1 実績調書'!FG3="","",'別紙1 実績調書'!FG3) | E20: =IF('別紙1 実績調書'!FG4="","",'別紙1 実績調書'!FG4) | F20: =IF('別紙1 実績調書'!FG5="","",'別紙1 実績調書'!FG5) | G20: =IF('別紙1 実績調書'!FG10="","",'別紙1 実績調書'!FG10) -> 0
B21: 12 | C21: =IF('別紙1 実績調書'!FV3="","",'別紙1 実績調書'!FV3) | E21: =IF('別紙1 実績調書'!FV4="","",'別紙1 実績調書'!FV4) | F21: =IF('別紙1 実績調書'!FV5="","",'別紙1 実績調書'!FV5) | G21: =IF('別紙1 実績調書'!FV10="","",'別紙1 実績調書'!FV10) -> 0
B22: 13 | C22: =IF('別紙1 実績調書'!GK3="","",'別紙1 実績調書'!GK3) | E22: =IF('別紙1 実績調書'!GK4="","",'別紙1 実績調書'!GK4) | F22: =IF('別紙1 実績調書'!GK5="","",'別紙1 実績調書'!GK5) | G22: =IF('別紙1 実績調書'!GK10="","",'別紙1 実績調書'!GK10) -> 0
B23: 14 | C23: =IF('別紙1 実績調書'!GZ3="","",'別紙1 実績調書'!GZ3) | E23: =IF('別紙1 実績調書'!GZ4="","",'別紙1 実績調書'!GZ4) | F23: =IF('別紙1 実績調書'!GZ5="","",'別紙1 実績調書'!GZ5) | G23: =IF('別紙1 実績調書'!GZ10="","",'別紙1 実績調書'!GZ10) -> 0
B24: 15 | C24: =IF('別紙1 実績調書'!HO3="","",'別紙1 実績調書'!HO3) | E24: =IF('別紙1 実績調書'!HO4="","",'別紙1 実績調書'!HO4) | F24: =IF('別紙1 実績調書'!HO5="","",'別紙1 実績調書'!HO5) | G24: =IF('別紙1 実績調書'!HO10="","",'別紙1 実績調書'!HO10) -> 0
B25: =F6 | E25: 合計 | G25: =SUM(G10:G24) -> 0
G27: =G25='１号様式(交付申請)'!O21 -> TRUE

Sheet ２号様式（請求書）
B1: 別記第２号様式
X3: 令和 | AB3: 年 月 日
C6: 東京都知事 殿
N8: 主たる事務所の所在地
N9: ='１号様式(交付申請)'!N9:AJ9 -> 0
N10: 法人名 | R10: ='１号様式(交付申請)'!R10:AJ10 -> 0
N11: 代表者職氏名 | R11: ='１号様式(交付申請)'!R11:AG11 -> 0 | AH11: 印
N14: 請 求 書
C18: 令和５年度障害者施設等物価高騰対策支援金について、下記のとおり請求します。
S21: 記
C23: １ | E23: 請求額 金 | O23: =IFERROR('１号様式(交付申請)'!O21,"") -> 0 | X23: 円
C26: ２ | E26: 支払金口座振替依頼
E27: 東京都から私に支給される令和５年度障害者施設等物価高騰対策支援金は、
E28: 下記の口座に口座振替の方法をもって振り込んでください。
E30: 振込先金融機関名 | M30: 本・支店名 | S30: 金融機関コード | X30: 支店コード | AC30: 預金種目
AG31: =IFERROR(VLOOKUP($AC$31,$AP$31:$AQ$33,2,FALSE),"") | AP31: 普通 | AQ31: 1
E32: 口座番号 | M32: 口座名義人(カタカナ) 30文字まで | AP32: 当座 | AQ32: 2
AP33: 貯蓄 | AQ33: 3 | AS33: 文字数 | AV33: =LEN(M33) -> 0
C35: ３ | E35: 添付書類
E36: 印鑑証明
C40: 連絡先 | H40: 担当部署 | O40: ='１号様式(交付申請)'!O35:AJ35 -> 0
H41: 担当者 | O41: ='１号様式(交付申請)'!O36:AJ36 -> 0
H42: 電 話 | O42: ='１号様式(交付申請)'!O37:AJ37 -> 0
H43: e-mail | O43: ='１号様式(交付申請)'!O38:AJ38 -> 0

Sheet 集計用
B2: 法人名 | C2: 法人所在地 | D2: 額の確定額 | E2: 金融機関コード | F2: 支店コード | G2: 預金種別 | H2: 口座番号 | I2: 名義人
B3: 施設名 | C3: 施設種別 | D3: 額の確定額 | E3: 事業者番号
A4: 1 | B4: ='１号様式(交付申請)'!R10 -> 0 | C4: ='１号様式(交付申請)'!N9 -> 0 | D4: ='１号様式(交付申請)'!O21 -> 0 | E4: ='２号様式（請求書）'!S31 -> 0 | F4: ='２号様式（請求書）'!X31 -> 0 | G4: ='２号様式（請求書）'!AG31 | H4: ='２号様式（請求書）'!E33 -> 0 | I4: ='２号様式（請求書）'!M33 -> 0
A5: 2 | B5: ='別紙1 実績調書'!M3 -> 0 | C5: ='別紙1 実績調書'!M4 -> 0 | D5: ='別紙1 実績調書'!M10 -> 0 | E5: ='別紙1 実績調書'!M5 -> 0
A6: 2 | B6: ='別紙1 実績調書'!AB3 -> 0 | C6: ='別紙1 実績調書'!AB4 -> 0 | D6: ='別紙1 実績調書'!AB10 -> 0 | E6: ='別紙1 実績調書'!AB5 -> 0
A7: 2 | B7: ='別紙1 実績調書'!AQ3 -> 0 | C7: ='別紙1 実績調書'!AQ4 -> 0 | D7: ='別紙1 実績調書'!AQ10 -> 0 | E7: ='別紙1 実績調書'!AQ5 -> 0
A8: 2 | B8: ='別紙1 実績調書'!BF3 -> 0 | C8: ='別紙1 実績調書'!BF4 -> 0 | D8: ='別紙1 実績調書'!BF10 -> 0 | E8: ='別紙1 実績調書'!BF5 -> 0
A9: 2 | B9: ='別紙1 実績調書'!BU3 -> 0 | C9: ='別紙1 実績調書'!BU4 -> 0 | D9: ='別紙1 実績調書'!BU10 -> 0 | E9: ='別紙1 実績調書'!BU5 -> 0
A10: 2 | B10: ='別紙1 実績調書'!CJ3 -> 0 | C10: ='別紙1 実績調書'!CJ4 -> 0 | D10: ='別紙1 実績調書'!CJ10 -> 0 | E10: ='別紙1 実績調書'!CJ5 -> 0
A11: 2 | B11: ='別紙1 実績調書'!CY3 -> 0 | C11: ='別紙1 実績調書'!CY4 -> 0 | D11: ='別紙1 実績調書'!CY10 -> 0 | E11: ='別紙1 実績調書'!CY5 -> 0
A12: 2 | B12: ='別紙1 実績調書'!DN3 -> 0 | C12: ='別紙1 実績調書'!DN4 -> 0 | D12: ='別紙1 実績調書'!DN10 -> 0 | E12: ='別紙1 実績調書'!DN5 -> 0
A13: 2 | B13: ='別紙1 実績調書'!EC3 -> 0 | C13: ='別紙1 実績調書'!EC4 -> 0 | D13: ='別紙1 実績調書'!EC10 -> 0 | E13: ='別紙1 実績調書'!EC5 -> 0
A14: 2 | B14: ='別紙1 実績調書'!ER3 -> 0 | C14: ='別紙1 実績調書'!ER4 -> 0 | D14: ='別紙1 実績調書'!ER10 -> 0 | E14: ='別紙1 実績調書'!ER5 -> 0
A15: 2 | B15: ='別紙1 実績調書'!FG3 -> 0 | C15: ='別紙1 実績調書'!FG4 -> 0 | D15: ='別紙1 実績調書'!FG10 -> 0 | E15: ='別紙1 実績調書'!FG5 -> 0
A16: 2 | B16: ='別紙1 実績調書'!FV3 -> 0 | C16: ='別紙1 実績調書'!FV4 -> 0 | D16: ='別紙1 実績調書'!FV10 -> 0 | E16: ='別紙1 実績調書'!FV5 -> 0
A17: 2 | B17: ='別紙1 実績調書'!GK3 -> 0 | C17: ='別紙1 実績調書'!GK4 -> 0 | D17: ='別紙1 実績調書'!GK10 -> 0 | E17: ='別紙1 実績調書'!GK5 -> 0
A18: 2 | B18: ='別紙1 実績調書'!GZ3 -> 0 | C18: ='別紙1 実績調書'!GZ4 -> 0 | D18: ='別紙1 実績調書'!GZ10 -> 0 | E18: ='別紙1 実績調書'!GZ5 -> 0
A19: 2 | B19: ='別紙1 実績調書'!HO3 -> 0 | C19: ='別紙1 実績調書'!HO4 -> 0 | D19: ='別紙1 実績調書'!HO10 -> 0 | E19: ='別紙1 実績調書'!HO5 -> 0
